Workbook

Sheet Detailed Dashboard
A1: Ticker | B1: Name (Click to Read Analysis) | C1: Stock Price | D1: Fair Value Price | E1: Percent Fair Value | F1: Dividend Yield | G1: Valuation Return | H1: Growth Return | I1: Expected Total Return | J1: Dividend Risk Score | K1: Retirement Suitability Score | L1: Forward EPS Estimate (or Similar Metric) | M1: Annual Dividend Payments | N1: Payout Ratio | O1: Years of Dividend Growth | P1: Dividend Growth Rate | Q1: Trailing 1-Year Total Return | R1: Security Type | S1: Sector | T1: Market Cap (millions) | U1: Last Report | V1: Analyst
A2: TCEHY | B2: =HYPERLINK("https://www.suredividend.com/sure-analysis-TCEHY/","Tencent Holdings Ltd.") -> 0 | C2: 64.07 | D2: 75 | E2: 0.85426667 | F2: 0.0042141408 | G2: 0.032003827 | H2: 0.18 | I2: 0.22119542 | J2: A | K2: C | L2: 3 | M2: 0.27 | N2: 0.09 | O2: 11 | P2: 0.20289863 | Q2: -0.1200495 | R2: Stock | S2: Communication Services | T2: 614064.43 | U2: 44427 | V2: Nikos Sismanis
A3: BMY | B3: =HYPERLINK("https://www.suredividend.com/sure-analysis-BMY/","Bristol-Myers Squibb Co.") -> 0 | C3: 56.94 | D3: 101 | E3: 0.56376238 | F3: 0.034422199 | G3: 0.12145224 | H3: 0.03 | I3: 0.17670108 | J3: A | K3: A | L3: 7.45 | M3: 1.96 | N3: 0.26308725 | O3: 11 | P3: 0.04987305 | Q3: -0.016836424 | R3: Stock | S3: Healthcare | T3: 129682.55 | U3: 44405 | V3: Nathan Parsh
A4: RGLD | B4: =HYPERLINK("https://www.suredividend.com/sure-analysis-RGLD/","Royal Gold, Inc.") -> 0 | C4: 98.25 | D4: 146 | E4: 0.67294521 | F4: 0.01221374 | G4: 0.082440565 | H4: 0.055 | I4: 0.15120573 | J4: A | K4: C | L4: 4.18 | M4: 1.2 | N4: 0.28708134 | O4: 20 | P4: 0.090430766 | Q4: -0.1827951 | R4: Stock | S4: Basic Materials | T4: 6495.4663 | U4: 44421 | V4: Quinn Mohammed
A5: ABM | B5: =HYPERLINK("https://www.suredividend.com/sure-analysis-ABM/","ABM Industries Inc.") -> 0 | C5: 44.84 | D5: 61 | E5: 0.73508197 | F5: 0.016949153 | G5: 0.063488618 | H5: 0.05 | I5: 0.12833005 | J5: A | K5: B | L5: 3.5 | M5: 0.76 | N5: 0.21714286 | O5: 53 | P5: 0.029754779 | Q5: 0.32208265 | R5: Stock | S5: Industrials | T5: 3035.2649 | U5: 44453 | V5: Jonathan Weber
A6: FDX | B6: =HYPERLINK("https://www.suredividend.com/sure-analysis-FDX/","Fedex Corp") -> 0 | C6: 227.98 | D6: 296 | E6: 0.7702027 | F6: 0.013159049 | G6: 0.053607837 | H6: 0.06 | I6: 0.12674731 | J6: A | K6: C | L6: 20.4 | M6: 3 | N6: 0.14705882 | O6: 1 | P6: 0.059752924 | Q6: -0.18464868 | R6: Stock | S6: Industrials | T6: 60865.741 | U6: 44464 | V6: Nikos Sismanis
A7: DCI | B7: =HYPERLINK("https://www.suredividend.com/sure-analysis-DCI/","Donaldson Co. Inc.") -> 0 | C7: 59.06 | D7: 64 | E7: 0.9228125 | F7: 0.014900102 | G7: 0.016195591 | H7: 0.09 | I7: 0.11990414 | J7: A | K7: B | L7: 2.65 | M7: 0.88 | N7: 0.33207547 | O7: 34 | P7: 0.07949692 | Q7: 0.16918338 | R7: Stock | S7: Industrials | T7: 7286.8784 | U7: 44444 | V7: Josh Arnold
A8: SLGN | B8: =HYPERLINK("https://www.suredividend.com/sure-analysis-SLGN/","Silgan Holdings Inc.") -> 0 | C8: 40.26 | D8: 43 | E8: 0.93627907 | F8: 0.013909588 | G8: 0.013255424 | H8: 0.09 | I8: 0.11671217 | J8: A | K8: C | L8: 3.07 | M8: 0.56 | N8: 0.18241042 | O8: 17 | P8: 0.099539654 | Q8: 0.036953435 | R8: Stock | S8: Basic Materials | T8: 4483.6735 | U8: 44405 | V8: Nikos Sismanis
A9: BDX | B9: =HYPERLINK("https://www.suredividend.com/sure-analysis-BDX/","Becton, Dickinson And Co.") -> 0 | C9: 238.45 | D9: 240 | E9: 0.99354167 | F9: 0.013923254 | G9: 0.0012966957 | H9: 0.1 | I9: 0.11385418 | J9: A | K9: B | L9: 12.9 | M9: 3.32 | N9: 0.25736434 | O9: 49 | P9: 0.1001278 | Q9: 0.031461809 | R9: Stock | S9: Healthcare | T9: 69258.784 | U9: 44419 | V9: Nathan Parsh
A10: PH | B10: =HYPERLINK("https://www.suredividend.com/sure-analysis-PH/","Parker-Hannifin Corp.") -> 0 | C10: 295.78 | D10: 289 | E10: 1.0234602 | F10: 0.013929272 | G10: -0.0046271111 | H10: 0.1 | I10: 0.10763443 | J10: A | K10: B | L10: 17.5 | M10: 4.12 | N10: 0.23542857 | O10: 65 | P10: 0.10015575 | Q10: 0.35561958 | R10: Stock | S10: Industrials | T10: 38303.574 | U10: 44447 | V10: Aristofanis Papadatos
A11: WBA | B11: =HYPERLINK("https://www.suredividend.com/sure-analysis-WBA/","Walgreens Boots Alliance Inc") -> 0 | C11: 48.4 | D11: 54 | E11: 0.8962963 | F11: 0.03946281 | G11: 0.022138342 | H11: 0.05 | I11: 0.10574986 | J11: A | K11: A | L11: 5.35 | M11: 1.91 | N11: 0.35700935 | O11: 46 | P11: 0.050198254 | Q11: 0.36053665 | R11: Stock | S11: Healthcare | T11: 42345.757 | U11: 44483 | V11: Eli Inkrot
A12: SWKS | B12: =HYPERLINK("https://www.suredividend.com/sure-analysis-SWKS/","Skyworks Solutions, Inc.") -> 0 | C12: 161.28 | D12: 156 | E12: 1.0338462 | F12: 0.013888889 | G12: -0.0066350855 | H12: 0.1 | I12: 0.10513386 | J12: A | K12: C | L12: 10.41 | M12: 2.24 | N12: 0.21517771 | O12: 7 | P12: 0.090220177 | Q12: 0.061155419 | R12: Stock | S12: Technology | T12: 26510.716 | U12: 44443 | V12: Felix Martinez
A13: CAH | B13: =HYPERLINK("https://www.suredividend.com/sure-analysis-CAH/","Cardinal Health, Inc.") -> 0 | C13: 47.63 | D13: 58 | E13: 0.8212069 | F13: 0.041150535 | G13: 0.040182355 | H13: 0.03 | I13: 0.10442883 | J13: A | K13: A | L13: 5.75 | M13: 1.96 | N13: 0.34086957 | O13: 34 | P13: 0.039594988 | Q13: 0.030420107 | R13: Stock | S13: Healthcare | T13: 13773.56 | U13: 44417 | V13: Eli Inkrot
A14: TNC | B14: =HYPERLINK("https://www.suredividend.com/sure-analysis-TNC/","Tennant Co.") -> 0 | C14: 76.62 | D14: 82 | E14: 0.93439024 | F14: 0.012007309 | G14: 0.013664742 | H14: 0.08 | I14: 0.10426985 | J14: A | K14: B | L14: 4.3 | M14: 0.92 | N14: 0.21395349 | O14: 48 | P14: 0.04925152 | Q14: 0.22859324 | R14: Stock | S14: Industrials | T14: 1439.4035 | U14: 44424 | V14: Jonathan Weber
A15: ABBV | B15: =HYPERLINK("https://www.suredividend.com/sure-analysis-ABBV/","Abbvie Inc") -> 0 | C15: 107.43 | D15: 126 | E15: 0.85261905 | F15: 0.048403612 | G15: 0.032402372 | H15: 0.03 | I15: 0.10407776 | J15: A | K15: A | L15: 12.57 | M15: 5.2 | N15: 0.41368337 | O15: 49 | P15: 0.050105534 | Q15: 0.32808723 | R15: Stock | S15: Healthcare | T15: 193205.3 | U15: 44410 | V15: Jonathan Weber
A16: SWK | B16: =HYPERLINK("https://www.suredividend.com/sure-analysis-SWK/","Stanley Black & Decker Inc") -> 0 | C16: 182.72 | D16: 190 | E16: 0.96168421 | F16: 0.017294221 | G16: 0.0078444368 | H16: 0.08 | I16: 0.10364879 | J16: A | K16: B | L16: 11.5 | M16: 3.16 | N16: 0.27478261 | O16: 53 | P16: 0.07985683 | Q16: 0.045469011 | R16: Stock | S16: Industrials | T16: 29605.319 | U16: 44404 | V16: Nathan Parsh
A17: ADM | B17: =HYPERLINK("https://www.suredividend.com/sure-analysis-ADM/","Archer Daniels Midland Co.") -> 0 | C17: 63.8 | D17: 72 | E17: 0.88611111 | F17: 0.023197492 | G17: 0.024477356 | H17: 0.06 | I17: 0.10363142 | J17: A | K17: A | L17: 4.77 | M17: 1.48 | N17: 0.31027254 | O17: 46 | P17: 0.030512695 | Q17: 0.31766558 | R17: Stock | S17: Consumer Defensive | T17: 35729 | U17: 44426 | V17: Felix Martinez
A18: EFSI | B18: =HYPERLINK("https://www.suredividend.com/sure-analysis-EFSI/","Eagle Financial Services, Inc.") -> 0 | C18: 33.7 | D18: 37 | E18: 0.91081081 | F18: 0.033234421 | G18: 0.018859653 | H18: 0.055 | I18: 0.10201273 | J18: A | K18: A | L18: 3.4 | M18: 1.12 | N18: 0.32941176 | O18: 35 | P18: 0.045639553 | Q18: 0.3747583 | R18: Stock | S18: Financial Services | T18: 116.23817 | U18: 44408 | V18: Jonathan Weber
A19: SYK | B19: =HYPERLINK("https://www.suredividend.com/sure-analysis-SYK/","Stryker Corp.") -> 0 | C19: 262.05 | D19: 229 | E19: 1.1443231 | F19: 0.0096164854 | G19: -0.026602417 | H19: 0.12 | I19: 0.099723324 | J19: A | K19: C | L19: 9.33 | M19: 2.52 | N19: 0.27009646 | O19: 27 | P19: 0.11994446 | Q19: 0.20061311 | R19: Stock | S19: Healthcare | T19: 100428.28 | U19: 44405 | V19: Nathan Parsh
A20: JW.A | B20: =HYPERLINK("https://www.suredividend.com/sure-analysis-JW.A/","John Wiley & Sons Inc.") -> 0 | C20: 53.04 | D20: 62 | E20: 0.85548387 | F20: 0.0260181 | G20: 0.031709988 | H20: 0.045 | I20: 0.098421397 | J20: A | K20: B | L20: 4.12 | M20: 1.38 | N20: 0.33495146 | O20: 28 | P20: 0.030025981 | Q20: 0.67845395 | R20: Stock | S20: Communication Services | T20: 2948.8154 | U20: 44453 | V20: Jonathan Weber
A21: ATO | B21: =HYPERLINK("https://www.suredividend.com/sure-analysis-ATO/","Atmos Energy Corp.") -> 0 | C21: 91.1 | D21: 97 | E21: 0.93917526 | F21: 0.027442371 | G21: 0.012629725 | H21: 0.06 | I21: 0.098377599 | J21: A | K21: B | L21: 5.1 | M21: 2.5 | N21: 0.49019608 | O21: 37 | P21: 0.079804694 | Q21: 0.0035382817 | R21: Stock | S21: Utilities | T21: 12163.546 | U21: 44427 | V21: Josh Arnold
A22: UNM | B22: =HYPERLINK("https://www.suredividend.com/sure-analysis-UNM/","Unum Group") -> 0 | C22: 27.53 | D22: 34 | E22: 0.80970588 | F22: 0.043588812 | G22: 0.043120646 | H22: 0.02 | I22: 0.097792178 | J22: A | K22: A | L22: 4.8 | M22: 1.2 | N22: 0.25 | O22: 13 | P22: 0.019244876 | Q22: 0.54859651 | R22: Stock | S22: Financial Services | T22: 5616.7372 | U22: 44415 | V22: Eli Inkrot
A23: ANTM | B23: =HYPERLINK("https://www.suredividend.com/sure-analysis-ANTM/","Anthem Inc") -> 0 | C23: 388.21 | D23: 383 | E23: 1.0136031 | F23: 0.011643183 | G23: -0.0026986403 | H23: 0.09 | I23: 0.097720975 | J23: A | K23: C | L23: 25.5 | M23: 4.52 | N23: 0.1772549 | O23: 11 | P23: 0.089856388 | Q23: 0.34025403 | R23: Stock | S23: Healthcare | T23: 95831.674 | U23: 44398 | V23: Nathan Parsh
A24: ROP | B24: =HYPERLINK("https://www.suredividend.com/sure-analysis-ROP/","Roper Technologies Inc") -> 0 | C24: 468.53 | D24: 453 | E24: 1.0342826 | F24: 0.0048022539 | G24: -0.006718928 | H24: 0.1 | I24: 0.097095145 | J24: A | K24: C | L24: 15.1 | M24: 2.25 | N24: 0.14900662 | O24: 28 | P24: 0.099778463 | Q24: 0.082103055 | R24: Stock | S24: Industrials | T24: 49242.423 | U24: 44401 | V24: Nikos Sismanis
A25: PII | B25: =HYPERLINK("https://www.suredividend.com/sure-analysis-PII/","Polaris Inc") -> 0 | C25: 132.2 | D25: 152 | E25: 0.86973684 | F25: 0.019062027 | G25: 0.028306134 | H25: 0.05 | I25: 0.096211451 | J25: A | K25: B | L25: 9.48 | M25: 2.52 | N25: 0.26582278 | O25: 26 | P25: 0.064838416 | Q25: 0.38834514 | R25: Stock | S25: Consumer Cyclical | T25: 7906.9942 | U25: 44404 | V25: Eli Inkrot
A26: BANF | B26: =HYPERLINK("https://www.suredividend.com/sure-analysis-BANF/","Bancfirst Corp.") -> 0 | C26: 63.11 | D26: 68 | E26: 0.92808824 | F26: 0.021549675 | G26: 0.015037638 | H26: 0.06 | I26: 0.094504907 | J26: A | K26: B | L26: 4.55 | M26: 1.36 | N26: 0.2989011 | O26: 28 | P26: 0.060001539 | Q26: 0.48596626 | R26: Stock | S26: Financial Services | T26: 2088.0456 | U26: 44399 | V26: Felix Martinez
A27: MDU | B27: =HYPERLINK("https://www.suredividend.com/sure-analysis-MDU/","MDU Resources Group Inc") -> 0 | C27: 30.64 | D27: 34 | E27: 0.90117647 | F27: 0.027741514 | G27: 0.021028891 | H27: 0.05 | I27: 0.093787531 | J27: A | K27: A | L27: 2.1 | M27: 0.85 | N27: 0.4047619 | O27: 30 | P27: 0.024638008 | Q27: 0.32152385 | R27: Stock | S27: Basic Materials | T27: 6267.2616 | U27: 44428 | V27: Josh Arnold
A28: SKM | B28: =HYPERLINK("https://www.suredividend.com/sure-analysis-SKM/","SK Telecom Co Ltd") -> 0 | C28: 27.94 | D28: 30 | E28: 0.93133333 | F28: 0.035790981 | G28: 0.0143293 | H28: 0.05 | I28: 0.091513523 | J28: A | K28: A | L28: 9 | M28: 1 | N28: 0.11111111 | O28: 0 | P28: 0 | Q28: 0.30194046 | R28: Stock | S28: Communication Services | T28: 18314.806 | U28: 44439 | V28: Quinn Mohammed
A29: MATW | B29: =HYPERLINK("https://www.suredividend.com/sure-analysis-MATW/","Matthews International Corp.") -> 0 | C29: 34.7 | D29: 42 | E29: 0.82619048 | F29: 0.024783862 | G29: 0.038924441 | H29: 0.03 | I29: 0.09120454 | J29: A | K29: B | L29: 3.25 | M29: 0.86 | N29: 0.26461538 | O29: 27 | P29: 0.050458372 | Q29: 0.53210265 | R29: Stock | S29: Industrials | T29: 1110.8693 | U29: 44417 | V29: Quinn Mohammed
A30: BKH | B30: =HYPERLINK("https://www.suredividend.com/sure-analysis-BKH/","Black Hills Corporation") -> 0 | C30: 63.87 | D30: 70 | E30: 0.91242857 | F30: 0.035384375 | G30: 0.018498104 | H30: 0.04 | I30: 0.089986092 | J30: A | K30: A | L30: 3.9 | M30: 2.26 | N30: 0.57948718 | O30: 49 | P30: 0.049679727 | Q30: 0.14943961 | R30: Stock | S30: Utilities | T30: 4098.921 | U30: 44418 | V30: Jonathan Weber
A31: WHR | B31: =HYPERLINK("https://www.suredividend.com/sure-analysis-WHR/","Whirlpool Corp.") -> 0 | C31: 206.63 | D31: 286 | E31: 0.72248252 | F31: 0.027101583 | G31: 0.067172269 | H31: 0 | I31: 0.089732113 | J31: A | K31: B | L31: 26 | M31: 5.6 | N31: 0.21538462 | O31: 11 | P31: 0.039900572 | Q31: 0.051604521 | R31: Stock | S31: Consumer Cyclical | T31: 12962.066 | U31: 44399 | V31: Eli Inkrot
A32: QCOM | B32: =HYPERLINK("https://www.suredividend.com/sure-analysis-QCOM/","Qualcomm, Inc.") -> 0 | C32: 130.12 | D32: 130 | E32: 1.0009231 | F32: 0.020903781 | G32: -0.00018451321 | H32: 0.07 | I32: 0.088744172 | J32: A | K32: B | L32: 8.26 | M32: 2.72 | N32: 0.32929782 | O32: 19 | P32: 0.069722706 | Q32: 0.028214295 | R32: Stock | S32: Technology | T32: 146865.6 | U32: 44407 | V32: Nathan Parsh
A33: BRC | B33: =HYPERLINK("https://www.suredividend.com/sure-analysis-BRC/","Brady Corp.") -> 0 | C33: 50.69 | D33: 57 | E33: 0.88929825 | F33: 0.017754981 | G33: 0.023741981 | H33: 0.05 | I33: 0.088659996 | J33: A | K33: B | L33: 3 | M33: 0.9 | N33: 0.3 | O33: 36 | P33: 0.019244876 | Q33: 0.22838889 | R33: Stock | S33: Industrials | T33: 2464.2643 | U33: 44461 | V33: Nathan Parsh
A34: LOW | B34: =HYPERLINK("https://www.suredividend.com/sure-analysis-LOW/","Lowe`s Cos., Inc.") -> 0 | C34: 221.74 | D34: 226.94 | E34: 0.97708645 | F34: 0.014431316 | G34: 0.0046467912 | H34: 0.07 | I34: 0.087958007 | J34: A | K34: B | L34: 11.33 | M34: 3.2 | N34: 0.28243601 | O34: 59 | P34: 0.070087455 | Q34: 0.24637379 | R34: Stock | S34: Consumer Cyclical | T34: 151753.55 | U34: 44434 | V34: Quinn Mohammed
A35: FMCB | B35: =HYPERLINK("https://www.suredividend.com/sure-analysis-FMCB/","Farmers & Merchants Bancorp") -> 0 | C35: 903 | D35: 1008 | E35: 0.89583333 | F35: 0.016943522 | G35: 0.022243967 | H35: 0.05 | I35: 0.087777308 | J35: A | K35: B | L35: 84 | M35: 15.3 | N35: 0.18214286 | O35: 56 | P35: 0.050031101 | Q35: 0.2879946 | R35: Stock | S35: Financial Services | T35: 721.58996 | U35: 44424 | V35: Aristofanis Papadatos
A36: JNJ | B36: =HYPERLINK("https://www.suredividend.com/sure-analysis-JNJ/","Johnson & Johnson") -> 0 | C36: 160.12 | D36: 162 | E36: 0.98839506 | F36: 0.02648014 | G36: 0.0023372874 | H36: 0.06 | I36: 0.086214957 | J36: A | K36: A | L36: 9.55 | M36: 4.24 | N36: 0.44397906 | O36: 59 | P36: 0.059847648 | Q36: 0.11701899 | R36: Stock | S36: Healthcare | T36: 424619.36 | U36: 44399 | V36: Nathan Parsh
A37: RNR | B37: =HYPERLINK("https://www.suredividend.com/sure-analysis-RNR/","RenaissanceRe Holdings Ltd") -> 0 | C37: 146.11 | D37: 167 | E37: 0.87491018 | F37: 0.0098555883 | G37: 0.027087174 | H37: 0.05 | I37: 0.086211528 | J37: A | K37: C | L37: 11 | M37: 1.44 | N37: 0.13090909 | O37: 26 | P37: 0.026351854 | Q37: -0.13303962 | R37: Stock | S37: Financial Services | T37: 6967.8291 | U37: 44403 | V37: Eli Inkrot
A38: PPG | B38: =HYPERLINK("https://www.suredividend.com/sure-analysis-PPG/","PPG Industries, Inc.") -> 0 | C38: 157.4 | D38: 151 | E38: 1.0423841 | F38: 0.014993647 | G38: -0.0082677326 | H38: 0.08 | I38: 0.085139564 | J38: A | K38: B | L38: 7.97 | M38: 2.36 | N38: 0.29611041 | O38: 50 | P38: 0.080148568 | Q38: 0.18573333 | R38: Stock | S38: Basic Materials | T38: 38048.26 | U38: 44397 | V38: Nathan Parsh
A39: LEG | B39: =HYPERLINK("https://www.suredividend.com/sure-analysis-LEG/","Leggett & Platt, Inc.") -> 0 | C39: 46.18 | D39: 47 | E39: 0.98255319 | F39: 0.036379385 | G39: 0.0035263626 | H39: 0.05 | I39: 0.084995085 | J39: A | K39: A | L39: 2.96 | M39: 1.68 | N39: 0.56756757 | O39: 48 | P39: 0.039594988 | Q39: 0.040318011 | R39: Stock | S39: Consumer Cyclical | T39: 6094.4263 | U39: 44417 | V39: Jonathan Weber
A40: BBY | B40: =HYPERLINK("https://www.suredividend.com/sure-analysis-BBY/","Best Buy Co. Inc.") -> 0 | C40: 115.61 | D40: 116 | E40: 0.99663793 | F40: 0.024219358 | G40: 0.00067377357 | H40: 0.06 | I40: 0.083906562 | J40: A | K40: B | L40: 9.69 | M40: 2.8 | N40: 0.28895769 | O40: 18 | P40: 0.079783677 | Q40: -0.024540983 | R40: Stock | S40: Consumer Cyclical | T40: 27951.374 | U40: 44452 | V40: Prakash Kolli
A41: MMM | B41: =HYPERLINK("https://www.suredividend.com/sure-analysis-MMM/","3M Co.") -> 0 | C41: 181.72 | D41: 188 | E41: 0.96659574 | F41: 0.032577592 | G41: 0.0068181227 | H41: 0.05 | I41: 0.08351223 | J41: A | K41: A | L41: 9.9 | M41: 5.92 | N41: 0.5979798 | O41: 63 | P41: 0.020119873 | Q41: 0.098499691 | R41: Stock | S41: Industrials | T41: 105277.44 | U41: 44404 | V41: Nathan Parsh
A42: EBTC | B42: =HYPERLINK("https://www.suredividend.com/sure-analysis-EBTC/","Enterprise Bancorp, Inc.") -> 0 | C42: 38.14 | D42: 41 | E42: 0.9302439 | F42: 0.019402202 | G42: 0.01456677 | H42: 0.05 | I42: 0.082822438 | J42: A | K42: B | L42: 3.4 | M42: 0.74 | N42: 0.21764706 | O42: 27 | P42: 0.062071258 | Q42: 0.75855665 | R42: Stock | S42: Financial Services | T42: 462.70997 | U42: 44400 | V42: Aristofanis Papadatos
A43: CTBI | B43: =HYPERLINK("https://www.suredividend.com/sure-analysis-CTBI/","Community Trust Bancorp, Inc.") -> 0 | C43: 43.07 | D43: 48 | E43: 0.89729167 | F43: 0.035755746 | G43: 0.021911469 | H43: 0.03 | I43: 0.082801234 | J43: A | K43: A | L43: 4 | M43: 1.54 | N43: 0.385 | O43: 40 | P43: 0.031692698 | Q43: 0.43997527 | R43: Stock | S43: Financial Services | T43: 764.50724 | U43: 44399 | V43: Aristofanis Papadatos
A44: BEN | B44: =HYPERLINK("https://www.suredividend.com/sure-analysis-BEN/","Franklin Resources, Inc.") -> 0 | C44: 29.77 | D44: 31 | E44: 0.96032258 | F44: 0.037621767 | G44: 0.0081300769 | H44: 0.04 | I44: 0.081358083 | J44: A | K44: A | L44: 3.1 | M44: 1.12 | N44: 0.36129032 | O44: 41 | P44: 0.039594988 | Q44: 0.32938132 | R44: Stock | S44: Financial Services | T44: 15110.768 | U44: 44415 | V44: Eli Inkrot
A45: NOC | B45: =HYPERLINK("https://www.suredividend.com/sure-analysis-NOC/","Northrop Grumman Corp.") -> 0 | C45: 393.89 | D45: 369 | E45: 1.0674526 | F45: 0.015943538 | G45: -0.012970161 | H45: 0.08 | I45: 0.081201015 | J45: A | K45: B | L45: 24.6 | M45: 6.28 | N45: 0.25528455 | O45: 18 | P45: 0.080061316 | Q45: 0.2669935 | R45: Stock | S45: Industrials | T45: 63300.735 | U45: 44409 | V45: Prakash Kolli
A46: FMS | B46: =HYPERLINK("https://www.suredividend.com/sure-analysis-FMS/","Fresenius Medical Care AG & Co. KGaA") -> 0 | C46: 35.11 | D46: 35 | E46: 1.0031429 | F46: 0.023355169 | G46: -0.00062738885 | H46: 0.06 | I46: 0.080656288 | J46: A | K46: B | L46: 2.17 | M46: 0.82 | N46: 0.37788018 | O46: 24 | P46: 0.060512438 | Q46: -0.13724517 | R46: Stock | S46: Healthcare | T46: 20778.959 | U46: 44409 | V46: Nathan Parsh
A47: SEIC | B47: =HYPERLINK("https://www.suredividend.com/sure-analysis-SEIC/","SEI Investments Co.") -> 0 | C47: 61.53 | D47: 64 | E47: 0.96140625 | F47: 0.012026654 | G47: 0.0079027074 | H47: 0.06 | I47: 0.079843706 | J47: A | K47: C | L47: 3.75 | M47: 0.74 | N47: 0.19733333 | O47: 30 | P47: 0.080535291 | Q47: 0.12001018 | R47: Stock | S47: Financial Services | T47: 8690.3203 | U47: 44400 | V47: Josh Arnold
A48: MCK | B48: =HYPERLINK("https://www.suredividend.com/sure-analysis-MCK/","Mckesson Corporation") -> 0 | C48: 200.8 | D48: 244 | E48: 0.82295082 | F48: 0.0093625498 | G48: 0.039741129 | H48: 0.03 | I48: 0.079559495 | J48: A | K48: C | L48: 20.3 | M48: 1.88 | N48: 0.092610837 | O48: 14 | P48: 0.070259806 | Q48: 0.31538681 | R48: Stock | S48: Healthcare | T48: 31579.907 | U48: 44428 | V48: Josh Arnold
A49: TMO | B49: =HYPERLINK("https://www.suredividend.com/sure-analysis-TMO/","Thermo Fisher Scientific Inc.") -> 0 | C49: 588.03 | D49: 530 | E49: 1.1094906 | F49: 0.0017686172 | G49: -0.020565772 | H49: 0.1 | I49: 0.079404505 | J49: A | K49: D | L49: 22.07 | M49: 1.04 | N49: 0.047122791 | O49: 4 | P49: 0.14980075 | Q49: 0.24542953 | R49: Stock | S49: Healthcare | T49: 229123.23 | U49: 44405 | V49: Nikos Sismanis
A50: NFG | B50: =HYPERLINK("https://www.suredividend.com/sure-analysis-NFG/","National Fuel Gas Co.") -> 0 | C50: 57.55 | D50: 61 | E50: 0.94344262 | F50: 0.03127715 | G50: 0.011712 | H50: 0.04 | I50: 0.078071109 | J50: A | K50: A | L50: 4.05 | M50: 1.8 | N50: 0.44444444 | O50: 51 | P50: 0.021295688 | Q50: 0.4392664 | R50: Stock | S50: Utilities | T50: 5269.3589 | U50: 44427 | V50: Aristofanis Papadatos
A51: WMT | B51: =HYPERLINK("https://www.suredividend.com/sure-analysis-WMT/","Walmart Inc") -> 0 | C51: 141.68 | D51: 151 | E51: 0.93827815 | F51: 0.01552795 | G51: 0.012823291 | H51: 0.05 | I51: 0.077199018 | J51: A | K51: B | L51: 6.3 | M51: 2.2 | N51: 0.34920635 | O51: 48 | P51: 0.050163036 | Q51: -0.013666214 | R51: Stock | S51: Consumer Defensive | T51: 391923.37 | U51: 44428 | V51: Josh Arnold
A52: NIDB | B52: =HYPERLINK("https://www.suredividend.com/sure-analysis-NIDB/","Northeast Indiana Bancorp Inc.") -> 0 | C52: 44.5 | D52: 50 | E52: 0.89 | F52: 0.025168539 | G52: 0.023580488 | H52: 0.03 | I52: 0.075697321 | J52: A | K52: A | L52: 5.5 | M52: 1.12 | N52: 0.20363636 | O52: 26 | P52: 0.030255795 | Q52: 0.30882353 | R52: Stock | S52: Financial Services | T52: 53.532833 | U52: 44393 | V52: Nathan Parsh
A53: INTU | B53: =HYPERLINK("https://www.suredividend.com/sure-analysis-INTU/","Intuit Inc") -> 0 | C53: 564.56 | D53: 446 | E53: 1.2658296 | F53: 0.0048179113 | G53: -0.046051453 | H53: 0.12 | I53: 0.073630251 | J53: A | K53: D | L53: 11.15 | M53: 2.72 | N53: 0.24394619 | O53: 10 | P53: 0.11983316 | Q53: 0.62741374 | R53: Stock | S53: Technology | T53: 151316.68 | U53: 44434 | V53: Nikos Sismanis
A54: CINF | B54: =HYPERLINK("https://www.suredividend.com/sure-analysis-CINF/","Cincinnati Financial Corp.") -> 0 | C54: 116.96 | D54: 103 | E54: 1.135534 | F54: 0.021545828 | G54: -0.025100219 | H54: 0.08 | I54: 0.072505711 | J54: A | K54: B | L54: 5.15 | M54: 2.52 | N54: 0.48932039 | O54: 60 | P54: 0.050246073 | Q54: 0.55028252 | R54: Stock | S54: Financial Services | T54: 19171.092 | U54: 44409 | V54: Felix Martinez
A55: CL | B55: =HYPERLINK("https://www.suredividend.com/sure-analysis-CL/","Colgate-Palmolive Co.") -> 0 | C55: 75.28 | D55: 75 | E55: 1.0037333 | F55: 0.023910733 | G55: -0.0007449987 | H55: 0.05 | I55: 0.071189224 | J55: A | K55: B | L55: 3.25 | M55: 1.8 | N55: 0.55384615 | O55: 58 | P55: 0.050246073 | Q55: -0.029380802 | R55: Stock | S55: Consumer Defensive | T55: 64317.904 | U55: 44415 | V55: Josh Arnold
A56: NWN | B56: =HYPERLINK("https://www.suredividend.com/sure-analysis-NWN/","Northwest Natural Holding Co") -> 0 | C56: 46.62 | D56: 50.8 | E56: 0.91771654 | F56: 0.041184041 | G56: 0.017321654 | H56: 0.016 | I56: 0.069731098 | J56: A | K56: A | L56: 2.54 | M56: 1.92 | N56: 0.75590551 | O56: 65 | P56: 0.023836256 | Q56: 0.06443898 | R56: Stock | S56: Utilities | T56: 1453.887 | U56: 44421 | V56: Samuel Smith
A57: CP | B57: =HYPERLINK("https://www.suredividend.com/sure-analysis-CP/","Canadian Pacific Railway Ltd") -> 0 | C57: 73.4 | D57: 61 | E57: 1.2032787 | F57: 0.0083106267 | G57: -0.036333515 | H57: 0.1 | I57: 0.069265239 | J57: A | K57: D | L57: 3.06 | M57: 0.61 | N57: 0.19934641 | O57: 5 | P57: 0.121034 | Q57: 0.13011967 | R57: Stock | S57: Industrials | T57: 48582.634 | U57: 44411 | V57: Kay Ng
A58: DG | B58: =HYPERLINK("https://www.suredividend.com/sure-analysis-DG/","Dollar General Corp.") -> 0 | C58: 213.7 | D58: 178 | E58: 1.2005618 | F58: 0.0075807206 | G58: -0.035897751 | H58: 0.1 | I58: 0.06821362 | J58: A | K58: C | L58: 9.9 | M58: 1.62 | N58: 0.16363636 | O58: 7 | P58: 0.089775065 | Q58: -0.032739144 | R58: Stock | S58: Consumer Defensive | T58: 49648.414 | U58: 44439 | V58: Prakash Kolli
A59: TSN | B59: =HYPERLINK("https://www.suredividend.com/sure-analysis-TSN/","Tyson Foods, Inc.") -> 0 | C59: 79.43 | D59: 86 | E59: 0.92360465 | F59: 0.022409669 | G59: 0.016021218 | H59: 0.03 | I59: 0.067923642 | J59: A | K59: B | L59: 7.2 | M59: 1.78 | N59: 0.24722222 | O59: 10 | P59: 0.059818243 | Q59: 0.36785708 | R59: Stock | S59: Consumer Defensive | T59: 29014.356 | U59: 44418 | V59: Eli Inkrot
A60: MKC | B60: =HYPERLINK("https://www.suredividend.com/sure-analysis-MKC/","McCormick & Co., Inc.") -> 0 | C60: 79.41 | D60: 69 | E60: 1.1508696 | F60: 0.017126307 | G60: -0.027712329 | H60: 0.08 | I60: 0.067823697 | J60: A | K60: C | L60: 3 | M60: 1.36 | N60: 0.45333333 | O60: 34 | P60: 0.089736445 | Q60: -0.18582395 | R60: Stock | S60: Consumer Defensive | T60: 21287.039 | U60: 44470 | V60: Nathan Parsh
A61: ABC | B61: =HYPERLINK("https://www.suredividend.com/sure-analysis-ABC/","Amerisource Bergen Corp.") -> 0 | C61: 118.38 | D61: 120 | E61: 0.9865 | F61: 0.014867376 | G61: 0.0027220889 | H61: 0.05 | I61: 0.067456612 | J61: A | K61: C | L61: 9.22 | M61: 1.76 | N61: 0.19088937 | O61: 17 | P61: 0.072717753 | Q61: 0.22339828 | R61: Stock | S61: Healthcare | T61: 24905.364 | U61: 44416 | V61: Eli Inkrot
A62: TRV | B62: =HYPERLINK("https://www.suredividend.com/sure-analysis-TRV/","Travelers Companies Inc.") -> 0 | C62: 152.88 | D62: 142 | E62: 1.0766197 | F62: 0.023024594 | G62: -0.014656777 | H62: 0.06 | I62: 0.067265231 | J62: A | K62: B | L62: 11.85 | M62: 3.52 | N62: 0.29704641 | O62: 16 | P62: 0.070130783 | Q62: 0.40532224 | R62: Stock | S62: Financial Services | T62: 38831.075 | U62: 44398 | V62: Josh Arnold
A63: SCL | B63: =HYPERLINK("https://www.suredividend.com/sure-analysis-SCL/","Stepan Co.") -> 0 | C63: 118.54 | D63: 122 | E63: 0.97163934 | F63: 0.010291885 | G63: 0.0057707044 | H63: 0.05 | I63: 0.066333192 | J63: A | K63: B | L63: 6.85 | M63: 1.22 | N63: 0.17810219 | O63: 53 | P63: 0.079688909 | Q63: 0.046654593 | R63: Stock | S63: Basic Materials | T63: 2685.1197 | U63: 44408 | V63: Josh Arnold
A64: LHX | B64: =HYPERLINK("https://www.suredividend.com/sure-analysis-LHX/","L3Harris Technologies Inc") -> 0 | C64: 238.78 | D64: 206 | E64: 1.1591262 | F64: 0.017086858 | G64: -0.029101445 | H64: 0.08 | I64: 0.065890271 | J64: A | K64: C | L64: 12.9 | M64: 4.08 | N64: 0.31627907 | O64: 20 | P64: 0.079824885 | Q64: 0.39700894 | R64: Stock | S64: Industrials | T64: 48039.604 | U64: 44423 | V64: Prakash Kolli
A65: AFL | B65: =HYPERLINK("https://www.suredividend.com/sure-analysis-AFL/","Aflac Inc.") -> 0 | C65: 55.16 | D65: 56 | E65: 0.985 | F65: 0.023930384 | G65: 0.0030273006 | H65: 0.04 | I65: 0.06501567 | J65: A | K65: A | L65: 5.6 | M65: 1.32 | N65: 0.23571429 | O65: 39 | P65: 0.040519896 | Q65: 0.52017273 | R65: Stock | S65: Financial Services | T65: 37259.682 | U65: 44411 | V65: Eli Inkrot
A66: AXS | B66: =HYPERLINK("https://www.suredividend.com/sure-analysis-AXS/","Axis Capital Holdings Ltd") -> 0 | C66: 51.69 | D66: 53 | E66: 0.97528302 | F66: 0.032501451 | G66: 0.0050180634 | H66: 0.03 | I66: 0.064444984 | J66: A | K66: A | L66: 5.1 | M66: 1.68 | N66: 0.32941176 | O66: 19 | P66: 0.030255795 | Q66: 0.19772766 | R66: Stock | S66: Financial Services | T66: 4403.7808 | U66: 44409 | V66: Josh Arnold
A67: FFMR | B67: =HYPERLINK("https://www.suredividend.com/sure-analysis-FFMR/","First Farmers Financial Corp") -> 0 | C67: 48 | D67: 45 | E67: 1.0666667 | F67: 0.0275 | G67: -0.012824757 | H67: 0.05 | I67: 0.064309522 | J67: A | K67: A | L67: 4.5 | M67: 1.32 | N67: 0.29333333 | O67: 30 | P67: 0.069841793 | Q67: 0.083389384 | R67: Stock | S67: Financial Services | T67: 337.79525 | U67: 44253 | V67: Josh Arnold
A68: KO | B68: =HYPERLINK("https://www.suredividend.com/sure-analysis-KO/","Coca-Cola Co") -> 0 | C68: 53.94 | D68: 50 | E68: 1.0788 | F68: 0.031145717 | G68: -0.01505538 | H68: 0.05 | I68: 0.063159615 | J68: A | K68: A | L68: 2.25 | M68: 1.68 | N68: 0.74666667 | O68: 59 | P68: 0.039594988 | Q68: 0.12337309 | R68: Stock | S68: Consumer Defensive | T68: 234900.36 | U68: 44400 | V68: Josh Arnold
A69: SON | B69: =HYPERLINK("https://www.suredividend.com/sure-analysis-SON/","Sonoco Products Co.") -> 0 | C69: 61.37 | D69: 57 | E69: 1.0766667 | F69: 0.029330292 | G69: -0.01466537 | H69: 0.05 | I69: 0.062753333 | J69: A | K69: A | L69: 3.55 | M69: 1.8 | N69: 0.50704225 | O69: 38 | P69: 0.050246073 | Q69: 0.13985649 | R69: Stock | S69: Consumer Cyclical | T69: 6027.3159 | U69: 44400 | V69: Nathan Parsh
A70: ADP | B70: =HYPERLINK("https://www.suredividend.com/sure-analysis-ADP/","Automatic Data Processing Inc.") -> 0 | C70: 212.57 | D70: 180 | E70: 1.1809444 | F70: 0.017500118 | G70: -0.032715772 | H70: 0.08 | I70: 0.062664455 | J70: A | K70: B | L70: 6.65 | M70: 3.72 | N70: 0.5593985 | O70: 46 | P70: 0.080161957 | Q70: 0.46357889 | R70: Stock | S70: Industrials | T70: 90031.616 | U70: 44408 | V70: Josh Arnold
A71: AMP | B71: =HYPERLINK("https://www.suredividend.com/sure-analysis-AMP/","Ameriprise Financial Inc") -> 0 | C71: 289.01 | D71: 247 | E71: 1.170081 | F71: 0.015639597 | G71: -0.030926279 | H71: 0.08 | I71: 0.062617118 | J71: A | K71: B | L71: 21.49 | M71: 4.52 | N71: 0.21033039 | O71: 17 | P71: 0.07995567 | Q71: 0.73922591 | R71: Stock | S71: Financial Services | T71: 32971.535 | U71: 44404 | V71: Nathan Parsh
A72: RE | B72: =HYPERLINK("https://www.suredividend.com/sure-analysis-RE/","Everest Re Group Ltd") -> 0 | C72: 276.35 | D72: 306 | E72: 0.90310458 | F72: 0.022435318 | G72: 0.020592545 | H72: 0.02 | I72: 0.062279551 | J72: A | K72: B | L72: 34 | M72: 6.2 | N72: 0.18235294 | O72: 8 | P72: 0.049921813 | Q72: 0.42116384 | R72: Stock | S72: Financial Services | T72: 11050.572 | U72: 44417 | V72: Jonathan Weber
A73: AIZ | B73: =HYPERLINK("https://www.suredividend.com/sure-analysis-AIZ/","Assurant Inc") -> 0 | C73: 162.45 | D73: 138 | E73: 1.1771739 | F73: 0.016251154 | G73: -0.032096915 | H73: 0.08 | I73: 0.061297354 | J73: A | K73: C | L73: 10 | M73: 2.64 | N73: 0.264 | O73: 16 | P73: 0.063995313 | Q73: 0.33376019 | R73: Stock | S73: Financial Services | T73: 9556.0329 | U73: 44432 | V73: Aristofanis Papadatos
A74: EXPD | B74: =HYPERLINK("https://www.suredividend.com/sure-analysis-EXPD/","Expeditors International Of Washington, Inc.") -> 0 | C74: 118.73 | D74: 120 | E74: 0.98941667 | F74: 0.0097700665 | G74: 0.0021302127 | H74: 0.05 | I74: 0.061060973 | J74: A | K74: C | L74: 6.69 | M74: 1.16 | N74: 0.17339312 | O74: 27 | P74: 0.039805774 | Q74: 0.25722258 | R74: Stock | S74: Industrials | T74: 19717.568 | U74: 44425 | V74: Felix Martinez
A75: KR | B75: =HYPERLINK("https://www.suredividend.com/sure-analysis-KR/","Kroger Co.") -> 0 | C75: 39.21 | D75: 43 | E75: 0.91186047 | F75: 0.021423106 | G75: 0.018624981 | H75: 0.02 | I75: 0.060716259 | J75: A | K75: B | L75: 3.3 | M75: 0.84 | N75: 0.25454545 | O75: 16 | P75: 0.070337014 | Q75: 0.15649378 | R75: Stock | S75: Consumer Defensive | T75: 28697.009 | U75: 44451 | V75: Eli Inkrot
A76: VFC | B76: =HYPERLINK("https://www.suredividend.com/sure-analysis-VFC/","VF Corp.") -> 0 | C76: 72.93 | D76: 61 | E76: 1.1955738 | F76: 0.026875086 | G76: -0.035094628 | H76: 0.07 | I76: 0.057788761 | J76: A | K76: B | L76: 3.2 | M76: 1.96 | N76: 0.6125 | O76: 48 | P76: 0.039594988 | Q76: -0.0057787841 | R76: Stock | S76: Consumer Cyclical | T76: 28857.799 | U76: 44415 | V76: Eli Inkrot
A77: UGI | B77: =HYPERLINK("https://www.suredividend.com/sure-analysis-UGI/","UGI Corp.") -> 0 | C77: 44 | D77: 47 | E77: 0.93617021 | F77: 0.031363636 | G77: 0.013278986 | H77: 0.016 | I77: 0.057308853 | J77: A | K77: A | L77: 3 | M77: 1.38 | N77: 0.46 | O77: 34 | P77: 0.016816148 | Q77: 0.32653644 | R77: Stock | S77: Utilities | T77: 9233.7189 | U77: 44420 | V77: Samuel Smith
A78: LANC | B78: =HYPERLINK("https://www.suredividend.com/sure-analysis-LANC/","Lancaster Colony Corp.") -> 0 | C78: 170.79 | D78: 170 | E78: 1.0046471 | F78: 0.017565431 | G78: -0.00092682914 | H78: 0.04 | I78: 0.055966458 | J78: A | K78: B | L78: 6.3 | M78: 3 | N78: 0.47619048 | O78: 58 | P78: 0.050063358 | Q78: 0.0049083556 | R78: Stock | S78: Consumer Defensive | T78: 4750.2613 | U78: 44444 | V78: Josh Arnold
A79: CHD | B79: =HYPERLINK("https://www.suredividend.com/sure-analysis-CHD/","Church & Dwight Co., Inc.") -> 0 | C79: 82.92 | D79: 75 | E79: 1.1056 | F79: 0.012180415 | G79: -0.019877421 | H79: 0.06 | I79: 0.0515075 | J79: A | K79: C | L79: 3 | M79: 1.01 | N79: 0.33666667 | O79: 25 | P79: 0.070516571 | Q79: -0.093982611 | R79: Stock | S79: Consumer Defensive | T79: 20490.581 | U79: 44414 | V79: Josh Arnold
A80: SYY | B80: =HYPERLINK("https://www.suredividend.com/sure-analysis-SYY/","Sysco Corp.") -> 0 | C80: 81.3 | D80: 66 | E80: 1.2318182 | F80: 0.023124231 | G80: -0.040840842 | H80: 0.07 | I80: 0.051436882 | J80: A | K80: B | L80: 3.3 | M80: 1.88 | N80: 0.56969697 | O80: 51 | P80: 0.079817214 | Q80: 0.27961303 | R80: Stock | S80: Consumer Defensive | T80: 42119.289 | U80: 44445 | V80: Felix Martinez
A81: PNR | B81: =HYPERLINK("https://www.suredividend.com/sure-analysis-PNR/","Pentair plc") -> 0 | C81: 72.47 | D81: 64 | E81: 1.1323437 | F81: 0.011039051 | G81: -0.024551506 | H81: 0.065 | I81: 0.049936558 | J81: A | K81: B | L81: 3.35 | M81: 0.8 | N81: 0.23880597 | O81: 44 | P81: 0.05988503 | Q81: 0.4595724 | R81: Stock | S81: Industrials | T81: 11922.24 | U81: 44409 | V81: Jonathan Weber
A82: GPC | B82: =HYPERLINK("https://www.suredividend.com/sure-analysis-GPC/","Genuine Parts Co.") -> 0 | C82: 126.78 | D82: 107 | E82: 1.1848598 | F82: 0.025713835 | G82: -0.033355897 | H82: 0.06 | I82: 0.049684745 | J82: A | K82: A | L82: 6.3 | M82: 3.26 | N82: 0.51746032 | O82: 65 | P82: 0.040194568 | Q82: 0.29673639 | R82: Stock | S82: Consumer Cyclical | T82: 18215.198 | U82: 44403 | V82: Josh Arnold
A83: FUL | B83: =HYPERLINK("https://www.suredividend.com/sure-analysis-FUL/","H.B. Fuller Company") -> 0 | C83: 68.26 | D83: 54 | E83: 1.2640741 | F83: 0.0098154117 | G83: -0.045786635 | H83: 0.09 | I83: 0.049681044 | J83: A | K83: C | L83: 3.6 | M83: 0.67 | N83: 0.18611111 | O83: 52 | P83: 0.051198493 | Q83: 0.38899616 | R83: Stock | S83: Basic Materials | T83: 3591.544 | U83: 44463 | V83: Aristofanis Papadatos
A84: CPKF | B84: =HYPERLINK("https://www.suredividend.com/sure-analysis-CPKF/","Chesapeake Financial Shares Inc") -> 0 | C84: 30 | D84: 48 | E84: 0.625 | F84: 0.017333333 | G84: 0.098560543 | H84: -0.06 | I84: 0.049233815 | J84: A | K84: B | L84: 5 | M84: 0.52 | N84: 0.104 | O84: 29 | P84: 0.039124157 | Q84: 0.4874394 | R84: Stock | S84: Financial Services | T84: 142.86677 | U84: 44407 | V84: Josh Arnold
A85: GD | B85: =HYPERLINK("https://www.suredividend.com/sure-analysis-GD/","General Dynamics Corp.") -> 0 | C85: 206.66 | D85: 173 | E85: 1.1945665 | F85: 0.023033001 | G85: -0.034931955 | H85: 0.06 | I85: 0.046956346 | J85: A | K85: B | L85: 11.5 | M85: 4.76 | N85: 0.41391304 | O85: 30 | P85: 0.060001539 | Q85: 0.50130172 | R85: Stock | S85: Industrials | T85: 58161.387 | U85: 44423 | V85: Prakash Kolli
A86: HRL | B86: =HYPERLINK("https://www.suredividend.com/sure-analysis-HRL/","Hormel Foods Corp.") -> 0 | C86: 42.12 | D86: 37 | E86: 1.1383784 | F86: 0.023266857 | G86: -0.025587891 | H86: 0.05 | I86: 0.046655069 | J86: A | K86: B | L86: 1.7 | M86: 0.98 | N86: 0.57647059 | O86: 55 | P86: 0.04987305 | Q86: -0.12020739 | R86: Stock | S86: Consumer Defensive | T86: 23145.476 | U86: 44444 | V86: Josh Arnold
A87: COST | B87: =HYPERLINK("https://www.suredividend.com/sure-analysis-COST/","Costco Wholesale Corp") -> 0 | C87: 461.95 | D87: 362 | E87: 1.276105 | F87: 0.0068405672 | G87: -0.047592691 | H87: 0.09 | I87: 0.045917474 | J87: A | K87: C | L87: 12.05 | M87: 3.16 | N87: 0.26224066 | O87: 18 | P87: 0.10003408 | Q87: 0.22640926 | R87: Stock | S87: Consumer Defensive | T87: 199876.67 | U87: 44465 | V87: Josh Arnold
A88: WSM | B88: =HYPERLINK("https://www.suredividend.com/sure-analysis-WSM/","Williams-Sonoma, Inc.") -> 0 | C88: 185.65 | D88: 192 | E88: 0.96692708 | F88: 0.015297603 | G88: 0.0067491116 | H88: 0.02 | I88: 0.042821182 | J88: A | K88: C | L88: 12 | M88: 2.84 | N88: 0.23666667 | O88: 15 | P88: 0.059968725 | Q88: 0.76502489 | R88: Stock | S88: Consumer Cyclical | T88: 13553.864 | U88: 44435 | V88: Eli Inkrot
A89: MGRC | B89: =HYPERLINK("https://www.suredividend.com/sure-analysis-MGRC/","McGrath Rentcorp") -> 0 | C89: 74.67 | D89: 71 | E89: 1.0516901 | F89: 0.023302531 | G89: -0.010029076 | H89: 0.03 | I89: 0.042243861 | J89: A | K89: B | L89: 4.04 | M89: 1.74 | N89: 0.43069307 | O89: 30 | P89: 0.030292229 | Q89: 0.19787452 | R89: Stock | S89: Industrials | T89: 1837.5483 | U89: 44416 | V89: Nathan Parsh
A90: AROW | B90: =HYPERLINK("https://www.suredividend.com/sure-analysis-AROW/","Arrow Financial Corp.") -> 0 | C90: 35.59 | D90: 40 | E90: 0.88975 | F90: 0.029221691 | G90: 0.023638002 | H90: -0.01 | I90: 0.041267475 | J90: A | K90: A | L90: 3.35 | M90: 1.04 | N90: 0.31044776 | O90: 26 | P90: 0.020311779 | Q90: 0.40162104 | R90: Stock | S90: Financial Services | T90: 559.15812 | U90: 44408 | V90: Josh Arnold
A91: ORCL | B91: =HYPERLINK("https://www.suredividend.com/sure-analysis-ORCL/","Oracle Corp.") -> 0 | C91: 96.51 | D91: 75 | E91: 1.2868 | F91: 0.013262874 | G91: -0.049181136 | H91: 0.08 | I91: 0.041183567 | J91: A | K91: C | L91: 4.7 | M91: 1.28 | N91: 0.27234043 | O91: 12 | P91: 0.070563684 | Q91: 0.60555519 | R91: Stock | S91: Technology | T91: 261030.6 | U91: 44476 | V91: Jonathan Weber
A92: THFF | B92: =HYPERLINK("https://www.suredividend.com/sure-analysis-THFF/","First Financial Corp. - Indiana") -> 0 | C92: 42.12 | D92: 48 | E92: 0.8775 | F92: 0.025166192 | G92: 0.026480196 | H92: -0.01 | I92: 0.040112645 | J92: A | K92: A | L92: 4.35 | M92: 1.06 | N92: 0.24367816 | O92: 32 | P92: 0.019943229 | Q92: 0.28480508 | R92: Stock | S92: Financial Services | T92: 548.67803 | U92: 44424 | V92: Josh Arnold
A93: EMR | B93: =HYPERLINK("https://www.suredividend.com/sure-analysis-EMR/","Emerson Electric Co.") -> 0 | C93: 95.77 | D93: 78 | E93: 1.2278205 | F93: 0.0210922 | G93: -0.040217067 | H93: 0.06 | I93: 0.038035982 | J93: A | K93: B | L93: 4.1 | M93: 2.02 | N93: 0.49268293 | O93: 64 | P93: 0.029847449 | Q93: 0.39381294 | R93: Stock | S93: Industrials | T93: 57227.394 | U93: 44427 | V93: Josh Arnold
A94: MDT | B94: =HYPERLINK("https://www.suredividend.com/sure-analysis-MDT/","Medtronic Plc") -> 0 | C94: 120.72 | D94: 97 | E94: 1.2445361 | F94: 0.019218025 | G94: -0.042809231 | H94: 0.06 | I94: 0.037442557 | J94: A | K94: B | L94: 5.7 | M94: 2.32 | N94: 0.40701754 | O94: 44 | P94: 0.09306029 | Q94: 0.18334152 | R94: Stock | S94: Healthcare | T94: 171683.76 | U94: 44432 | V94: Eli Inkrot
A95: RPM | B95: =HYPERLINK("https://www.suredividend.com/sure-analysis-RPM/","RPM International, Inc.") -> 0 | C95: 84.19 | D95: 72 | E95: 1.1693056 | F95: 0.019004632 | G95: -0.030797786 | H95: 0.05 | I95: 0.037427768 | J95: A | K95: B | L95: 4 | M95: 1.6 | N95: 0.4 | O95: 48 | P95: 0.049789046 | Q95: -0.054979609 | R95: Stock | S95: Basic Materials | T95: 10829.964 | U95: 44475 | V95: Nathan Parsh
A96: CSX | B96: =HYPERLINK("https://www.suredividend.com/sure-analysis-CSX/","CSX Corp.") -> 0 | C96: 34.23 | D96: 26 | E96: 1.3165385 | F96: 0.010809232 | G96: -0.053515972 | H96: 0.08 | I96: 0.035491609 | J96: A | K96: C | L96: 1.45 | M96: 0.37 | N96: 0.25517241 | O96: 16 | P96: 0.10876113 | Q96: 0.2902641 | R96: Stock | S96: Industrials | T96: 77013.58 | U96: 44399 | V96: Josh Arnold
A97: CSL | B97: =HYPERLINK("https://www.suredividend.com/sure-analysis-CSL/","Carlisle Companies Inc.") -> 0 | C97: 216.96 | D97: 173 | E97: 1.254104 | F97: 0.0099557522 | G97: -0.044274252 | H97: 0.07 | I97: 0.033280118 | J97: A | K97: C | L97: 9.1 | M97: 2.16 | N97: 0.23736264 | O97: 45 | P97: 0.059958394 | Q97: 0.72092873 | R97: Stock | S97: Industrials | T97: 11359.21 | U97: 44417 | V97: Jonathan Weber
A98: CB | B98: =HYPERLINK("https://www.suredividend.com/sure-analysis-CB/","Chubb Limited") -> 0 | C98: 177.7 | D98: 149 | E98: 1.1926174 | F98: 0.018007878 | G98: -0.03461673 | H98: 0.05 | I98: 0.032981003 | J98: A | K98: B | L98: 12.4 | M98: 3.2 | N98: 0.25806452 | O98: 28 | P98: 0.054885349 | Q98: 0.54907291 | R98: Stock | S98: Financial Services | T98: 79547.955 | U98: 44413 | V98: Jonathan Weber
A99: CBSH | B99: =HYPERLINK("https://www.suredividend.com/sure-analysis-CBSH/","Commerce Bancshares, Inc.") -> 0 | C99: 71.6 | D99: 58 | E99: 1.2344828 | F99: 0.014664804 | G99: -0.04125526 | H99: 0.06 | I99: 0.0326337 | J99: A | K99: B | L99: 4.15 | M99: 1.05 | N99: 0.25301205 | O99: 53 | P99: 0.069610376 | Q99: 0.30215759 | R99: Stock | S99: Financial Services | T99: 8321.132 | U99: 44403 | V99: Jonathan Weber
A100: DOV | B100: =HYPERLINK("https://www.suredividend.com/sure-analysis-DOV/","Dover Corp.") -> 0 | C100: 166.79 | D100: 125 | E100: 1.33432 | F100: 0.011991127 | G100: -0.056052152 | H100: 0.08 | I100: 0.032024052 | J100: A | K100: B | L100: 7.35 | M100: 2 | N100: 0.27210884 | O100: 66 | P100: 0.049789046 | Q100: 0.46221152 | R100: Stock | S100: Industrials | T100: 23769.39 | U100: 44397 | V100: Nathan Parsh
...

Sheet Portfolio Tracker
A1: Ticker | B1: Shares | C1: Sector | D1: Percent of Portfolio | E1: Price | F1: Market Value | G1: Dividend Yield | H1: Annual Dividends | I1: Payment Month Group | J1: Dividend Risk Score | K1: Valuation Return | L1: Growth Return | M1: Expected Total Return | O1: Dividend Income by Month
C2: =IFERROR(VLOOKUP(A2,'Detailed Dashboard'!$A:$AD,19,FALSE),"-") -> 0 | D2: =IFERROR(F2/SUM($F$2:$F$51),"-") -> 0 | E2: =IFERROR(VLOOKUP(A2,'Detailed Dashboard'!$A:$AD,3,FALSE),"-") -> 0 | F2: =IFERROR(E2*B2,"-") -> 0 | G2: =IFERROR(VLOOKUP(A2,'Detailed Dashboard'!$A:$AD,6,FALSE),"-") -> 0 | H2: =IFERROR(E2*B2*G2,"-") -> 0 | I2: =IFERROR(IF(VLOOKUP(A2,'Payment Dates'!$A:$B,2,FALSE)="monthly",4, MOD(MONTH(VLOOKUP(A2,'Payment Dates'!$A:$B,2,FALSE)),3)), "-") -> 0 | J2: =IFERROR(VLOOKUP(A2,'Detailed Dashboard'!$A:$AD,10,FALSE),"-") -> 0 | K2: =IFERROR(VLOOKUP(A2,'Detailed Dashboard'!$A:$AD,7,FALSE),"-") -> 0 | L2: =IFERROR(VLOOKUP(A2,'Detailed Dashboard'!$A:$AD,8,FALSE),"-") -> 0 | M2: =IFERROR(VLOOKUP(A2,'Detailed Dashboard'!$A:$AD,9,FALSE),"-") -> 0 | O2: January | P2: =SUMIF($I$2:$I$300,"=1",$H$2:$H$300)/4 + SUMIF($I$2:$I$300,"=4",$H$2:$H$300)/12 -> 0
C3: =IFERROR(VLOOKUP(A3,'Detailed Dashboard'!$A:$AD,19,FALSE),"-") -> 0 | D3: =IFERROR(F3/SUM($F$2:$F$51),"-") -> 0 | E3: =IFERROR(VLOOKUP(A3,'Detailed Dashboard'!$A:$AD,3,FALSE),"-") -> 0 | F3: =IFERROR(E3*B3,"-") -> 0 | G3: =IFERROR(VLOOKUP(A3,'Detailed Dashboard'!$A:$AD,6,FALSE),"-") -> 0 | H3: =IFERROR(E3*B3*G3,"-") -> 0 | I3: =IFERROR(IF(VLOOKUP(A3,'Payment Dates'!$A:$B,2,FALSE)="monthly",4, MOD(MONTH(VLOOKUP(A3,'Payment Dates'!$A:$B,2,FALSE)),3)), "-") -> 0 | J3: =IFERROR(VLOOKUP(A3,'Detailed Dashboard'!$A:$AD,10,FALSE),"-") -> 0 | K3: =IFERROR(VLOOKUP(A3,'Detailed Dashboard'!$A:$AD,7,FALSE),"-") -> 0 | L3: =IFERROR(VLOOKUP(A3,'Detailed Dashboard'!$A:$AD,8,FALSE),"-") -> 0 | M3: =IFERROR(VLOOKUP(A3,'Detailed Dashboard'!$A:$AD,9,FALSE),"-") -> 0 | O3: February | P3: =SUMIF($I$2:$I$300,"=2",$H$2:$H$300)/4 + SUMIF($I$2:$I$300,"=4",$H$2:$H$300)/12 -> 0
C4: =IFERROR(VLOOKUP(A4,'Detailed Dashboard'!$A:$AD,19,FALSE),"-") -> 0 | D4: =IFERROR(F4/SUM($F$2:$F$51),"-") -> 0 | E4: =IFERROR(VLOOKUP(A4,'Detailed Dashboard'!$A:$AD,3,FALSE),"-") -> 0 | F4: =IFERROR(E4*B4,"-") -> 0 | G4: =IFERROR(VLOOKUP(A4,'Detailed Dashboard'!$A:$AD,6,FALSE),"-") -> 0 | H4: =IFERROR(E4*B4*G4,"-") -> 0 | I4: =IFERROR(IF(VLOOKUP(A4,'Payment Dates'!$A:$B,2,FALSE)="monthly",4, MOD(MONTH(VLOOKUP(A4,'Payment Dates'!$A:$B,2,FALSE)),3)), "-") -> 0 | J4: =IFERROR(VLOOKUP(A4,'Detailed Dashboard'!$A:$AD,10,FALSE),"-") -> 0 | K4: =IFERROR(VLOOKUP(A4,'Detailed Dashboard'!$A:$AD,7,FALSE),"-") -> 0 | L4: =IFERROR(VLOOKUP(A4,'Detailed Dashboard'!$A:$AD,8,FALSE),"-") -> 0 | M4: =IFERROR(VLOOKUP(A4,'Detailed Dashboard'!$A:$AD,9,FALSE),"-") -> 0 | O4: March | P4: =SUMIF($I$2:$I$300,"=0",$H$2:$H$300)/4 + SUMIF($I$2:$I$300,"=4",$H$2:$H$300)/12 -> 0
C5: =IFERROR(VLOOKUP(A5,'Detailed Dashboard'!$A:$AD,19,FALSE),"-") -> 0 | D5: =IFERROR(F5/SUM($F$2:$F$51),"-") -> 0 | E5: =IFERROR(VLOOKUP(A5,'Detailed Dashboard'!$A:$AD,3,FALSE),"-") -> 0 | F5: =IFERROR(E5*B5,"-") -> 0 | G5: =IFERROR(VLOOKUP(A5,'Detailed Dashboard'!$A:$AD,6,FALSE),"-") -> 0 | H5: =IFERROR(E5*B5*G5,"-") -> 0 | I5: =IFERROR(IF(VLOOKUP(A5,'Payment Dates'!$A:$B,2,FALSE)="monthly",4, MOD(MONTH(VLOOKUP(A5,'Payment Dates'!$A:$B,2,FALSE)),3)), "-") -> 0 | J5: =IFERROR(VLOOKUP(A5,'Detailed Dashboard'!$A:$AD,10,FALSE),"-") -> 0 | K5: =IFERROR(VLOOKUP(A5,'Detailed Dashboard'!$A:$AD,7,FALSE),"-") -> 0 | L5: =IFERROR(VLOOKUP(A5,'Detailed Dashboard'!$A:$AD,8,FALSE),"-") -> 0 | M5: =IFERROR(VLOOKUP(A5,'Detailed Dashboard'!$A:$AD,9,FALSE),"-") -> 0 | O5: April | P5: =SUMIF($I$2:$I$300,"=1",$H$2:$H$300)/4 + SUMIF($I$2:$I$300,"=4",$H$2:$H$300)/12 -> 0
C6: =IFERROR(VLOOKUP(A6,'Detailed Dashboard'!$A:$AD,19,FALSE),"-") -> 0 | D6: =IFERROR(F6/SUM($F$2:$F$51),"-") -> 0 | E6: =IFERROR(VLOOKUP(A6,'Detailed Dashboard'!$A:$AD,3,FALSE),"-") -> 0 | F6: =IFERROR(E6*B6,"-") -> 0 | G6: =IFERROR(VLOOKUP(A6,'Detailed Dashboard'!$A:$AD,6,FALSE),"-") -> 0 | H6: =IFERROR(E6*B6*G6,"-") -> 0 | I6: =IFERROR(IF(VLOOKUP(A6,'Payment Dates'!$A:$B,2,FALSE)="monthly",4, MOD(MONTH(VLOOKUP(A6,'Payment Dates'!$A:$B,2,FALSE)),3)), "-") -> 0 | J6: =IFERROR(VLOOKUP(A6,'Detailed Dashboard'!$A:$AD,10,FALSE),"-") -> 0 | K6: =IFERROR(VLOOKUP(A6,'Detailed Dashboard'!$A:$AD,7,FALSE),"-") -> 0 | L6: =IFERROR(VLOOKUP(A6,'Detailed Dashboard'!$A:$AD,8,FALSE),"-") -> 0 | M6: =IFERROR(VLOOKUP(A6,'Detailed Dashboard'!$A:$AD,9,FALSE),"-") -> 0 | O6: May | P6: =SUMIF($I$2:$I$300,"=2",$H$2:$H$300)/4 + SUMIF($I$2:$I$300,"=4",$H$2:$H$300)/12 -> 0
C7: =IFERROR(VLOOKUP(A7,'Detailed Dashboard'!$A:$AD,19,FALSE),"-") -> 0 | D7: =IFERROR(F7/SUM($F$2:$F$51),"-") -> 0 | E7: =IFERROR(VLOOKUP(A7,'Detailed Dashboard'!$A:$AD,3,FALSE),"-") -> 0 | F7: =IFERROR(E7*B7,"-") -> 0 | G7: =IFERROR(VLOOKUP(A7,'Detailed Dashboard'!$A:$AD,6,FALSE),"-") -> 0 | H7: =IFERROR(E7*B7*G7,"-") -> 0 | I7: =IFERROR(IF(VLOOKUP(A7,'Payment Dates'!$A:$B,2,FALSE)="monthly",4, MOD(MONTH(VLOOKUP(A7,'Payment Dates'!$A:$B,2,FALSE)),3)), "-") -> 0 | J7: =IFERROR(VLOOKUP(A7,'Detailed Dashboard'!$A:$AD,10,FALSE),"-") -> 0 | K7: =IFERROR(VLOOKUP(A7,'Detailed Dashboard'!$A:$AD,7,FALSE),"-") -> 0 | L7: =IFERROR(VLOOKUP(A7,'Detailed Dashboard'!$A:$AD,8,FALSE),"-") -> 0 | M7: =IFERROR(VLOOKUP(A7,'Detailed Dashboard'!$A:$AD,9,FALSE),"-") -> 0 | O7: June | P7: =SUMIF($I$2:$I$300,"=0",$H$2:$H$300)/4 + SUMIF($I$2:$I$300,"=4",$H$2:$H$300)/12 -> 0
C8: =IFERROR(VLOOKUP(A8,'Detailed Dashboard'!$A:$AD,19,FALSE),"-") -> 0 | D8: =IFERROR(F8/SUM($F$2:$F$51),"-") -> 0 | E8: =IFERROR(VLOOKUP(A8,'Detailed Dashboard'!$A:$AD,3,FALSE),"-") -> 0 | F8: =IFERROR(E8*B8,"-") -> 0 | G8: =IFERROR(VLOOKUP(A8,'Detailed Dashboard'!$A:$AD,6,FALSE),"-") -> 0 | H8: =IFERROR(E8*B8*G8,"-") -> 0 | I8: =IFERROR(IF(VLOOKUP(A8,'Payment Dates'!$A:$B,2,FALSE)="monthly",4, MOD(MONTH(VLOOKUP(A8,'Payment Dates'!$A:$B,2,FALSE)),3)), "-") -> 0 | J8: =IFERROR(VLOOKUP(A8,'Detailed Dashboard'!$A:$AD,10,FALSE),"-") -> 0 | K8: =IFERROR(VLOOKUP(A8,'Detailed Dashboard'!$A:$AD,7,FALSE),"-") -> 0 | L8: =IFERROR(VLOOKUP(A8,'Detailed Dashboard'!$A:$AD,8,FALSE),"-") -> 0 | M8: =IFERROR(VLOOKUP(A8,'Detailed Dashboard'!$A:$AD,9,FALSE),"-") -> 0 | O8: July | P8: =SUMIF($I$2:$I$300,"=1",$H$2:$H$300)/4 + SUMIF($I$2:$I$300,"=4",$H$2:$H$300)/12 -> 0
C9: =IFERROR(VLOOKUP(A9,'Detailed Dashboard'!$A:$AD,19,FALSE),"-") -> 0 | D9: =IFERROR(F9/SUM($F$2:$F$51),"-") -> 0 | E9: =IFERROR(VLOOKUP(A9,'Detailed Dashboard'!$A:$AD,3,FALSE),"-") -> 0 | F9: =IFERROR(E9*B9,"-") -> 0 | G9: =IFERROR(VLOOKUP(A9,'Detailed Dashboard'!$A:$AD,6,FALSE),"-") -> 0 | H9: =IFERROR(E9*B9*G9,"-") -> 0 | I9: =IFERROR(IF(VLOOKUP(A9,'Payment Dates'!$A:$B,2,FALSE)="monthly",4, MOD(MONTH(VLOOKUP(A9,'Payment Dates'!$A:$B,2,FALSE)),3)), "-") -> 0 | J9: =IFERROR(VLOOKUP(A9,'Detailed Dashboard'!$A:$AD,10,FALSE),"-") -> 0 | K9: =IFERROR(VLOOKUP(A9,'Detailed Dashboard'!$A:$AD,7,FALSE),"-") -> 0 | L9: =IFERROR(VLOOKUP(A9,'Detailed Dashboard'!$A:$AD,8,FALSE),"-") -> 0 | M9: =IFERROR(VLOOKUP(A9,'Detailed Dashboard'!$A:$AD,9,FALSE),"-") -> 0 | O9: August | P9: =SUMIF($I$2:$I$300,"=2",$H$2:$H$300)/4 + SUMIF($I$2:$I$300,"=4",$H$2:$H$300)/12 -> 0
C10: =IFERROR(VLOOKUP(A10,'Detailed Dashboard'!$A:$AD,19,FALSE),"-") -> 0 | D10: =IFERROR(F10/SUM($F$2:$F$51),"-") -> 0 | E10: =IFERROR(VLOOKUP(A10,'Detailed Dashboard'!$A:$AD,3,FALSE),"-") -> 0 | F10: =IFERROR(E10*B10,"-") -> 0 | G10: =IFERROR(VLOOKUP(A10,'Detailed Dashboard'!$A:$AD,6,FALSE),"-") -> 0 | H10: =IFERROR(E10*B10*G10,"-") -> 0 | I10: =IFERROR(IF(VLOOKUP(A10,'Payment Dates'!$A:$B,2,FALSE)="monthly",4, MOD(MONTH(VLOOKUP(A10,'Payment Dates'!$A:$B,2,FALSE)),3)), "-") -> 0 | J10: =IFERROR(VLOOKUP(A10,'Detailed Dashboard'!$A:$AD,10,FALSE),"-") -> 0 | K10: =IFERROR(VLOOKUP(A10,'Detailed Dashboard'!$A:$AD,7,FALSE),"-") -> 0 | L10: =IFERROR(VLOOKUP(A10,'Detailed Dashboard'!$A:$AD,8,FALSE),"-") -> 0 | M10: =IFERROR(VLOOKUP(A10,'Detailed Dashboard'!$A:$AD,9,FALSE),"-") -> 0 | O10: September | P10: =SUMIF($I$2:$I$300,"=0",$H$2:$H$300)/4 + SUMIF($I$2:$I$300,"=4",$H$2:$H$300)/12 -> 0
C11: =IFERROR(VLOOKUP(A11,'Detailed Dashboard'!$A:$AD,19,FALSE),"-") -> 0 | D11: =IFERROR(F11/SUM($F$2:$F$51),"-") -> 0 | E11: =IFERROR(VLOOKUP(A11,'Detailed Dashboard'!$A:$AD,3,FALSE),"-") -> 0 | F11: =IFERROR(E11*B11,"-") -> 0 | G11: =IFERROR(VLOOKUP(A11,'Detailed Dashboard'!$A:$AD,6,FALSE),"-") -> 0 | H11: =IFERROR(E11*B11*G11,"-") -> 0 | I11: =IFERROR(IF(VLOOKUP(A11,'Payment Dates'!$A:$B,2,FALSE)="monthly",4, MOD(MONTH(VLOOKUP(A11,'Payment Dates'!$A:$B,2,FALSE)),3)), "-") -> 0 | J11: =IFERROR(VLOOKUP(A11,'Detailed Dashboard'!$A:$AD,10,FALSE),"-") -> 0 | K11: =IFERROR(VLOOKUP(A11,'Detailed Dashboard'!$A:$AD,7,FALSE),"-") -> 0 | L11: =IFERROR(VLOOKUP(A11,'Detailed Dashboard'!$A:$AD,8,FALSE),"-") -> 0 | M11: =IFERROR(VLOOKUP(A11,'Detailed Dashboard'!$A:$AD,9,FALSE),"-") -> 0 | O11: October | P11: =SUMIF($I$2:$I$300,"=1",$H$2:$H$300)/4 + SUMIF($I$2:$I$300,"=4",$H$2:$H$300)/12 -> 0
C12: =IFERROR(VLOOKUP(A12,'Detailed Dashboard'!$A:$AD,19,FALSE),"-") -> 0 | D12: =IFERROR(F12/SUM($F$2:$F$51),"-") -> 0 | E12: =IFERROR(VLOOKUP(A12,'Detailed Dashboard'!$A:$AD,3,FALSE),"-") -> 0 | F12: =IFERROR(E12*B12,"-") -> 0 | G12: =IFERROR(VLOOKUP(A12,'Detailed Dashboard'!$A:$AD,6,FALSE),"-") -> 0 | H12: =IFERROR(E12*B12*G12,"-") -> 0 | I12: =IFERROR(IF(VLOOKUP(A12,'Payment Dates'!$A:$B,2,FALSE)="monthly",4, MOD(MONTH(VLOOKUP(A12,'Payment Dates'!$A:$B,2,FALSE)),3)), "-") -> 0 | J12: =IFERROR(VLOOKUP(A12,'Detailed Dashboard'!$A:$AD,10,FALSE),"-") -> 0 | K12: =IFERROR(VLOOKUP(A12,'Detailed Dashboard'!$A:$AD,7,FALSE),"-") -> 0 | L12: =IFERROR(VLOOKUP(A12,'Detailed Dashboard'!$A:$AD,8,FALSE),"-") -> 0 | M12: =IFERROR(VLOOKUP(A12,'Detailed Dashboard'!$A:$AD,9,FALSE),"-") -> 0 | O12: November | P12: =SUMIF($I$2:$I$300,"=2",$H$2:$H$300)/4 + SUMIF($I$2:$I$300,"=4",$H$2:$H$300)/12 -> 0
C13: =IFERROR(VLOOKUP(A13,'Detailed Dashboard'!$A:$AD,19,FALSE),"-") -> 0 | D13: =IFERROR(F13/SUM($F$2:$F$51),"-") -> 0 | E13: =IFERROR(VLOOKUP(A13,'Detailed Dashboard'!$A:$AD,3,FALSE),"-") -> 0 | F13: =IFERROR(E13*B13,"-") -> 0 | G13: =IFERROR(VLOOKUP(A13,'Detailed Dashboard'!$A:$AD,6,FALSE),"-") -> 0 | H13: =IFERROR(E13*B13*G13,"-") -> 0 | I13: =IFERROR(IF(VLOOKUP(A13,'Payment Dates'!$A:$B,2,FALSE)="monthly",4, MOD(MONTH(VLOOKUP(A13,'Payment Dates'!$A:$B,2,FALSE)),3)), "-") -> 0 | J13: =IFERROR(VLOOKUP(A13,'Detailed Dashboard'!$A:$AD,10,FALSE),"-") -> 0 | K13: =IFERROR(VLOOKUP(A13,'Detailed Dashboard'!$A:$AD,7,FALSE),"-") -> 0 | L13: =IFERROR(VLOOKUP(A13,'Detailed Dashboard'!$A:$AD,8,FALSE),"-") -> 0 | M13: =IFERROR(VLOOKUP(A13,'Detailed Dashboard'!$A:$AD,9,FALSE),"-") -> 0 | O13: December | P13: =SUMIF($I$2:$I$300,"=0",$H$2:$H$300)/4 + SUMIF($I$2:$I$300,"=4",$H$2:$H$300)/12 -> 0
C14: =IFERROR(VLOOKUP(A14,'Detailed Dashboard'!$A:$AD,19,FALSE),"-") -> 0 | D14: =IFERROR(F14/SUM($F$2:$F$51),"-") -> 0 | E14: =IFERROR(VLOOKUP(A14,'Detailed Dashboard'!$A:$AD,3,FALSE),"-") -> 0 | F14: =IFERROR(E14*B14,"-") -> 0 | G14: =IFERROR(VLOOKUP(A14,'Detailed Dashboard'!$A:$AD,6,FALSE),"-") -> 0 | H14: =IFERROR(E14*B14*G14,"-") -> 0 | I14: =IFERROR(IF(VLOOKUP(A14,'Payment Dates'!$A:$B,2,FALSE)="monthly",4, MOD(MONTH(VLOOKUP(A14,'Payment Dates'!$A:$B,2,FALSE)),3)), "-") -> 0 | J14: =IFERROR(VLOOKUP(A14,'Detailed Dashboard'!$A:$AD,10,FALSE),"-") -> 0 | K14: =IFERROR(VLOOKUP(A14,'Detailed Dashboard'!$A:$AD,7,FALSE),"-") -> 0 | L14: =IFERROR(VLOOKUP(A14,'Detailed Dashboard'!$A:$AD,8,FALSE),"-") -> 0 | M14: =IFERROR(VLOOKUP(A14,'Detailed Dashboard'!$A:$AD,9,FALSE),"-") -> 0
C15: =IFERROR(VLOOKUP(A15,'Detailed Dashboard'!$A:$AD,19,FALSE),"-") -> 0 | D15: =IFERROR(F15/SUM($F$2:$F$51),"-") -> 0 | E15: =IFERROR(VLOOKUP(A15,'Detailed Dashboard'!$A:$AD,3,FALSE),"-") -> 0 | F15: =IFERROR(E15*B15,"-") -> 0 | G15: =IFERROR(VLOOKUP(A15,'Detailed Dashboard'!$A:$AD,6,FALSE),"-") -> 0 | H15: =IFERROR(E15*B15*G15,"-") -> 0 | I15: =IFERROR(IF(VLOOKUP(A15,'Payment Dates'!$A:$B,2,FALSE)="monthly",4, MOD(MONTH(VLOOKUP(A15,'Payment Dates'!$A:$B,2,FALSE)),3)), "-") -> 0 | J15: =IFERROR(VLOOKUP(A15,'Detailed Dashboard'!$A:$AD,10,FALSE),"-") -> 0 | K15: =IFERROR(VLOOKUP(A15,'Detailed Dashboard'!$A:$AD,7,FALSE),"-") -> 0 | L15: =IFERROR(VLOOKUP(A15,'Detailed Dashboard'!$A:$AD,8,FALSE),"-") -> 0 | M15: =IFERROR(VLOOKUP(A15,'Detailed Dashboard'!$A:$AD,9,FALSE),"-") -> 0 | O15: Dividend Income by Sector
C16: =IFERROR(VLOOKUP(A16,'Detailed Dashboard'!$A:$AD,19,FALSE),"-") -> 0 | D16: =IFERROR(F16/SUM($F$2:$F$51),"-") -> 0 | E16: =IFERROR(VLOOKUP(A16,'Detailed Dashboard'!$A:$AD,3,FALSE),"-") -> 0 | F16: =IFERROR(E16*B16,"-") -> 0 | G16: =IFERROR(VLOOKUP(A16,'Detailed Dashboard'!$A:$AD,6,FALSE),"-") -> 0 | H16: =IFERROR(E16*B16*G16,"-") -> 0 | I16: =IFERROR(IF(VLOOKUP(A16,'Payment Dates'!$A:$B,2,FALSE)="monthly",4, MOD(MONTH(VLOOKUP(A16,'Payment Dates'!$A:$B,2,FALSE)),3)), "-") -> 0 | J16: =IFERROR(VLOOKUP(A16,'Detailed Dashboard'!$A:$AD,10,FALSE),"-") -> 0 | K16: =IFERROR(VLOOKUP(A16,'Detailed Dashboard'!$A:$AD,7,FALSE),"-") -> 0 | L16: =IFERROR(VLOOKUP(A16,'Detailed Dashboard'!$A:$AD,8,FALSE),"-") -> 0 | M16: =IFERROR(VLOOKUP(A16,'Detailed Dashboard'!$A:$AD,9,FALSE),"-") -> 0 | O16: Basic Materials | P16: =SUMIF($C$2:$C$300,"=Basic Materials",$H$2:$H$300) -> 0
C17: =IFERROR(VLOOKUP(A17,'Detailed Dashboard'!$A:$AD,19,FALSE),"-") -> 0 | D17: =IFERROR(F17/SUM($F$2:$F$51),"-") -> 0 | E17: =IFERROR(VLOOKUP(A17,'Detailed Dashboard'!$A:$AD,3,FALSE),"-") -> 0 | F17: =IFERROR(E17*B17,"-") -> 0 | G17: =IFERROR(VLOOKUP(A17,'Detailed Dashboard'!$A:$AD,6,FALSE),"-") -> 0 | H17: =IFERROR(E17*B17*G17,"-") -> 0 | I17: =IFERROR(IF(VLOOKUP(A17,'Payment Dates'!$A:$B,2,FALSE)="monthly",4, MOD(MONTH(VLOOKUP(A17,'Payment Dates'!$A:$B,2,FALSE)),3)), "-") -> 0 | J17: =IFERROR(VLOOKUP(A17,'Detailed Dashboard'!$A:$AD,10,FALSE),"-") -> 0 | K17: =IFERROR(VLOOKUP(A17,'Detailed Dashboard'!$A:$AD,7,FALSE),"-") -> 0 | L17: =IFERROR(VLOOKUP(A17,'Detailed Dashboard'!$A:$AD,8,FALSE),"-") -> 0 | M17: =IFERROR(VLOOKUP(A17,'Detailed Dashboard'!$A:$AD,9,FALSE),"-") -> 0 | O17: Communication Services | P17: =SUMIF($C$2:$C$300,"=Communication Services",$H$2:$H$300) -> 0
C18: =IFERROR(VLOOKUP(A18,'Detailed Dashboard'!$A:$AD,19,FALSE),"-") -> 0 | D18: =IFERROR(F18/SUM($F$2:$F$51),"-") -> 0 | E18: =IFERROR(VLOOKUP(A18,'Detailed Dashboard'!$A:$AD,3,FALSE),"-") -> 0 | F18: =IFERROR(E18*B18,"-") -> 0 | G18: =IFERROR(VLOOKUP(A18,'Detailed Dashboard'!$A:$AD,6,FALSE),"-") -> 0 | H18: =IFERROR(E18*B18*G18,"-") -> 0 | I18: =IFERROR(IF(VLOOKUP(A18,'Payment Dates'!$A:$B,2,FALSE)="monthly",4, MOD(MONTH(VLOOKUP(A18,'Payment Dates'!$A:$B,2,FALSE)),3)), "-") -> 0 | J18: =IFERROR(VLOOKUP(A18,'Detailed Dashboard'!$A:$AD,10,FALSE),"-") -> 0 | K18: =IFERROR(VLOOKUP(A18,'Detailed Dashboard'!$A:$AD,7,FALSE),"-") -> 0 | L18: =IFERROR(VLOOKUP(A18,'Detailed Dashboard'!$A:$AD,8,FALSE),"-") -> 0 | M18: =IFERROR(VLOOKUP(A18,'Detailed Dashboard'!$A:$AD,9,FALSE),"-") -> 0 | O18: Consumer Cyclical | P18: =SUMIF($C$2:$C$300,"=Consumer Cyclical",$H$2:$H$300) -> 0
C19: =IFERROR(VLOOKUP(A19,'Detailed Dashboard'!$A:$AD,19,FALSE),"-") -> 0 | D19: =IFERROR(F19/SUM($F$2:$F$51),"-") -> 0 | E19: =IFERROR(VLOOKUP(A19,'Detailed Dashboard'!$A:$AD,3,FALSE),"-") -> 0 | F19: =IFERROR(E19*B19,"-") -> 0 | G19: =IFERROR(VLOOKUP(A19,'Detailed Dashboard'!$A:$AD,6,FALSE),"-") -> 0 | H19: =IFERROR(E19*B19*G19,"-") -> 0 | I19: =IFERROR(IF(VLOOKUP(A19,'Payment Dates'!$A:$B,2,FALSE)="monthly",4, MOD(MONTH(VLOOKUP(A19,'Payment Dates'!$A:$B,2,FALSE)),3)), "-") -> 0 | J19: =IFERROR(VLOOKUP(A19,'Detailed Dashboard'!$A:$AD,10,FALSE),"-") -> 0 | K19: =IFERROR(VLOOKUP(A19,'Detailed Dashboard'!$A:$AD,7,FALSE),"-") -> 0 | L19: =IFERROR(VLOOKUP(A19,'Detailed Dashboard'!$A:$AD,8,FALSE),"-") -> 0 | M19: =IFERROR(VLOOKUP(A19,'Detailed Dashboard'!$A:$AD,9,FALSE),"-") -> 0 | O19: Consumer Defensive | P19: =SUMIF($C$2:$C$300,"=Consumer Defensive",$H$2:$H$300) -> 0
C20: =IFERROR(VLOOKUP(A20,'Detailed Dashboard'!$A:$AD,19,FALSE),"-") -> 0 | D20: =IFERROR(F20/SUM($F$2:$F$51),"-") -> 0 | E20: =IFERROR(VLOOKUP(A20,'Detailed Dashboard'!$A:$AD,3,FALSE),"-") -> 0 | F20: =IFERROR(E20*B20,"-") -> 0 | G20: =IFERROR(VLOOKUP(A20,'Detailed Dashboard'!$A:$AD,6,FALSE),"-") -> 0 | H20: =IFERROR(E20*B20*G20,"-") -> 0 | I20: =IFERROR(IF(VLOOKUP(A20,'Payment Dates'!$A:$B,2,FALSE)="monthly",4, MOD(MONTH(VLOOKUP(A20,'Payment Dates'!$A:$B,2,FALSE)),3)), "-") -> 0 | J20: =IFERROR(VLOOKUP(A20,'Detailed Dashboard'!$A:$AD,10,FALSE),"-") -> 0 | K20: =IFERROR(VLOOKUP(A20,'Detailed Dashboard'!$A:$AD,7,FALSE),"-") -> 0 | L20: =IFERROR(VLOOKUP(A20,'Detailed Dashboard'!$A:$AD,8,FALSE),"-") -> 0 | M20: =IFERROR(VLOOKUP(A20,'Detailed Dashboard'!$A:$AD,9,FALSE),"-") -> 0 | O20: Energy | P20: =SUMIF($C$2:$C$300,"=Energy",$H$2:$H$300) -> 0
C21: =IFERROR(VLOOKUP(A21,'Detailed Dashboard'!$A:$AD,19,FALSE),"-") -> 0 | D21: =IFERROR(F21/SUM($F$2:$F$51),"-") -> 0 | E21: =IFERROR(VLOOKUP(A21,'Detailed Dashboard'!$A:$AD,3,FALSE),"-") -> 0 | F21: =IFERROR(E21*B21,"-") -> 0 | G21: =IFERROR(VLOOKUP(A21,'Detailed Dashboard'!$A:$AD,6,FALSE),"-") -> 0 | H21: =IFERROR(E21*B21*G21,"-") -> 0 | I21: =IFERROR(IF(VLOOKUP(A21,'Payment Dates'!$A:$B,2,FALSE)="monthly",4, MOD(MONTH(VLOOKUP(A21,'Payment Dates'!$A:$B,2,FALSE)),3)), "-") -> 0 | J21: =IFERROR(VLOOKUP(A21,'Detailed Dashboard'!$A:$AD,10,FALSE),"-") -> 0 | K21: =IFERROR(VLOOKUP(A21,'Detailed Dashboard'!$A:$AD,7,FALSE),"-") -> 0 | L21: =IFERROR(VLOOKUP(A21,'Detailed Dashboard'!$A:$AD,8,FALSE),"-") -> 0 | M21: =IFERROR(VLOOKUP(A21,'Detailed Dashboard'!$A:$AD,9,FALSE),"-") -> 0 | O21: Financial Services | P21: =SUMIF($C$2:$C$300,"=Financial Services",$H$2:$H$300) -> 0
C22: =IFERROR(VLOOKUP(A22,'Detailed Dashboard'!$A:$AD,19,FALSE),"-") -> 0 | D22: =IFERROR(F22/SUM($F$2:$F$51),"-") -> 0 | E22: =IFERROR(VLOOKUP(A22,'Detailed Dashboard'!$A:$AD,3,FALSE),"-") -> 0 | F22: =IFERROR(E22*B22,"-") -> 0 | G22: =IFERROR(VLOOKUP(A22,'Detailed Dashboard'!$A:$AD,6,FALSE),"-") -> 0 | H22: =IFERROR(E22*B22*G22,"-") -> 0 | I22: =IFERROR(IF(VLOOKUP(A22,'Payment Dates'!$A:$B,2,FALSE)="monthly",4, MOD(MONTH(VLOOKUP(A22,'Payment Dates'!$A:$B,2,FALSE)),3)), "-") -> 0 | J22: =IFERROR(VLOOKUP(A22,'Detailed Dashboard'!$A:$AD,10,FALSE),"-") -> 0 | K22: =IFERROR(VLOOKUP(A22,'Detailed Dashboard'!$A:$AD,7,FALSE),"-") -> 0 | L22: =IFERROR(VLOOKUP(A22,'Detailed Dashboard'!$A:$AD,8,FALSE),"-") -> 0 | M22: =IFERROR(VLOOKUP(A22,'Detailed Dashboard'!$A:$AD,9,FALSE),"-") -> 0 | O22: Healthcare | P22: =SUMIF($C$2:$C$300,"=Healthcare",$H$2:$H$300) -> 0
C23: =IFERROR(VLOOKUP(A23,'Detailed Dashboard'!$A:$AD,19,FALSE),"-") -> 0 | D23: =IFERROR(F23/SUM($F$2:$F$51),"-") -> 0 | E23: =IFERROR(VLOOKUP(A23,'Detailed Dashboard'!$A:$AD,3,FALSE),"-") -> 0 | F23: =IFERROR(E23*B23,"-") -> 0 | G23: =IFERROR(VLOOKUP(A23,'Detailed Dashboard'!$A:$AD,6,FALSE),"-") -> 0 | H23: =IFERROR(E23*B23*G23,"-") -> 0 | I23: =IFERROR(IF(VLOOKUP(A23,'Payment Dates'!$A:$B,2,FALSE)="monthly",4, MOD(MONTH(VLOOKUP(A23,'Payment Dates'!$A:$B,2,FALSE)),3)), "-") -> 0 | J23: =IFERROR(VLOOKUP(A23,'Detailed Dashboard'!$A:$AD,10,FALSE),"-") -> 0 | K23: =IFERROR(VLOOKUP(A23,'Detailed Dashboard'!$A:$AD,7,FALSE),"-") -> 0 | L23: =IFERROR(VLOOKUP(A23,'Detailed Dashboard'!$A:$AD,8,FALSE),"-") -> 0 | M23: =IFERROR(VLOOKUP(A23,'Detailed Dashboard'!$A:$AD,9,FALSE),"-") -> 0 | O23: Industrials | P23: =SUMIF($C$2:$C$300,"=Industrials",$H$2:$H$300) -> 0
C24: =IFERROR(VLOOKUP(A24,'Detailed Dashboard'!$A:$AD,19,FALSE),"-") -> 0 | D24: =IFERROR(F24/SUM($F$2:$F$51),"-") -> 0 | E24: =IFERROR(VLOOKUP(A24,'Detailed Dashboard'!$A:$AD,3,FALSE),"-") -> 0 | F24: =IFERROR(E24*B24,"-") -> 0 | G24: =IFERROR(VLOOKUP(A24,'Detailed Dashboard'!$A:$AD,6,FALSE),"-") -> 0 | H24: =IFERROR(E24*B24*G24,"-") -> 0 | I24: =IFERROR(IF(VLOOKUP(A24,'Payment Dates'!$A:$B,2,FALSE)="monthly",4, MOD(MONTH(VLOOKUP(A24,'Payment Dates'!$A:$B,2,FALSE)),3)), "-") -> 0 | J24: =IFERROR(VLOOKUP(A24,'Detailed Dashboard'!$A:$AD,10,FALSE),"-") -> 0 | K24: =IFERROR(VLOOKUP(A24,'Detailed Dashboard'!$A:$AD,7,FALSE),"-") -> 0 | L24: =IFERROR(VLOOKUP(A24,'Detailed Dashboard'!$A:$AD,8,FALSE),"-") -> 0 | M24: =IFERROR(VLOOKUP(A24,'Detailed Dashboard'!$A:$AD,9,FALSE),"-") -> 0 | O24: Real Estate | P24: =SUMIF($C$2:$C$300,"=Real Estate",$H$2:$H$300) -> 0
C25: =IFERROR(VLOOKUP(A25,'Detailed Dashboard'!$A:$AD,19,FALSE),"-") -> 0 | D25: =IFERROR(F25/SUM($F$2:$F$51),"-") -> 0 | E25: =IFERROR(VLOOKUP(A25,'Detailed Dashboard'!$A:$AD,3,FALSE),"-") -> 0 | F25: =IFERROR(E25*B25,"-") -> 0 | G25: =IFERROR(VLOOKUP(A25,'Detailed Dashboard'!$A:$AD,6,FALSE),"-") -> 0 | H25: =IFERROR(E25*B25*G25,"-") -> 0 | I25: =IFERROR(IF(VLOOKUP(A25,'Payment Dates'!$A:$B,2,FALSE)="monthly",4, MOD(MONTH(VLOOKUP(A25,'Payment Dates'!$A:$B,2,FALSE)),3)), "-") -> 0 | J25: =IFERROR(VLOOKUP(A25,'Detailed Dashboard'!$A:$AD,10,FALSE),"-") -> 0 | K25: =IFERROR(VLOOKUP(A25,'Detailed Dashboard'!$A:$AD,7,FALSE),"-") -> 0 | L25: =IFERROR(VLOOKUP(A25,'Detailed Dashboard'!$A:$AD,8,FALSE),"-") -> 0 | M25: =IFERROR(VLOOKUP(A25,'Detailed Dashboard'!$A:$AD,9,FALSE),"-") -> 0 | O25: Technology | P25: =SUMIF($C$2:$C$300,"=Technology",$H$2:$H$300) -> 0
C26: =IFERROR(VLOOKUP(A26,'Detailed Dashboard'!$A:$AD,19,FALSE),"-") -> 0 | D26: =IFERROR(F26/SUM($F$2:$F$51),"-") -> 0 | E26: =IFERROR(VLOOKUP(A26,'Detailed Dashboard'!$A:$AD,3,FALSE),"-") -> 0 | F26: =IFERROR(E26*B26,"-") -> 0 | G26: =IFERROR(VLOOKUP(A26,'Detailed Dashboard'!$A:$AD,6,FALSE),"-") -> 0 | H26: =IFERROR(E26*B26*G26,"-") -> 0 | I26: =IFERROR(IF(VLOOKUP(A26,'Payment Dates'!$A:$B,2,FALSE)="monthly",4, MOD(MONTH(VLOOKUP(A26,'Payment Dates'!$A:$B,2,FALSE)),3)), "-") -> 0 | J26: =IFERROR(VLOOKUP(A26,'Detailed Dashboard'!$A:$AD,10,FALSE),"-") -> 0 | K26: =IFERROR(VLOOKUP(A26,'Detailed Dashboard'!$A:$AD,7,FALSE),"-") -> 0 | L26: =IFERROR(VLOOKUP(A26,'Detailed Dashboard'!$A:$AD,8,FALSE),"-") -> 0 | M26: =IFERROR(VLOOKUP(A26,'Detailed Dashboard'!$A:$AD,9,FALSE),"-") -> 0 | O26: Utilities | P26: =SUMIF($C$2:$C$300,"=Utilities",$H$2:$H$300) -> 0
C27: =IFERROR(VLOOKUP(A27,'Detailed Dashboard'!$A:$AD,19,FALSE),"-") -> 0 | D27: =IFERROR(F27/SUM($F$2:$F$51),"-") -> 0 | E27: =IFERROR(VLOOKUP(A27,'Detailed Dashboard'!$A:$AD,3,FALSE),"-") -> 0 | F27: =IFERROR(E27*B27,"-") -> 0 | G27: =IFERROR(VLOOKUP(A27,'Detailed Dashboard'!$A:$AD,6,FALSE),"-") -> 0 | H27: =IFERROR(E27*B27*G27,"-") -> 0 | I27: =IFERROR(IF(VLOOKUP(A27,'Payment Dates'!$A:$B,2,FALSE)="monthly",4, MOD(MONTH(VLOOKUP(A27,'Payment Dates'!$A:$B,2,FALSE)),3)), "-") -> 0 | J27: =IFERROR(VLOOKUP(A27,'Detailed Dashboard'!$A:$AD,10,FALSE),"-") -> 0 | K27: =IFERROR(VLOOKUP(A26,'Detailed Dashboard'!$A:$AD,7,FALSE),"-") -> 0 | L27: =IFERROR(VLOOKUP(A26,'Detailed Dashboard'!$A:$AD,8,FALSE),"-") -> 0 | M27: =IFERROR(VLOOKUP(A26,'Detailed Dashboard'!$A:$AD,9,FALSE),"-") -> 0
C28: =IFERROR(VLOOKUP(A28,'Detailed Dashboard'!$A:$AD,19,FALSE),"-") -> 0 | D28: =IFERROR(F28/SUM($F$2:$F$51),"-") -> 0 | E28: =IFERROR(VLOOKUP(A28,'Detailed Dashboard'!$A:$AD,3,FALSE),"-") -> 0 | F28: =IFERROR(E28*B28,"-") -> 0 | G28: =IFERROR(VLOOKUP(A28,'Detailed Dashboard'!$A:$AD,6,FALSE),"-") -> 0 | H28: =IFERROR(E28*B28*G28,"-") -> 0 | I28: =IFERROR(IF(VLOOKUP(A28,'Payment Dates'!$A:$B,2,FALSE)="monthly",4, MOD(MONTH(VLOOKUP(A28,'Payment Dates'!$A:$B,2,FALSE)),3)), "-") -> 0 | J28: =IFERROR(VLOOKUP(A28,'Detailed Dashboard'!$A:$AD,10,FALSE),"-") -> 0 | K28: =IFERROR(VLOOKUP(A26,'Detailed Dashboard'!$A:$AD,7,FALSE),"-") -> 0 | L28: =IFERROR(VLOOKUP(A26,'Detailed Dashboard'!$A:$AD,8,FALSE),"-") -> 0 | M28: =IFERROR(VLOOKUP(A26,'Detailed Dashboard'!$A:$AD,9,FALSE),"-") -> 0
C29: =IFERROR(VLOOKUP(A29,'Detailed Dashboard'!$A:$AD,19,FALSE),"-") -> 0 | D29: =IFERROR(F29/SUM($F$2:$F$51),"-") -> 0 | E29: =IFERROR(VLOOKUP(A29,'Detailed Dashboard'!$A:$AD,3,FALSE),"-") -> 0 | F29: =IFERROR(E29*B29,"-") -> 0 | G29: =IFERROR(VLOOKUP(A29,'Detailed Dashboard'!$A:$AD,6,FALSE),"-") -> 0 | H29: =IFERROR(E29*B29*G29,"-") -> 0 | I29: =IFERROR(IF(VLOOKUP(A29,'Payment Dates'!$A:$B,2,FALSE)="monthly",4, MOD(MONTH(VLOOKUP(A29,'Payment Dates'!$A:$B,2,FALSE)),3)), "-") -> 0 | J29: =IFERROR(VLOOKUP(A29,'Detailed Dashboard'!$A:$AD,10,FALSE),"-") -> 0 | K29: =IFERROR(VLOOKUP(A26,'Detailed Dashboard'!$A:$AD,7,FALSE),"-") -> 0 | L29: =IFERROR(VLOOKUP(A26,'Detailed Dashboard'!$A:$AD,8,FALSE),"-") -> 0 | M29: =IFERROR(VLOOKUP(A26,'Detailed Dashboard'!$A:$AD,9,FALSE),"-") -> 0
C30: =IFERROR(VLOOKUP(A30,'Detailed Dashboard'!$A:$AD,19,FALSE),"-") -> 0 | D30: =IFERROR(F30/SUM($F$2:$F$51),"-") -> 0 | E30: =IFERROR(VLOOKUP(A30,'Detailed Dashboard'!$A:$AD,3,FALSE),"-") -> 0 | F30: =IFERROR(E30*B30,"-") -> 0 | G30: =IFERROR(VLOOKUP(A30,'Detailed Dashboard'!$A:$AD,6,FALSE),"-") -> 0 | H30: =IFERROR(E30*B30*G30,"-") -> 0 | I30: =IFERROR(IF(VLOOKUP(A30,'Payment Dates'!$A:$B,2,FALSE)="monthly",4, MOD(MONTH(VLOOKUP(A30,'Payment Dates'!$A:$B,2,FALSE)),3)), "-") -> 0 | J30: =IFERROR(VLOOKUP(A30,'Detailed Dashboard'!$A:$AD,10,FALSE),"-") -> 0 | K30: =IFERROR(VLOOKUP(A26,'Detailed Dashboard'!$A:$AD,7,FALSE),"-") -> 0 | L30: =IFERROR(VLOOKUP(A26,'Detailed Dashboard'!$A:$AD,8,FALSE),"-") -> 0 | M30: =IFERROR(VLOOKUP(A26,'Detailed Dashboard'!$A:$AD,9,FALSE),"-") -> 0
C31: =IFERROR(VLOOKUP(A31,'Detailed Dashboard'!$A:$AD,19,FALSE),"-") -> 0 | D31: =IFERROR(F31/SUM($F$2:$F$51),"-") -> 0 | E31: =IFERROR(VLOOKUP(A31,'Detailed Dashboard'!$A:$AD,3,FALSE),"-") -> 0 | F31: =IFERROR(E31*B31,"-") -> 0 | G31: =IFERROR(VLOOKUP(A31,'Detailed Dashboard'!$A:$AD,6,FALSE),"-") -> 0 | H31: =IFERROR(E31*B31*G31,"-") -> 0 | I31: =IFERROR(IF(VLOOKUP(A31,'Payment Dates'!$A:$B,2,FALSE)="monthly",4, MOD(MONTH(VLOOKUP(A31,'Payment Dates'!$A:$B,2,FALSE)),3)), "-") -> 0 | J31: =IFERROR(VLOOKUP(A31,'Detailed Dashboard'!$A:$AD,10,FALSE),"-") -> 0 | K31: =IFERROR(VLOOKUP(A26,'Detailed Dashboard'!$A:$AD,7,FALSE),"-") -> 0 | L31: =IFERROR(VLOOKUP(A26,'Detailed Dashboard'!$A:$AD,8,FALSE),"-") -> 0 | M31: =IFERROR(VLOOKUP(A26,'Detailed Dashboard'!$A:$AD,9,FALSE),"-") -> 0
C32: =IFERROR(VLOOKUP(A32,'Detailed Dashboard'!$A:$AD,19,FALSE),"-") -> 0 | D32: =IFERROR(F32/SUM($F$2:$F$51),"-") -> 0 | E32: =IFERROR(VLOOKUP(A32,'Detailed Dashboard'!$A:$AD,3,FALSE),"-") -> 0 | F32: =IFERROR(E32*B32,"-") -> 0 | G32: =IFERROR(VLOOKUP(A32,'Detailed Dashboard'!$A:$AD,6,FALSE),"-") -> 0 | H32: =IFERROR(E32*B32*G32,"-") -> 0 | I32: =IFERROR(IF(VLOOKUP(A32,'Payment Dates'!$A:$B,2,FALSE)="monthly",4, MOD(MONTH(VLOOKUP(A32,'Payment Dates'!$A:$B,2,FALSE)),3)), "-") -> 0 | J32: =IFERROR(VLOOKUP(A32,'Detailed Dashboard'!$A:$AD,10,FALSE),"-") -> 0 | K32: =IFERROR(VLOOKUP(A26,'Detailed Dashboard'!$A:$AD,7,FALSE),"-") -> 0 | L32: =IFERROR(VLOOKUP(A26,'Detailed Dashboard'!$A:$AD,8,FALSE),"-") -> 0 | M32: =IFERROR(VLOOKUP(A26,'Detailed Dashboard'!$A:$AD,9,FALSE),"-") -> 0
C33: =IFERROR(VLOOKUP(A33,'Detailed Dashboard'!$A:$AD,19,FALSE),"-") -> 0 | D33: =IFERROR(F33/SUM($F$2:$F$51),"-") -> 0 | E33: =IFERROR(VLOOKUP(A33,'Detailed Dashboard'!$A:$AD,3,FALSE),"-") -> 0 | F33: =IFERROR(E33*B33,"-") -> 0 | G33: =IFERROR(VLOOKUP(A33,'Detailed Dashboard'!$A:$AD,6,FALSE),"-") -> 0 | H33: =IFERROR(E33*B33*G33,"-") -> 0 | I33: =IFERROR(IF(VLOOKUP(A33,'Payment Dates'!$A:$B,2,FALSE)="monthly",4, MOD(MONTH(VLOOKUP(A33,'Payment Dates'!$A:$B,2,FALSE)),3)), "-") -> 0 | J33: =IFERROR(VLOOKUP(A33,'Detailed Dashboard'!$A:$AD,10,FALSE),"-") -> 0 | K33: =IFERROR(VLOOKUP(A26,'Detailed Dashboard'!$A:$AD,7,FALSE),"-") -> 0 | L33: =IFERROR(VLOOKUP(A26,'Detailed Dashboard'!$A:$AD,8,FALSE),"-") -> 0 | M33: =IFERROR(VLOOKUP(A26,'Detailed Dashboard'!$A:$AD,9,FALSE),"-") -> 0
C34: =IFERROR(VLOOKUP(A34,'Detailed Dashboard'!$A:$AD,19,FALSE),"-") -> 0 | D34: =IFERROR(F34/SUM($F$2:$F$51),"-") -> 0 | E34: =IFERROR(VLOOKUP(A34,'Detailed Dashboard'!$A:$AD,3,FALSE),"-") -> 0 | F34: =IFERROR(E34*B34,"-") -> 0 | G34: =IFERROR(VLOOKUP(A34,'Detailed Dashboard'!$A:$AD,6,FALSE),"-") -> 0 | H34: =IFERROR(E34*B34*G34,"-") -> 0 | I34: =IFERROR(IF(VLOOKUP(A34,'Payment Dates'!$A:$B,2,FALSE)="monthly",4, MOD(MONTH(VLOOKUP(A34,'Payment Dates'!$A:$B,2,FALSE)),3)), "-") -> 0 | J34: =IFERROR(VLOOKUP(A34,'Detailed Dashboard'!$A:$AD,10,FALSE),"-") -> 0 | K34: =IFERROR(VLOOKUP(A26,'Detailed Dashboard'!$A:$AD,7,FALSE),"-") -> 0 | L34: =IFERROR(VLOOKUP(A26,'Detailed Dashboard'!$A:$AD,8,FALSE),"-") -> 0 | M34: =IFERROR(VLOOKUP(A26,'Detailed Dashboard'!$A:$AD,9,FALSE),"-") -> 0
C35: =IFERROR(VLOOKUP(A35,'Detailed Dashboard'!$A:$AD,19,FALSE),"-") -> 0 | D35: =IFERROR(F35/SUM($F$2:$F$51),"-") -> 0 | E35: =IFERROR(VLOOKUP(A35,'Detailed Dashboard'!$A:$AD,3,FALSE),"-") -> 0 | F35: =IFERROR(E35*B35,"-") -> 0 | G35: =IFERROR(VLOOKUP(A35,'Detailed Dashboard'!$A:$AD,6,FALSE),"-") -> 0 | H35: =IFERROR(E35*B35*G35,"-") -> 0 | I35: =IFERROR(IF(VLOOKUP(A35,'Payment Dates'!$A:$B,2,FALSE)="monthly",4, MOD(MONTH(VLOOKUP(A35,'Payment Dates'!$A:$B,2,FALSE)),3)), "-") -> 0 | J35: =IFERROR(VLOOKUP(A35,'Detailed Dashboard'!$A:$AD,10,FALSE),"-") -> 0 | K35: =IFERROR(VLOOKUP(A26,'Detailed Dashboard'!$A:$AD,7,FALSE),"-") -> 0 | L35: =IFERROR(VLOOKUP(A26,'Detailed Dashboard'!$A:$AD,8,FALSE),"-") -> 0 | M35: =IFERROR(VLOOKUP(A26,'Detailed Dashboard'!$A:$AD,9,FALSE),"-") -> 0
C36: =IFERROR(VLOOKUP(A36,'Detailed Dashboard'!$A:$AD,19,FALSE),"-") -> 0 | D36: =IFERROR(F36/SUM($F$2:$F$51),"-") -> 0 | E36: =IFERROR(VLOOKUP(A36,'Detailed Dashboard'!$A:$AD,3,FALSE),"-") -> 0 | F36: =IFERROR(E36*B36,"-") -> 0 | G36: =IFERROR(VLOOKUP(A36,'Detailed Dashboard'!$A:$AD,6,FALSE),"-") -> 0 | H36: =IFERROR(E36*B36*G36,"-") -> 0 | I36: =IFERROR(IF(VLOOKUP(A36,'Payment Dates'!$A:$B,2,FALSE)="monthly",4, MOD(MONTH(VLOOKUP(A36,'Payment Dates'!$A:$B,2,FALSE)),3)), "-") -> 0 | J36: =IFERROR(VLOOKUP(A36,'Detailed Dashboard'!$A:$AD,10,FALSE),"-") -> 0 | K36: =IFERROR(VLOOKUP(A26,'Detailed Dashboard'!$A:$AD,7,FALSE),"-") -> 0 | L36: =IFERROR(VLOOKUP(A26,'Detailed Dashboard'!$A:$AD,8,FALSE),"-") -> 0 | M36: =IFERROR(VLOOKUP(A26,'Detailed Dashboard'!$A:$AD,9,FALSE),"-") -> 0
C37: =IFERROR(VLOOKUP(A37,'Detailed Dashboard'!$A:$AD,19,FALSE),"-") -> 0 | D37: =IFERROR(F37/SUM($F$2:$F$51),"-") -> 0 | E37: =IFERROR(VLOOKUP(A37,'Detailed Dashboard'!$A:$AD,3,FALSE),"-") -> 0 | F37: =IFERROR(E37*B37,"-") -> 0 | G37: =IFERROR(VLOOKUP(A37,'Detailed Dashboard'!$A:$AD,6,FALSE),"-") -> 0 | H37: =IFERROR(E37*B37*G37,"-") -> 0 | I37: =IFERROR(IF(VLOOKUP(A37,'Payment Dates'!$A:$B,2,FALSE)="monthly",4, MOD(MONTH(VLOOKUP(A37,'Payment Dates'!$A:$B,2,FALSE)),3)), "-") -> 0 | J37: =IFERROR(VLOOKUP(A37,'Detailed Dashboard'!$A:$AD,10,FALSE),"-") -> 0 | K37: =IFERROR(VLOOKUP(A26,'Detailed Dashboard'!$A:$AD,7,FALSE),"-") -> 0 | L37: =IFERROR(VLOOKUP(A26,'Detailed Dashboard'!$A:$AD,8,FALSE),"-") -> 0 | M37: =IFERROR(VLOOKUP(A26,'Detailed Dashboard'!$A:$AD,9,FALSE),"-") -> 0
C38: =IFERROR(VLOOKUP(A38,'Detailed Dashboard'!$A:$AD,19,FALSE),"-") -> 0 | D38: =IFERROR(F38/SUM($F$2:$F$51),"-") -> 0 | E38: =IFERROR(VLOOKUP(A38,'Detailed Dashboard'!$A:$AD,3,FALSE),"-") -> 0 | F38: =IFERROR(E38*B38,"-") -> 0 | G38: =IFERROR(VLOOKUP(A38,'Detailed Dashboard'!$A:$AD,6,FALSE),"-") -> 0 | H38: =IFERROR(E38*B38*G38,"-") -> 0 | I38: =IFERROR(IF(VLOOKUP(A38,'Payment Dates'!$A:$B,2,FALSE)="monthly",4, MOD(MONTH(VLOOKUP(A38,'Payment Dates'!$A:$B,2,FALSE)),3)), "-") -> 0 | J38: =IFERROR(VLOOKUP(A38,'Detailed Dashboard'!$A:$AD,10,FALSE),"-") -> 0 | K38: =IFERROR(VLOOKUP(A26,'Detailed Dashboard'!$A:$AD,7,FALSE),"-") -> 0 | L38: =IFERROR(VLOOKUP(A26,'Detailed Dashboard'!$A:$AD,8,FALSE),"-") -> 0 | M38: =IFERROR(VLOOKUP(A26,'Detailed Dashboard'!$A:$AD,9,FALSE),"-") -> 0
C39: =IFERROR(VLOOKUP(A39,'Detailed Dashboard'!$A:$AD,19,FALSE),"-") -> 0 | D39: =IFERROR(F39/SUM($F$2:$F$51),"-") -> 0 | E39: =IFERROR(VLOOKUP(A39,'Detailed Dashboard'!$A:$AD,3,FALSE),"-") -> 0 | F39: =IFERROR(E39*B39,"-") -> 0 | G39: =IFERROR(VLOOKUP(A39,'Detailed Dashboard'!$A:$AD,6,FALSE),"-") -> 0 | H39: =IFERROR(E39*B39*G39,"-") -> 0 | I39: =IFERROR(IF(VLOOKUP(A39,'Payment Dates'!$A:$B,2,FALSE)="monthly",4, MOD(MONTH(VLOOKUP(A39,'Payment Dates'!$A:$B,2,FALSE)),3)), "-") -> 0 | J39: =IFERROR(VLOOKUP(A39,'Detailed Dashboard'!$A:$AD,10,FALSE),"-") -> 0 | K39: =IFERROR(VLOOKUP(A26,'Detailed Dashboard'!$A:$AD,7,FALSE),"-") -> 0 | L39: =IFERROR(VLOOKUP(A26,'Detailed Dashboard'!$A:$AD,8,FALSE),"-") -> 0 | M39: =IFERROR(VLOOKUP(A26,'Detailed Dashboard'!$A:$AD,9,FALSE),"-") -> 0
C40: =IFERROR(VLOOKUP(A40,'Detailed Dashboard'!$A:$AD,19,FALSE),"-") -> 0 | D40: =IFERROR(F40/SUM($F$2:$F$51),"-") -> 0 | E40: =IFERROR(VLOOKUP(A40,'Detailed Dashboard'!$A:$AD,3,FALSE),"-") -> 0 | F40: =IFERROR(E40*B40,"-") -> 0 | G40: =IFERROR(VLOOKUP(A40,'Detailed Dashboard'!$A:$AD,6,FALSE),"-") -> 0 | H40: =IFERROR(E40*B40*G40,"-") -> 0 | I40: =IFERROR(IF(VLOOKUP(A40,'Payment Dates'!$A:$B,2,FALSE)="monthly",4, MOD(MONTH(VLOOKUP(A40,'Payment Dates'!$A:$B,2,FALSE)),3)), "-") -> 0 | J40: =IFERROR(VLOOKUP(A40,'Detailed Dashboard'!$A:$AD,10,FALSE),"-") -> 0 | K40: =IFERROR(VLOOKUP(A26,'Detailed Dashboard'!$A:$AD,7,FALSE),"-") -> 0 | L40: =IFERROR(VLOOKUP(A26,'Detailed Dashboard'!$A:$AD,8,FALSE),"-") -> 0 | M40: =IFERROR(VLOOKUP(A26,'Detailed Dashboard'!$A:$AD,9,FALSE),"-") -> 0
C41: =IFERROR(VLOOKUP(A41,'Detailed Dashboard'!$A:$AD,19,FALSE),"-") -> 0 | D41: =IFERROR(F41/SUM($F$2:$F$51),"-") -> 0 | E41: =IFERROR(VLOOKUP(A41,'Detailed Dashboard'!$A:$AD,3,FALSE),"-") -> 0 | F41: =IFERROR(E41*B41,"-") -> 0 | G41: =IFERROR(VLOOKUP(A41,'Detailed Dashboard'!$A:$AD,6,FALSE),"-") -> 0 | H41: =IFERROR(E41*B41*G41,"-") -> 0 | I41: =IFERROR(IF(VLOOKUP(A41,'Payment Dates'!$A:$B,2,FALSE)="monthly",4, MOD(MONTH(VLOOKUP(A41,'Payment Dates'!$A:$B,2,FALSE)),3)), "-") -> 0 | J41: =IFERROR(VLOOKUP(A41,'Detailed Dashboard'!$A:$AD,10,FALSE),"-") -> 0 | K41: =IFERROR(VLOOKUP(A26,'Detailed Dashboard'!$A:$AD,7,FALSE),"-") -> 0 | L41: =IFERROR(VLOOKUP(A26,'Detailed Dashboard'!$A:$AD,8,FALSE),"-") -> 0 | M41: =IFERROR(VLOOKUP(A26,'Detailed Dashboard'!$A:$AD,9,FALSE),"-") -> 0
C42: =IFERROR(VLOOKUP(A42,'Detailed Dashboard'!$A:$AD,19,FALSE),"-") -> 0 | D42: =IFERROR(F42/SUM($F$2:$F$51),"-") -> 0 | E42: =IFERROR(VLOOKUP(A42,'Detailed Dashboard'!$A:$AD,3,FALSE),"-") -> 0 | F42: =IFERROR(E42*B42,"-") -> 0 | G42: =IFERROR(VLOOKUP(A42,'Detailed Dashboard'!$A:$AD,6,FALSE),"-") -> 0 | H42: =IFERROR(E42*B42*G42,"-") -> 0 | I42: =IFERROR(IF(VLOOKUP(A42,'Payment Dates'!$A:$B,2,FALSE)="monthly",4, MOD(MONTH(VLOOKUP(A42,'Payment Dates'!$A:$B,2,FALSE)),3)), "-") -> 0 | J42: =IFERROR(VLOOKUP(A42,'Detailed Dashboard'!$A:$AD,10,FALSE),"-") -> 0 | K42: =IFERROR(VLOOKUP(A26,'Detailed Dashboard'!$A:$AD,7,FALSE),"-") -> 0 | L42: =IFERROR(VLOOKUP(A26,'Detailed Dashboard'!$A:$AD,8,FALSE),"-") -> 0 | M42: =IFERROR(VLOOKUP(A26,'Detailed Dashboard'!$A:$AD,9,FALSE),"-") -> 0
C43: =IFERROR(VLOOKUP(A43,'Detailed Dashboard'!$A:$AD,19,FALSE),"-") -> 0 | D43: =IFERROR(F43/SUM($F$2:$F$51),"-") -> 0 | E43: =IFERROR(VLOOKUP(A43,'Detailed Dashboard'!$A:$AD,3,FALSE),"-") -> 0 | F43: =IFERROR(E43*B43,"-") -> 0 | G43: =IFERROR(VLOOKUP(A43,'Detailed Dashboard'!$A:$AD,6,FALSE),"-") -> 0 | H43: =IFERROR(E43*B43*G43,"-") -> 0 | I43: =IFERROR(IF(VLOOKUP(A43,'Payment Dates'!$A:$B,2,FALSE)="monthly",4, MOD(MONTH(VLOOKUP(A43,'Payment Dates'!$A:$B,2,FALSE)),3)), "-") -> 0 | J43: =IFERROR(VLOOKUP(A43,'Detailed Dashboard'!$A:$AD,10,FALSE),"-") -> 0 | K43: =IFERROR(VLOOKUP(A26,'Detailed Dashboard'!$A:$AD,7,FALSE),"-") -> 0 | L43: =IFERROR(VLOOKUP(A26,'Detailed Dashboard'!$A:$AD,8,FALSE),"-") -> 0 | M43: =IFERROR(VLOOKUP(A26,'Detailed Dashboard'!$A:$AD,9,FALSE),"-") -> 0
C44: =IFERROR(VLOOKUP(A44,'Detailed Dashboard'!$A:$AD,19,FALSE),"-") -> 0 | D44: =IFERROR(F44/SUM($F$2:$F$51),"-") -> 0 | E44: =IFERROR(VLOOKUP(A44,'Detailed Dashboard'!$A:$AD,3,FALSE),"-") -> 0 | F44: =IFERROR(E44*B44,"-") -> 0 | G44: =IFERROR(VLOOKUP(A44,'Detailed Dashboard'!$A:$AD,6,FALSE),"-") -> 0 | H44: =IFERROR(E44*B44*G44,"-") -> 0 | I44: =IFERROR(IF(VLOOKUP(A44,'Payment Dates'!$A:$B,2,FALSE)="monthly",4, MOD(MONTH(VLOOKUP(A44,'Payment Dates'!$A:$B,2,FALSE)),3)), "-") -> 0 | J44: =IFERROR(VLOOKUP(A44,'Detailed Dashboard'!$A:$AD,10,FALSE),"-") -> 0 | K44: =IFERROR(VLOOKUP(A26,'Detailed Dashboard'!$A:$AD,7,FALSE),"-") -> 0 | L44: =IFERROR(VLOOKUP(A26,'Detailed Dashboard'!$A:$AD,8,FALSE),"-") -> 0 | M44: =IFERROR(VLOOKUP(A26,'Detailed Dashboard'!$A:$AD,9,FALSE),"-") -> 0
C45: =IFERROR(VLOOKUP(A45,'Detailed Dashboard'!$A:$AD,19,FALSE),"-") -> 0 | D45: =IFERROR(F45/SUM($F$2:$F$51),"-") -> 0 | E45: =IFERROR(VLOOKUP(A45,'Detailed Dashboard'!$A:$AD,3,FALSE),"-") -> 0 | F45: =IFERROR(E45*B45,"-") -> 0 | G45: =IFERROR(VLOOKUP(A45,'Detailed Dashboard'!$A:$AD,6,FALSE),"-") -> 0 | H45: =IFERROR(E45*B45*G45,"-") -> 0 | I45: =IFERROR(IF(VLOOKUP(A45,'Payment Dates'!$A:$B,2,FALSE)="monthly",4, MOD(MONTH(VLOOKUP(A45,'Payment Dates'!$A:$B,2,FALSE)),3)), "-") -> 0 | J45: =IFERROR(VLOOKUP(A45,'Detailed Dashboard'!$A:$AD,10,FALSE),"-") -> 0 | K45: =IFERROR(VLOOKUP(A26,'Detailed Dashboard'!$A:$AD,7,FALSE),"-") -> 0 | L45: =IFERROR(VLOOKUP(A26,'Detailed Dashboard'!$A:$AD,8,FALSE),"-") -> 0 | M45: =IFERROR(VLOOKUP(A26,'Detailed Dashboard'!$A:$AD,9,FALSE),"-") -> 0
C46: =IFERROR(VLOOKUP(A46,'Detailed Dashboard'!$A:$AD,19,FALSE),"-") -> 0 | D46: =IFERROR(F46/SUM($F$2:$F$51),"-") -> 0 | E46: =IFERROR(VLOOKUP(A46,'Detailed Dashboard'!$A:$AD,3,FALSE),"-") -> 0 | F46: =IFERROR(E46*B46,"-") -> 0 | G46: =IFERROR(VLOOKUP(A46,'Detailed Dashboard'!$A:$AD,6,FALSE),"-") -> 0 | H46: =IFERROR(E46*B46*G46,"-") -> 0 | I46: =IFERROR(IF(VLOOKUP(A46,'Payment Dates'!$A:$B,2,FALSE)="monthly",4, MOD(MONTH(VLOOKUP(A46,'Payment Dates'!$A:$B,2,FALSE)),3)), "-") -> 0 | J46: =IFERROR(VLOOKUP(A46,'Detailed Dashboard'!$A:$AD,10,FALSE),"-") -> 0 | K46: =IFERROR(VLOOKUP(A26,'Detailed Dashboard'!$A:$AD,7,FALSE),"-") -> 0 | L46: =IFERROR(VLOOKUP(A26,'Detailed Dashboard'!$A:$AD,8,FALSE),"-") -> 0 | M46: =IFERROR(VLOOKUP(A26,'Detailed Dashboard'!$A:$AD,9,FALSE),"-") -> 0
C47: =IFERROR(VLOOKUP(A47,'Detailed Dashboard'!$A:$AD,19,FALSE),"-") -> 0 | D47: =IFERROR(F47/SUM($F$2:$F$51),"-") -> 0 | E47: =IFERROR(VLOOKUP(A47,'Detailed Dashboard'!$A:$AD,3,FALSE),"-") -> 0 | F47: =IFERROR(E47*B47,"-") -> 0 | G47: =IFERROR(VLOOKUP(A47,'Detailed Dashboard'!$A:$AD,6,FALSE),"-") -> 0 | H47: =IFERROR(E47*B47*G47,"-") -> 0 | I47: =IFERROR(IF(VLOOKUP(A47,'Payment Dates'!$A:$B,2,FALSE)="monthly",4, MOD(MONTH(VLOOKUP(A47,'Payment Dates'!$A:$B,2,FALSE)),3)), "-") -> 0 | J47: =IFERROR(VLOOKUP(A47,'Detailed Dashboard'!$A:$AD,10,FALSE),"-") -> 0 | K47: =IFERROR(VLOOKUP(A26,'Detailed Dashboard'!$A:$AD,7,FALSE),"-") -> 0 | L47: =IFERROR(VLOOKUP(A26,'Detailed Dashboard'!$A:$AD,8,FALSE),"-") -> 0 | M47: =IFERROR(VLOOKUP(A26,'Detailed Dashboard'!$A:$AD,9,FALSE),"-") -> 0
C48: =IFERROR(VLOOKUP(A48,'Detailed Dashboard'!$A:$AD,19,FALSE),"-") -> 0 | D48: =IFERROR(F48/SUM($F$2:$F$51),"-") -> 0 | E48: =IFERROR(VLOOKUP(A48,'Detailed Dashboard'!$A:$AD,3,FALSE),"-") -> 0 | F48: =IFERROR(E48*B48,"-") -> 0 | G48: =IFERROR(VLOOKUP(A48,'Detailed Dashboard'!$A:$AD,6,FALSE),"-") -> 0 | H48: =IFERROR(E48*B48*G48,"-") -> 0 | I48: =IFERROR(IF(VLOOKUP(A48,'Payment Dates'!$A:$B,2,FALSE)="monthly",4, MOD(MONTH(VLOOKUP(A48,'Payment Dates'!$A:$B,2,FALSE)),3)), "-") -> 0 | J48: =IFERROR(VLOOKUP(A48,'Detailed Dashboard'!$A:$AD,10,FALSE),"-") -> 0 | K48: =IFERROR(VLOOKUP(A26,'Detailed Dashboard'!$A:$AD,7,FALSE),"-") -> 0 | L48: =IFERROR(VLOOKUP(A26,'Detailed Dashboard'!$A:$AD,8,FALSE),"-") -> 0 | M48: =IFERROR(VLOOKUP(A26,'Detailed Dashboard'!$A:$AD,9,FALSE),"-") -> 0
C49: =IFERROR(VLOOKUP(A49,'Detailed Dashboard'!$A:$AD,19,FALSE),"-") -> 0 | D49: =IFERROR(F49/SUM($F$2:$F$51),"-") -> 0 | E49: =IFERROR(VLOOKUP(A49,'Detailed Dashboard'!$A:$AD,3,FALSE),"-") -> 0 | F49: =IFERROR(E49*B49,"-") -> 0 | G49: =IFERROR(VLOOKUP(A49,'Detailed Dashboard'!$A:$AD,6,FALSE),"-") -> 0 | H49: =IFERROR(E49*B49*G49,"-") -> 0 | I49: =IFERROR(IF(VLOOKUP(A49,'Payment Dates'!$A:$B,2,FALSE)="monthly",4, MOD(MONTH(VLOOKUP(A49,'Payment Dates'!$A:$B,2,FALSE)),3)), "-") -> 0 | J49: =IFERROR(VLOOKUP(A49,'Detailed Dashboard'!$A:$AD,10,FALSE),"-") -> 0 | K49: =IFERROR(VLOOKUP(A26,'Detailed Dashboard'!$A:$AD,7,FALSE),"-") -> 0 | L49: =IFERROR(VLOOKUP(A26,'Detailed Dashboard'!$A:$AD,8,FALSE),"-") -> 0 | M49: =IFERROR(VLOOKUP(A26,'Detailed Dashboard'!$A:$AD,9,FALSE),"-") -> 0
C50: =IFERROR(VLOOKUP(A50,'Detailed Dashboard'!$A:$AD,19,FALSE),"-") -> 0 | D50: =IFERROR(F50/SUM($F$2:$F$51),"-") -> 0 | E50: =IFERROR(VLOOKUP(A50,'Detailed Dashboard'!$A:$AD,3,FALSE),"-") -> 0 | F50: =IFERROR(E50*B50,"-") -> 0 | G50: =IFERROR(VLOOKUP(A50,'Detailed Dashboard'!$A:$AD,6,FALSE),"-") -> 0 | H50: =IFERROR(E50*B50*G50,"-") -> 0 | I50: =IFERROR(IF(VLOOKUP(A50,'Payment Dates'!$A:$B,2,FALSE)="monthly",4, MOD(MONTH(VLOOKUP(A50,'Payment Dates'!$A:$B,2,FALSE)),3)), "-") -> 0 | J50: =IFERROR(VLOOKUP(A50,'Detailed Dashboard'!$A:$AD,10,FALSE),"-") -> 0 | K50: =IFERROR(VLOOKUP(A26,'Detailed Dashboard'!$A:$AD,7,FALSE),"-") -> 0 | L50: =IFERROR(VLOOKUP(A26,'Detailed Dashboard'!$A:$AD,8,FALSE),"-") -> 0 | M50: =IFERROR(VLOOKUP(A26,'Detailed Dashboard'!$A:$AD,9,FALSE),"-") -> 0
C51: =IFERROR(VLOOKUP(A51,'Detailed Dashboard'!$A:$AD,19,FALSE),"-") -> 0 | D51: =IFERROR(F51/SUM($F$2:$F$51),"-") -> 0 | E51: =IFERROR(VLOOKUP(A51,'Detailed Dashboard'!$A:$AD,3,FALSE),"-") -> 0 | F51: =IFERROR(E51*B51,"-") -> 0 | G51: =IFERROR(VLOOKUP(A51,'Detailed Dashboard'!$A:$AD,6,FALSE),"-") -> 0 | H51: =IFERROR(E51*B51*G51,"-") -> 0 | I51: =IFERROR(IF(VLOOKUP(A51,'Payment Dates'!$A:$B,2,FALSE)="monthly",4, MOD(MONTH(VLOOKUP(A51,'Payment Dates'!$A:$B,2,FALSE)),3)), "-") -> 0 | J51: =IFERROR(VLOOKUP(A51,'Detailed Dashboard'!$A:$AD,10,FALSE),"-") -> 0 | K51: =IFERROR(VLOOKUP(A26,'Detailed Dashboard'!$A:$AD,7,FALSE),"-") -> 0 | L51: =IFERROR(VLOOKUP(A26,'Detailed Dashboard'!$A:$AD,8,FALSE),"-") -> 0 | M51: =IFERROR(VLOOKUP(A26,'Detailed Dashboard'!$A:$AD,9,FALSE),"-") -> 0
C52: =IFERROR(VLOOKUP(A52,'Detailed Dashboard'!$A:$AD,19,FALSE),"-") -> 0 | D52: =IFERROR(F52/SUM($F$2:$F$51),"-") -> 0 | E52: =IFERROR(VLOOKUP(A52,'Detailed Dashboard'!$A:$AD,3,FALSE),"-") -> 0 | F52: =IFERROR(E52*B52,"-") -> 0 | G52: =IFERROR(VLOOKUP(A52,'Detailed Dashboard'!$A:$AD,6,FALSE),"-") -> 0 | H52: =IFERROR(E52*B52*G52,"-") -> 0 | I52: =IFERROR(IF(VLOOKUP(A52,'Payment Dates'!$A:$B,2,FALSE)="monthly",4, MOD(MONTH(VLOOKUP(A52,'Payment Dates'!$A:$B,2,FALSE)),3)), "-") -> 0 | J52: =IFERROR(VLOOKUP(A52,'Detailed Dashboard'!$A:$AD,10,FALSE),"-") -> 0 | K52: =IFERROR(VLOOKUP(A26,'Detailed Dashboard'!$A:$AD,7,FALSE),"-") -> 0 | L52: =IFERROR(VLOOKUP(A26,'Detailed Dashboard'!$A:$AD,8,FALSE),"-") -> 0 | M52: =IFERROR(VLOOKUP(A26,'Detailed Dashboard'!$A:$AD,9,FALSE),"-") -> 0
C53: =IFERROR(VLOOKUP(A53,'Detailed Dashboard'!$A:$AD,19,FALSE),"-") -> 0 | D53: =IFERROR(F53/SUM($F$2:$F$51),"-") -> 0 | E53: =IFERROR(VLOOKUP(A53,'Detailed Dashboard'!$A:$AD,3,FALSE),"-") -> 0 | F53: =IFERROR(E53*B53,"-") -> 0 | G53: =IFERROR(VLOOKUP(A53,'Detailed Dashboard'!$A:$AD,6,FALSE),"-") -> 0 | H53: =IFERROR(E53*B53*G53,"-") -> 0 | I53: =IFERROR(IF(VLOOKUP(A53,'Payment Dates'!$A:$B,2,FALSE)="monthly",4, MOD(MONTH(VLOOKUP(A53,'Payment Dates'!$A:$B,2,FALSE)),3)), "-") -> 0 | J53: =IFERROR(VLOOKUP(A53,'Detailed Dashboard'!$A:$AD,10,FALSE),"-") -> 0 | K53: =IFERROR(VLOOKUP(A26,'Detailed Dashboard'!$A:$AD,7,FALSE),"-") -> 0 | L53: =IFERROR(VLOOKUP(A26,'Detailed Dashboard'!$A:$AD,8,FALSE),"-") -> 0 | M53: =IFERROR(VLOOKUP(A26,'Detailed Dashboard'!$A:$AD,9,FALSE),"-") -> 0
C54: =IFERROR(VLOOKUP(A54,'Detailed Dashboard'!$A:$AD,19,FALSE),"-") -> 0 | D54: =IFERROR(F54/SUM($F$2:$F$51),"-") -> 0 | E54: =IFERROR(VLOOKUP(A54,'Detailed Dashboard'!$A:$AD,3,FALSE),"-") -> 0 | F54: =IFERROR(E54*B54,"-") -> 0 | G54: =IFERROR(VLOOKUP(A54,'Detailed Dashboard'!$A:$AD,6,FALSE),"-") -> 0 | H54: =IFERROR(E54*B54*G54,"-") -> 0 | I54: =IFERROR(IF(VLOOKUP(A54,'Payment Dates'!$A:$B,2,FALSE)="monthly",4, MOD(MONTH(VLOOKUP(A54,'Payment Dates'!$A:$B,2,FALSE)),3)), "-") -> 0 | J54: =IFERROR(VLOOKUP(A54,'Detailed Dashboard'!$A:$AD,10,FALSE),"-") -> 0 | K54: =IFERROR(VLOOKUP(A26,'Detailed Dashboard'!$A:$AD,7,FALSE),"-") -> 0 | L54: =IFERROR(VLOOKUP(A26,'Detailed Dashboard'!$A:$AD,8,FALSE),"-") -> 0 | M54: =IFERROR(VLOOKUP(A26,'Detailed Dashboard'!$A:$AD,9,FALSE),"-") -> 0
C55: =IFERROR(VLOOKUP(A55,'Detailed Dashboard'!$A:$AD,19,FALSE),"-") -> 0 | D55: =IFERROR(F55/SUM($F$2:$F$51),"-") -> 0 | E55: =IFERROR(VLOOKUP(A55,'Detailed Dashboard'!$A:$AD,3,FALSE),"-") -> 0 | F55: =IFERROR(E55*B55,"-") -> 0 | G55: =IFERROR(VLOOKUP(A55,'Detailed Dashboard'!$A:$AD,6,FALSE),"-") -> 0 | H55: =IFERROR(E55*B55*G55,"-") -> 0 | I55: =IFERROR(IF(VLOOKUP(A55,'Payment Dates'!$A:$B,2,FALSE)="monthly",4, MOD(MONTH(VLOOKUP(A55,'Payment Dates'!$A:$B,2,FALSE)),3)), "-") -> 0 | J55: =IFERROR(VLOOKUP(A55,'Detailed Dashboard'!$A:$AD,10,FALSE),"-") -> 0 | K55: =IFERROR(VLOOKUP(A26,'Detailed Dashboard'!$A:$AD,7,FALSE),"-") -> 0 | L55: =IFERROR(VLOOKUP(A26,'Detailed Dashboard'!$A:$AD,8,FALSE),"-") -> 0 | M55: =IFERROR(VLOOKUP(A26,'Detailed Dashboard'!$A:$AD,9,FALSE),"-") -> 0
C56: =IFERROR(VLOOKUP(A56,'Detailed Dashboard'!$A:$AD,19,FALSE),"-") -> 0 | D56: =IFERROR(F56/SUM($F$2:$F$51),"-") -> 0 | E56: =IFERROR(VLOOKUP(A56,'Detailed Dashboard'!$A:$AD,3,FALSE),"-") -> 0 | F56: =IFERROR(E56*B56,"-") -> 0 | G56: =IFERROR(VLOOKUP(A56,'Detailed Dashboard'!$A:$AD,6,FALSE),"-") -> 0 | H56: =IFERROR(E56*B56*G56,"-") -> 0 | I56: =IFERROR(IF(VLOOKUP(A56,'Payment Dates'!$A:$B,2,FALSE)="monthly",4, MOD(MONTH(VLOOKUP(A56,'Payment Dates'!$A:$B,2,FALSE)),3)), "-") -> 0 | J56: =IFERROR(VLOOKUP(A56,'Detailed Dashboard'!$A:$AD,10,FALSE),"-") -> 0 | K56: =IFERROR(VLOOKUP(A26,'Detailed Dashboard'!$A:$AD,7,FALSE),"-") -> 0 | L56: =IFERROR(VLOOKUP(A26,'Detailed Dashboard'!$A:$AD,8,FALSE),"-") -> 0 | M56: =IFERROR(VLOOKUP(A26,'Detailed Dashboard'!$A:$AD,9,FALSE),"-") -> 0
C57: =IFERROR(VLOOKUP(A57,'Detailed Dashboard'!$A:$AD,19,FALSE),"-") -> 0 | D57: =IFERROR(F57/SUM($F$2:$F$51),"-") -> 0 | E57: =IFERROR(VLOOKUP(A57,'Detailed Dashboard'!$A:$AD,3,FALSE),"-") -> 0 | F57: =IFERROR(E57*B57,"-") -> 0 | G57: =IFERROR(VLOOKUP(A57,'Detailed Dashboard'!$A:$AD,6,FALSE),"-") -> 0 | H57: =IFERROR(E57*B57*G57,"-") -> 0 | I57: =IFERROR(IF(VLOOKUP(A57,'Payment Dates'!$A:$B,2,FALSE)="monthly",4, MOD(MONTH(VLOOKUP(A57,'Payment Dates'!$A:$B,2,FALSE)),3)), "-") -> 0 | J57: =IFERROR(VLOOKUP(A57,'Detailed Dashboard'!$A:$AD,10,FALSE),"-") -> 0 | K57: =IFERROR(VLOOKUP(A26,'Detailed Dashboard'!$A:$AD,7,FALSE),"-") -> 0 | L57: =IFERROR(VLOOKUP(A26,'Detailed Dashboard'!$A:$AD,8,FALSE),"-") -> 0 | M57: =IFERROR(VLOOKUP(A26,'Detailed Dashboard'!$A:$AD,9,FALSE),"-") -> 0
C58: =IFERROR(VLOOKUP(A58,'Detailed Dashboard'!$A:$AD,19,FALSE),"-") -> 0 | D58: =IFERROR(F58/SUM($F$2:$F$51),"-") -> 0 | E58: =IFERROR(VLOOKUP(A58,'Detailed Dashboard'!$A:$AD,3,FALSE),"-") -> 0 | F58: =IFERROR(E58*B58,"-") -> 0 | G58: =IFERROR(VLOOKUP(A58,'Detailed Dashboard'!$A:$AD,6,FALSE),"-") -> 0 | H58: =IFERROR(E58*B58*G58,"-") -> 0 | I58: =IFERROR(IF(VLOOKUP(A58,'Payment Dates'!$A:$B,2,FALSE)="monthly",4, MOD(MONTH(VLOOKUP(A58,'Payment Dates'!$A:$B,2,FALSE)),3)), "-") -> 0 | J58: =IFERROR(VLOOKUP(A58,'Detailed Dashboard'!$A:$AD,10,FALSE),"-") -> 0 | K58: =IFERROR(VLOOKUP(A26,'Detailed Dashboard'!$A:$AD,7,FALSE),"-") -> 0 | L58: =IFERROR(VLOOKUP(A26,'Detailed Dashboard'!$A:$AD,8,FALSE),"-") -> 0 | M58: =IFERROR(VLOOKUP(A26,'Detailed Dashboard'!$A:$AD,9,FALSE),"-") -> 0
C59: =IFERROR(VLOOKUP(A59,'Detailed Dashboard'!$A:$AD,19,FALSE),"-") -> 0 | D59: =IFERROR(F59/SUM($F$2:$F$51),"-") -> 0 | E59: =IFERROR(VLOOKUP(A59,'Detailed Dashboard'!$A:$AD,3,FALSE),"-") -> 0 | F59: =IFERROR(E59*B59,"-") -> 0 | G59: =IFERROR(VLOOKUP(A59,'Detailed Dashboard'!$A:$AD,6,FALSE),"-") -> 0 | H59: =IFERROR(E59*B59*G59,"-") -> 0 | I59: =IFERROR(IF(VLOOKUP(A59,'Payment Dates'!$A:$B,2,FALSE)="monthly",4, MOD(MONTH(VLOOKUP(A59,'Payment Dates'!$A:$B,2,FALSE)),3)), "-") -> 0 | J59: =IFERROR(VLOOKUP(A59,'Detailed Dashboard'!$A:$AD,10,FALSE),"-") -> 0 | K59: =IFERROR(VLOOKUP(A26,'Detailed Dashboard'!$A:$AD,7,FALSE),"-") -> 0 | L59: =IFERROR(VLOOKUP(A26,'Detailed Dashboard'!$A:$AD,8,FALSE),"-") -> 0 | M59: =IFERROR(VLOOKUP(A26,'Detailed Dashboard'!$A:$AD,9,FALSE),"-") -> 0
C60: =IFERROR(VLOOKUP(A60,'Detailed Dashboard'!$A:$AD,19,FALSE),"-") -> 0 | D60: =IFERROR(F60/SUM($F$2:$F$51),"-") -> 0 | E60: =IFERROR(VLOOKUP(A60,'Detailed Dashboard'!$A:$AD,3,FALSE),"-") -> 0 | F60: =IFERROR(E60*B60,"-") -> 0 | G60: =IFERROR(VLOOKUP(A60,'Detailed Dashboard'!$A:$AD,6,FALSE),"-") -> 0 | H60: =IFERROR(E60*B60*G60,"-") -> 0 | I60: =IFERROR(IF(VLOOKUP(A60,'Payment Dates'!$A:$B,2,FALSE)="monthly",4, MOD(MONTH(VLOOKUP(A60,'Payment Dates'!$A:$B,2,FALSE)),3)), "-") -> 0 | J60: =IFERROR(VLOOKUP(A60,'Detailed Dashboard'!$A:$AD,10,FALSE),"-") -> 0 | K60: =IFERROR(VLOOKUP(A26,'Detailed Dashboard'!$A:$AD,7,FALSE),"-") -> 0 | L60: =IFERROR(VLOOKUP(A26,'Detailed Dashboard'!$A:$AD,8,FALSE),"-") -> 0 | M60: =IFERROR(VLOOKUP(A26,'Detailed Dashboard'!$A:$AD,9,FALSE),"-") -> 0
C61: =IFERROR(VLOOKUP(A61,'Detailed Dashboard'!$A:$AD,19,FALSE),"-") -> 0 | D61: =IFERROR(F61/SUM($F$2:$F$51),"-") -> 0 | E61: =IFERROR(VLOOKUP(A61,'Detailed Dashboard'!$A:$AD,3,FALSE),"-") -> 0 | F61: =IFERROR(E61*B61,"-") -> 0 | G61: =IFERROR(VLOOKUP(A61,'Detailed Dashboard'!$A:$AD,6,FALSE),"-") -> 0 | H61: =IFERROR(E61*B61*G61,"-") -> 0 | I61: =IFERROR(IF(VLOOKUP(A61,'Payment Dates'!$A:$B,2,FALSE)="monthly",4, MOD(MONTH(VLOOKUP(A61,'Payment Dates'!$A:$B,2,FALSE)),3)), "-") -> 0 | J61: =IFERROR(VLOOKUP(A61,'Detailed Dashboard'!$A:$AD,10,FALSE),"-") -> 0 | K61: =IFERROR(VLOOKUP(A26,'Detailed Dashboard'!$A:$AD,7,FALSE),"-") -> 0 | L61: =IFERROR(VLOOKUP(A26,'Detailed Dashboard'!$A:$AD,8,FALSE),"-") -> 0 | M61: =IFERROR(VLOOKUP(A26,'Detailed Dashboard'!$A:$AD,9,FALSE),"-") -> 0
C62: =IFERROR(VLOOKUP(A62,'Detailed Dashboard'!$A:$AD,19,FALSE),"-") -> 0 | D62: =IFERROR(F62/SUM($F$2:$F$51),"-") -> 0 | E62: =IFERROR(VLOOKUP(A62,'Detailed Dashboard'!$A:$AD,3,FALSE),"-") -> 0 | F62: =IFERROR(E62*B62,"-") -> 0 | G62: =IFERROR(VLOOKUP(A62,'Detailed Dashboard'!$A:$AD,6,FALSE),"-") -> 0 | H62: =IFERROR(E62*B62*G62,"-") -> 0 | I62: =IFERROR(IF(VLOOKUP(A62,'Payment Dates'!$A:$B,2,FALSE)="monthly",4, MOD(MONTH(VLOOKUP(A62,'Payment Dates'!$A:$B,2,FALSE)),3)), "-") -> 0 | J62: =IFERROR(VLOOKUP(A62,'Detailed Dashboard'!$A:$AD,10,FALSE),"-") -> 0 | K62: =IFERROR(VLOOKUP(A26,'Detailed Dashboard'!$A:$AD,7,FALSE),"-") -> 0 | L62: =IFERROR(VLOOKUP(A26,'Detailed Dashboard'!$A:$AD,8,FALSE),"-") -> 0 | M62: =IFERROR(VLOOKUP(A26,'Detailed Dashboard'!$A:$AD,9,FALSE),"-") -> 0
C63: =IFERROR(VLOOKUP(A63,'Detailed Dashboard'!$A:$AD,19,FALSE),"-") -> 0 | D63: =IFERROR(F63/SUM($F$2:$F$51),"-") -> 0 | E63: =IFERROR(VLOOKUP(A63,'Detailed Dashboard'!$A:$AD,3,FALSE),"-") -> 0 | F63: =IFERROR(E63*B63,"-") -> 0 | G63: =IFERROR(VLOOKUP(A63,'Detailed Dashboard'!$A:$AD,6,FALSE),"-") -> 0 | H63: =IFERROR(E63*B63*G63,"-") -> 0 | I63: =IFERROR(IF(VLOOKUP(A63,'Payment Dates'!$A:$B,2,FALSE)="monthly",4, MOD(MONTH(VLOOKUP(A63,'Payment Dates'!$A:$B,2,FALSE)),3)), "-") -> 0 | J63: =IFERROR(VLOOKUP(A63,'Detailed Dashboard'!$A:$AD,10,FALSE),"-") -> 0 | K63: =IFERROR(VLOOKUP(A26,'Detailed Dashboard'!$A:$AD,7,FALSE),"-") -> 0 | L63: =IFERROR(VLOOKUP(A26,'Detailed Dashboard'!$A:$AD,8,FALSE),"-") -> 0 | M63: =IFERROR(VLOOKUP(A26,'Detailed Dashboard'!$A:$AD,9,FALSE),"-") -> 0
C64: =IFERROR(VLOOKUP(A64,'Detailed Dashboard'!$A:$AD,19,FALSE),"-") -> 0 | D64: =IFERROR(F64/SUM($F$2:$F$51),"-") -> 0 | E64: =IFERROR(VLOOKUP(A64,'Detailed Dashboard'!$A:$AD,3,FALSE),"-") -> 0 | F64: =IFERROR(E64*B64,"-") -> 0 | G64: =IFERROR(VLOOKUP(A64,'Detailed Dashboard'!$A:$AD,6,FALSE),"-") -> 0 | H64: =IFERROR(E64*B64*G64,"-") -> 0 | I64: =IFERROR(IF(VLOOKUP(A64,'Payment Dates'!$A:$B,2,FALSE)="monthly",4, MOD(MONTH(VLOOKUP(A64,'Payment Dates'!$A:$B,2,FALSE)),3)), "-") -> 0 | J64: =IFERROR(VLOOKUP(A64,'Detailed Dashboard'!$A:$AD,10,FALSE),"-") -> 0 | K64: =IFERROR(VLOOKUP(A26,'Detailed Dashboard'!$A:$AD,7,FALSE),"-") -> 0 | L64: =IFERROR(VLOOKUP(A26,'Detailed Dashboard'!$A:$AD,8,FALSE),"-") -> 0 | M64: =IFERROR(VLOOKUP(A26,'Detailed Dashboard'!$A:$AD,9,FALSE),"-") -> 0
C65: =IFERROR(VLOOKUP(A65,'Detailed Dashboard'!$A:$AD,19,FALSE),"-") -> 0 | D65: =IFERROR(F65/SUM($F$2:$F$51),"-") -> 0 | E65: =IFERROR(VLOOKUP(A65,'Detailed Dashboard'!$A:$AD,3,FALSE),"-") -> 0 | F65: =IFERROR(E65*B65,"-") -> 0 | G65: =IFERROR(VLOOKUP(A65,'Detailed Dashboard'!$A:$AD,6,FALSE),"-") -> 0 | H65: =IFERROR(E65*B65*G65,"-") -> 0 | I65: =IFERROR(IF(VLOOKUP(A65,'Payment Dates'!$A:$B,2,FALSE)="monthly",4, MOD(MONTH(VLOOKUP(A65,'Payment Dates'!$A:$B,2,FALSE)),3)), "-") -> 0 | J65: =IFERROR(VLOOKUP(A65,'Detailed Dashboard'!$A:$AD,10,FALSE),"-") -> 0 | K65: =IFERROR(VLOOKUP(A26,'Detailed Dashboard'!$A:$AD,7,FALSE),"-") -> 0 | L65: =IFERROR(VLOOKUP(A26,'Detailed Dashboard'!$A:$AD,8,FALSE),"-") -> 0 | M65: =IFERROR(VLOOKUP(A26,'Detailed Dashboard'!$A:$AD,9,FALSE),"-") -> 0
C66: =IFERROR(VLOOKUP(A66,'Detailed Dashboard'!$A:$AD,19,FALSE),"-") -> 0 | D66: =IFERROR(F66/SUM($F$2:$F$51),"-") -> 0 | E66: =IFERROR(VLOOKUP(A66,'Detailed Dashboard'!$A:$AD,3,FALSE),"-") -> 0 | F66: =IFERROR(E66*B66,"-") -> 0 | G66: =IFERROR(VLOOKUP(A66,'Detailed Dashboard'!$A:$AD,6,FALSE),"-") -> 0 | H66: =IFERROR(E66*B66*G66,"-") -> 0 | I66: =IFERROR(IF(VLOOKUP(A66,'Payment Dates'!$A:$B,2,FALSE)="monthly",4, MOD(MONTH(VLOOKUP(A66,'Payment Dates'!$A:$B,2,FALSE)),3)), "-") -> 0 | J66: =IFERROR(VLOOKUP(A66,'Detailed Dashboard'!$A:$AD,10,FALSE),"-") -> 0 | K66: =IFERROR(VLOOKUP(A26,'Detailed Dashboard'!$A:$AD,7,FALSE),"-") -> 0 | L66: =IFERROR(VLOOKUP(A26,'Detailed Dashboard'!$A:$AD,8,FALSE),"-") -> 0 | M66: =IFERROR(VLOOKUP(A26,'Detailed Dashboard'!$A:$AD,9,FALSE),"-") -> 0
C67: =IFERROR(VLOOKUP(A67,'Detailed Dashboard'!$A:$AD,19,FALSE),"-") -> 0 | D67: =IFERROR(F67/SUM($F$2:$F$51),"-") -> 0 | E67: =IFERROR(VLOOKUP(A67,'Detailed Dashboard'!$A:$AD,3,FALSE),"-") -> 0 | F67: =IFERROR(E67*B67,"-") -> 0 | G67: =IFERROR(VLOOKUP(A67,'Detailed Dashboard'!$A:$AD,6,FALSE),"-") -> 0 | H67: =IFERROR(E67*B67*G67,"-") -> 0 | I67: =IFERROR(IF(VLOOKUP(A67,'Payment Dates'!$A:$B,2,FALSE)="monthly",4, MOD(MONTH(VLOOKUP(A67,'Payment Dates'!$A:$B,2,FALSE)),3)), "-") -> 0 | J67: =IFERROR(VLOOKUP(A67,'Detailed Dashboard'!$A:$AD,10,FALSE),"-") -> 0 | K67: =IFERROR(VLOOKUP(A26,'Detailed Dashboard'!$A:$AD,7,FALSE),"-") -> 0 | L67: =IFERROR(VLOOKUP(A26,'Detailed Dashboard'!$A:$AD,8,FALSE),"-") -> 0 | M67: =IFERROR(VLOOKUP(A26,'Detailed Dashboard'!$A:$AD,9,FALSE),"-") -> 0
C68: =IFERROR(VLOOKUP(A68,'Detailed Dashboard'!$A:$AD,19,FALSE),"-") -> 0 | D68: =IFERROR(F68/SUM($F$2:$F$51),"-") -> 0 | E68: =IFERROR(VLOOKUP(A68,'Detailed Dashboard'!$A:$AD,3,FALSE),"-") -> 0 | F68: =IFERROR(E68*B68,"-") -> 0 | G68: =IFERROR(VLOOKUP(A68,'Detailed Dashboard'!$A:$AD,6,FALSE),"-") -> 0 | H68: =IFERROR(E68*B68*G68,"-") -> 0 | I68: =IFERROR(IF(VLOOKUP(A68,'Payment Dates'!$A:$B,2,FALSE)="monthly",4, MOD(MONTH(VLOOKUP(A68,'Payment Dates'!$A:$B,2,FALSE)),3)), "-") -> 0 | J68: =IFERROR(VLOOKUP(A68,'Detailed Dashboard'!$A:$AD,10,FALSE),"-") -> 0 | K68: =IFERROR(VLOOKUP(A26,'Detailed Dashboard'!$A:$AD,7,FALSE),"-") -> 0 | L68: =IFERROR(VLOOKUP(A26,'Detailed Dashboard'!$A:$AD,8,FALSE),"-") -> 0 | M68: =IFERROR(VLOOKUP(A26,'Detailed Dashboard'!$A:$AD,9,FALSE),"-") -> 0
C69: =IFERROR(VLOOKUP(A69,'Detailed Dashboard'!$A:$AD,19,FALSE),"-") -> 0 | D69: =IFERROR(F69/SUM($F$2:$F$51),"-") -> 0 | E69: =IFERROR(VLOOKUP(A69,'Detailed Dashboard'!$A:$AD,3,FALSE),"-") -> 0 | F69: =IFERROR(E69*B69,"-") -> 0 | G69: =IFERROR(VLOOKUP(A69,'Detailed Dashboard'!$A:$AD,6,FALSE),"-") -> 0 | H69: =IFERROR(E69*B69*G69,"-") -> 0 | I69: =IFERROR(IF(VLOOKUP(A69,'Payment Dates'!$A:$B,2,FALSE)="monthly",4, MOD(MONTH(VLOOKUP(A69,'Payment Dates'!$A:$B,2,FALSE)),3)), "-") -> 0 | J69: =IFERROR(VLOOKUP(A69,'Detailed Dashboard'!$A:$AD,10,FALSE),"-") -> 0 | K69: =IFERROR(VLOOKUP(A26,'Detailed Dashboard'!$A:$AD,7,FALSE),"-") -> 0 | L69: =IFERROR(VLOOKUP(A26,'Detailed Dashboard'!$A:$AD,8,FALSE),"-") -> 0 | M69: =IFERROR(VLOOKUP(A26,'Detailed Dashboard'!$A:$AD,9,FALSE),"-") -> 0
C70: =IFERROR(VLOOKUP(A70,'Detailed Dashboard'!$A:$AD,19,FALSE),"-") -> 0 | D70: =IFERROR(F70/SUM($F$2:$F$51),"-") -> 0 | E70: =IFERROR(VLOOKUP(A70,'Detailed Dashboard'!$A:$AD,3,FALSE),"-") -> 0 | F70: =IFERROR(E70*B70,"-") -> 0 | G70: =IFERROR(VLOOKUP(A70,'Detailed Dashboard'!$A:$AD,6,FALSE),"-") -> 0 | H70: =IFERROR(E70*B70*G70,"-") -> 0 | I70: =IFERROR(IF(VLOOKUP(A70,'Payment Dates'!$A:$B,2,FALSE)="monthly",4, MOD(MONTH(VLOOKUP(A70,'Payment Dates'!$A:$B,2,FALSE)),3)), "-") -> 0 | J70: =IFERROR(VLOOKUP(A70,'Detailed Dashboard'!$A:$AD,10,FALSE),"-") -> 0 | K70: =IFERROR(VLOOKUP(A26,'Detailed Dashboard'!$A:$AD,7,FALSE),"-") -> 0 | L70: =IFERROR(VLOOKUP(A26,'Detailed Dashboard'!$A:$AD,8,FALSE),"-") -> 0 | M70: =IFERROR(VLOOKUP(A26,'Detailed Dashboard'!$A:$AD,9,FALSE),"-") -> 0
C71: =IFERROR(VLOOKUP(A71,'Detailed Dashboard'!$A:$AD,19,FALSE),"-") -> 0 | D71: =IFERROR(F71/SUM($F$2:$F$51),"-") -> 0 | E71: =IFERROR(VLOOKUP(A71,'Detailed Dashboard'!$A:$AD,3,FALSE),"-") -> 0 | F71: =IFERROR(E71*B71,"-") -> 0 | G71: =IFERROR(VLOOKUP(A71,'Detailed Dashboard'!$A:$AD,6,FALSE),"-") -> 0 | H71: =IFERROR(E71*B71*G71,"-") -> 0 | I71: =IFERROR(IF(VLOOKUP(A71,'Payment Dates'!$A:$B,2,FALSE)="monthly",4, MOD(MONTH(VLOOKUP(A71,'Payment Dates'!$A:$B,2,FALSE)),3)), "-") -> 0 | J71: =IFERROR(VLOOKUP(A71,'Detailed Dashboard'!$A:$AD,10,FALSE),"-") -> 0 | K71: =IFERROR(VLOOKUP(A26,'Detailed Dashboard'!$A:$AD,7,FALSE),"-") -> 0 | L71: =IFERROR(VLOOKUP(A26,'Detailed Dashboard'!$A:$AD,8,FALSE),"-") -> 0 | M71: =IFERROR(VLOOKUP(A26,'Detailed Dashboard'!$A:$AD,9,FALSE),"-") -> 0
C72: =IFERROR(VLOOKUP(A72,'Detailed Dashboard'!$A:$AD,19,FALSE),"-") -> 0 | D72: =IFERROR(F72/SUM($F$2:$F$51),"-") -> 0 | E72: =IFERROR(VLOOKUP(A72,'Detailed Dashboard'!$A:$AD,3,FALSE),"-") -> 0 | F72: =IFERROR(E72*B72,"-") -> 0 | G72: =IFERROR(VLOOKUP(A72,'Detailed Dashboard'!$A:$AD,6,FALSE),"-") -> 0 | H72: =IFERROR(E72*B72*G72,"-") -> 0 | I72: =IFERROR(IF(VLOOKUP(A72,'Payment Dates'!$A:$B,2,FALSE)="monthly",4, MOD(MONTH(VLOOKUP(A72,'Payment Dates'!$A:$B,2,FALSE)),3)), "-") -> 0 | J72: =IFERROR(VLOOKUP(A72,'Detailed Dashboard'!$A:$AD,10,FALSE),"-") -> 0 | K72: =IFERROR(VLOOKUP(A26,'Detailed Dashboard'!$A:$AD,7,FALSE),"-") -> 0 | L72: =IFERROR(VLOOKUP(A26,'Detailed Dashboard'!$A:$AD,8,FALSE),"-") -> 0 | M72: =IFERROR(VLOOKUP(A26,'Detailed Dashboard'!$A:$AD,9,FALSE),"-") -> 0
C73: =IFERROR(VLOOKUP(A73,'Detailed Dashboard'!$A:$AD,19,FALSE),"-") -> 0 | D73: =IFERROR(F73/SUM($F$2:$F$51),"-") -> 0 | E73: =IFERROR(VLOOKUP(A73,'Detailed Dashboard'!$A:$AD,3,FALSE),"-") -> 0 | F73: =IFERROR(E73*B73,"-") -> 0 | G73: =IFERROR(VLOOKUP(A73,'Detailed Dashboard'!$A:$AD,6,FALSE),"-") -> 0 | H73: =IFERROR(E73*B73*G73,"-") -> 0 | I73: =IFERROR(IF(VLOOKUP(A73,'Payment Dates'!$A:$B,2,FALSE)="monthly",4, MOD(MONTH(VLOOKUP(A73,'Payment Dates'!$A:$B,2,FALSE)),3)), "-") -> 0 | J73: =IFERROR(VLOOKUP(A73,'Detailed Dashboard'!$A:$AD,10,FALSE),"-") -> 0 | K73: =IFERROR(VLOOKUP(A26,'Detailed Dashboard'!$A:$AD,7,FALSE),"-") -> 0 | L73: =IFERROR(VLOOKUP(A26,'Detailed Dashboard'!$A:$AD,8,FALSE),"-") -> 0 | M73: =IFERROR(VLOOKUP(A26,'Detailed Dashboard'!$A:$AD,9,FALSE),"-") -> 0
C74: =IFERROR(VLOOKUP(A74,'Detailed Dashboard'!$A:$AD,19,FALSE),"-") -> 0 | D74: =IFERROR(F74/SUM($F$2:$F$51),"-") -> 0 | E74: =IFERROR(VLOOKUP(A74,'Detailed Dashboard'!$A:$AD,3,FALSE),"-") -> 0 | F74: =IFERROR(E74*B74,"-") -> 0 | G74: =IFERROR(VLOOKUP(A74,'Detailed Dashboard'!$A:$AD,6,FALSE),"-") -> 0 | H74: =IFERROR(E74*B74*G74,"-") -> 0 | I74: =IFERROR(IF(VLOOKUP(A74,'Payment Dates'!$A:$B,2,FALSE)="monthly",4, MOD(MONTH(VLOOKUP(A74,'Payment Dates'!$A:$B,2,FALSE)),3)), "-") -> 0 | J74: =IFERROR(VLOOKUP(A74,'Detailed Dashboard'!$A:$AD,10,FALSE),"-") -> 0 | K74: =IFERROR(VLOOKUP(A26,'Detailed Dashboard'!$A:$AD,7,FALSE),"-") -> 0 | L74: =IFERROR(VLOOKUP(A26,'Detailed Dashboard'!$A:$AD,8,FALSE),"-") -> 0 | M74: =IFERROR(VLOOKUP(A26,'Detailed Dashboard'!$A:$AD,9,FALSE),"-") -> 0
C75: =IFERROR(VLOOKUP(A75,'Detailed Dashboard'!$A:$AD,19,FALSE),"-") -> 0 | D75: =IFERROR(F75/SUM($F$2:$F$51),"-") -> 0 | E75: =IFERROR(VLOOKUP(A75,'Detailed Dashboard'!$A:$AD,3,FALSE),"-") -> 0 | F75: =IFERROR(E75*B75,"-") -> 0 | G75: =IFERROR(VLOOKUP(A75,'Detailed Dashboard'!$A:$AD,6,FALSE),"-") -> 0 | H75: =IFERROR(E75*B75*G75,"-") -> 0 | I75: =IFERROR(IF(VLOOKUP(A75,'Payment Dates'!$A:$B,2,FALSE)="monthly",4, MOD(MONTH(VLOOKUP(A75,'Payment Dates'!$A:$B,2,FALSE)),3)), "-") -> 0 | J75: =IFERROR(VLOOKUP(A75,'Detailed Dashboard'!$A:$AD,10,FALSE),"-") -> 0 | K75: =IFERROR(VLOOKUP(A26,'Detailed Dashboard'!$A:$AD,7,FALSE),"-") -> 0 | L75: =IFERROR(VLOOKUP(A26,'Detailed Dashboard'!$A:$AD,8,FALSE),"-") -> 0 | M75: =IFERROR(VLOOKUP(A26,'Detailed Dashboard'!$A:$AD,9,FALSE),"-") -> 0
C76: =IFERROR(VLOOKUP(A76,'Detailed Dashboard'!$A:$AD,19,FALSE),"-") -> 0 | D76: =IFERROR(F76/SUM($F$2:$F$51),"-") -> 0 | E76: =IFERROR(VLOOKUP(A76,'Detailed Dashboard'!$A:$AD,3,FALSE),"-") -> 0 | F76: =IFERROR(E76*B76,"-") -> 0 | G76: =IFERROR(VLOOKUP(A76,'Detailed Dashboard'!$A:$AD,6,FALSE),"-") -> 0 | H76: =IFERROR(E76*B76*G76,"-") -> 0 | I76: =IFERROR(IF(VLOOKUP(A76,'Payment Dates'!$A:$B,2,FALSE)="monthly",4, MOD(MONTH(VLOOKUP(A76,'Payment Dates'!$A:$B,2,FALSE)),3)), "-") -> 0 | J76: =IFERROR(VLOOKUP(A76,'Detailed Dashboard'!$A:$AD,10,FALSE),"-") -> 0 | K76: =IFERROR(VLOOKUP(A26,'Detailed Dashboard'!$A:$AD,7,FALSE),"-") -> 0 | L76: =IFERROR(VLOOKUP(A26,'Detailed Dashboard'!$A:$AD,8,FALSE),"-") -> 0 | M76: =IFERROR(VLOOKUP(A26,'Detailed Dashboard'!$A:$AD,9,FALSE),"-") -> 0
C77: =IFERROR(VLOOKUP(A77,'Detailed Dashboard'!$A:$AD,19,FALSE),"-") -> 0 | D77: =IFERROR(F77/SUM($F$2:$F$51),"-") -> 0 | E77: =IFERROR(VLOOKUP(A77,'Detailed Dashboard'!$A:$AD,3,FALSE),"-") -> 0 | F77: =IFERROR(E77*B77,"-") -> 0 | G77: =IFERROR(VLOOKUP(A77,'Detailed Dashboard'!$A:$AD,6,FALSE),"-") -> 0 | H77: =IFERROR(E77*B77*G77,"-") -> 0 | I77: =IFERROR(IF(VLOOKUP(A77,'Payment Dates'!$A:$B,2,FALSE)="monthly",4, MOD(MONTH(VLOOKUP(A77,'Payment Dates'!$A:$B,2,FALSE)),3)), "-") -> 0 | J77: =IFERROR(VLOOKUP(A77,'Detailed Dashboard'!$A:$AD,10,FALSE),"-") -> 0 | K77: =IFERROR(VLOOKUP(A26,'Detailed Dashboard'!$A:$AD,7,FALSE),"-") -> 0 | L77: =IFERROR(VLOOKUP(A26,'Detailed Dashboard'!$A:$AD,8,FALSE),"-") -> 0 | M77: =IFERROR(VLOOKUP(A26,'Detailed Dashboard'!$A:$AD,9,FALSE),"-") -> 0
C78: =IFERROR(VLOOKUP(A78,'Detailed Dashboard'!$A:$AD,19,FALSE),"-") -> 0 | D78: =IFERROR(F78/SUM($F$2:$F$51),"-") -> 0 | E78: =IFERROR(VLOOKUP(A78,'Detailed Dashboard'!$A:$AD,3,FALSE),"-") -> 0 | F78: =IFERROR(E78*B78,"-") -> 0 | G78: =IFERROR(VLOOKUP(A78,'Detailed Dashboard'!$A:$AD,6,FALSE),"-") -> 0 | H78: =IFERROR(E78*B78*G78,"-") -> 0 | I78: =IFERROR(IF(VLOOKUP(A78,'Payment Dates'!$A:$B,2,FALSE)="monthly",4, MOD(MONTH(VLOOKUP(A78,'Payment Dates'!$A:$B,2,FALSE)),3)), "-") -> 0 | J78: =IFERROR(VLOOKUP(A78,'Detailed Dashboard'!$A:$AD,10,FALSE),"-") -> 0 | K78: =IFERROR(VLOOKUP(A26,'Detailed Dashboard'!$A:$AD,7,FALSE),"-") -> 0 | L78: =IFERROR(VLOOKUP(A26,'Detailed Dashboard'!$A:$AD,8,FALSE),"-") -> 0 | M78: =IFERROR(VLOOKUP(A26,'Detailed Dashboard'!$A:$AD,9,FALSE),"-") -> 0
C79: =IFERROR(VLOOKUP(A79,'Detailed Dashboard'!$A:$AD,19,FALSE),"-") -> 0 | D79: =IFERROR(F79/SUM($F$2:$F$51),"-") -> 0 | E79: =IFERROR(VLOOKUP(A79,'Detailed Dashboard'!$A:$AD,3,FALSE),"-") -> 0 | F79: =IFERROR(E79*B79,"-") -> 0 | G79: =IFERROR(VLOOKUP(A79,'Detailed Dashboard'!$A:$AD,6,FALSE),"-") -> 0 | H79: =IFERROR(E79*B79*G79,"-") -> 0 | I79: =IFERROR(IF(VLOOKUP(A79,'Payment Dates'!$A:$B,2,FALSE)="monthly",4, MOD(MONTH(VLOOKUP(A79,'Payment Dates'!$A:$B,2,FALSE)),3)), "-") -> 0 | J79: =IFERROR(VLOOKUP(A79,'Detailed Dashboard'!$A:$AD,10,FALSE),"-") -> 0 | K79: =IFERROR(VLOOKUP(A26,'Detailed Dashboard'!$A:$AD,7,FALSE),"-") -> 0 | L79: =IFERROR(VLOOKUP(A26,'Detailed Dashboard'!$A:$AD,8,FALSE),"-") -> 0 | M79: =IFERROR(VLOOKUP(A26,'Detailed Dashboard'!$A:$AD,9,FALSE),"-") -> 0
C80: =IFERROR(VLOOKUP(A80,'Detailed Dashboard'!$A:$AD,19,FALSE),"-") -> 0 | D80: =IFERROR(F80/SUM($F$2:$F$51),"-") -> 0 | E80: =IFERROR(VLOOKUP(A80,'Detailed Dashboard'!$A:$AD,3,FALSE),"-") -> 0 | F80: =IFERROR(E80*B80,"-") -> 0 | G80: =IFERROR(VLOOKUP(A80,'Detailed Dashboard'!$A:$AD,6,FALSE),"-") -> 0 | H80: =IFERROR(E80*B80*G80,"-") -> 0 | I80: =IFERROR(IF(VLOOKUP(A80,'Payment Dates'!$A:$B,2,FALSE)="monthly",4, MOD(MONTH(VLOOKUP(A80,'Payment Dates'!$A:$B,2,FALSE)),3)), "-") -> 0 | J80: =IFERROR(VLOOKUP(A80,'Detailed Dashboard'!$A:$AD,10,FALSE),"-") -> 0 | K80: =IFERROR(VLOOKUP(A26,'Detailed Dashboard'!$A:$AD,7,FALSE),"-") -> 0 | L80: =IFERROR(VLOOKUP(A26,'Detailed Dashboard'!$A:$AD,8,FALSE),"-") -> 0 | M80: =IFERROR(VLOOKUP(A26,'Detailed Dashboard'!$A:$AD,9,FALSE),"-") -> 0
C81: =IFERROR(VLOOKUP(A81,'Detailed Dashboard'!$A:$AD,19,FALSE),"-") -> 0 | D81: =IFERROR(F81/SUM($F$2:$F$51),"-") -> 0 | E81: =IFERROR(VLOOKUP(A81,'Detailed Dashboard'!$A:$AD,3,FALSE),"-") -> 0 | F81: =IFERROR(E81*B81,"-") -> 0 | G81: =IFERROR(VLOOKUP(A81,'Detailed Dashboard'!$A:$AD,6,FALSE),"-") -> 0 | H81: =IFERROR(E81*B81*G81,"-") -> 0 | I81: =IFERROR(IF(VLOOKUP(A81,'Payment Dates'!$A:$B,2,FALSE)="monthly",4, MOD(MONTH(VLOOKUP(A81,'Payment Dates'!$A:$B,2,FALSE)),3)), "-") -> 0 | J81: =IFERROR(VLOOKUP(A81,'Detailed Dashboard'!$A:$AD,10,FALSE),"-") -> 0 | K81: =IFERROR(VLOOKUP(A26,'Detailed Dashboard'!$A:$AD,7,FALSE),"-") -> 0 | L81: =IFERROR(VLOOKUP(A26,'Detailed Dashboard'!$A:$AD,8,FALSE),"-") -> 0 | M81: =IFERROR(VLOOKUP(A26,'Detailed Dashboard'!$A:$AD,9,FALSE),"-") -> 0
C82: =IFERROR(VLOOKUP(A82,'Detailed Dashboard'!$A:$AD,19,FALSE),"-") -> 0 | D82: =IFERROR(F82/SUM($F$2:$F$51),"-") -> 0 | E82: =IFERROR(VLOOKUP(A82,'Detailed Dashboard'!$A:$AD,3,FALSE),"-") -> 0 | F82: =IFERROR(E82*B82,"-") -> 0 | G82: =IFERROR(VLOOKUP(A82,'Detailed Dashboard'!$A:$AD,6,FALSE),"-") -> 0 | H82: =IFERROR(E82*B82*G82,"-") -> 0 | I82: =IFERROR(IF(VLOOKUP(A82,'Payment Dates'!$A:$B,2,FALSE)="monthly",4, MOD(MONTH(VLOOKUP(A82,'Payment Dates'!$A:$B,2,FALSE)),3)), "-") -> 0 | J82: =IFERROR(VLOOKUP(A82,'Detailed Dashboard'!$A:$AD,10,FALSE),"-") -> 0 | K82: =IFERROR(VLOOKUP(A26,'Detailed Dashboard'!$A:$AD,7,FALSE),"-") -> 0 | L82: =IFERROR(VLOOKUP(A26,'Detailed Dashboard'!$A:$AD,8,FALSE),"-") -> 0 | M82: =IFERROR(VLOOKUP(A26,'Detailed Dashboard'!$A:$AD,9,FALSE),"-") -> 0
C83: =IFERROR(VLOOKUP(A83,'Detailed Dashboard'!$A:$AD,19,FALSE),"-") -> 0 | D83: =IFERROR(F83/SUM($F$2:$F$51),"-") -> 0 | E83: =IFERROR(VLOOKUP(A83,'Detailed Dashboard'!$A:$AD,3,FALSE),"-") -> 0 | F83: =IFERROR(E83*B83,"-") -> 0 | G83: =IFERROR(VLOOKUP(A83,'Detailed Dashboard'!$A:$AD,6,FALSE),"-") -> 0 | H83: =IFERROR(E83*B83*G83,"-") -> 0 | I83: =IFERROR(IF(VLOOKUP(A83,'Payment Dates'!$A:$B,2,FALSE)="monthly",4, MOD(MONTH(VLOOKUP(A83,'Payment Dates'!$A:$B,2,FALSE)),3)), "-") -> 0 | J83: =IFERROR(VLOOKUP(A83,'Detailed Dashboard'!$A:$AD,10,FALSE),"-") -> 0 | K83: =IFERROR(VLOOKUP(A26,'Detailed Dashboard'!$A:$AD,7,FALSE),"-") -> 0 | L83: =IFERROR(VLOOKUP(A26,'Detailed Dashboard'!$A:$AD,8,FALSE),"-") -> 0 | M83: =IFERROR(VLOOKUP(A26,'Detailed Dashboard'!$A:$AD,9,FALSE),"-") -> 0
C84: =IFERROR(VLOOKUP(A84,'Detailed Dashboard'!$A:$AD,19,FALSE),"-") -> 0 | D84: =IFERROR(F84/SUM($F$2:$F$51),"-") -> 0 | E84: =IFERROR(VLOOKUP(A84,'Detailed Dashboard'!$A:$AD,3,FALSE),"-") -> 0 | F84: =IFERROR(E84*B84,"-") -> 0 | G84: =IFERROR(VLOOKUP(A84,'Detailed Dashboard'!$A:$AD,6,FALSE),"-") -> 0 | H84: =IFERROR(E84*B84*G84,"-") -> 0 | I84: =IFERROR(IF(VLOOKUP(A84,'Payment Dates'!$A:$B,2,FALSE)="monthly",4, MOD(MONTH(VLOOKUP(A84,'Payment Dates'!$A:$B,2,FALSE)),3)), "-") -> 0 | J84: =IFERROR(VLOOKUP(A84,'Detailed Dashboard'!$A:$AD,10,FALSE),"-") -> 0 | K84: =IFERROR(VLOOKUP(A26,'Detailed Dashboard'!$A:$AD,7,FALSE),"-") -> 0 | L84: =IFERROR(VLOOKUP(A26,'Detailed Dashboard'!$A:$AD,8,FALSE),"-") -> 0 | M84: =IFERROR(VLOOKUP(A26,'Detailed Dashboard'!$A:$AD,9,FALSE),"-") -> 0
C85: =IFERROR(VLOOKUP(A85,'Detailed Dashboard'!$A:$AD,19,FALSE),"-") -> 0 | D85: =IFERROR(F85/SUM($F$2:$F$51),"-") -> 0 | E85: =IFERROR(VLOOKUP(A85,'Detailed Dashboard'!$A:$AD,3,FALSE),"-") -> 0 | F85: =IFERROR(E85*B85,"-") -> 0 | G85: =IFERROR(VLOOKUP(A85,'Detailed Dashboard'!$A:$AD,6,FALSE),"-") -> 0 | H85: =IFERROR(E85*B85*G85,"-") -> 0 | I85: =IFERROR(IF(VLOOKUP(A85,'Payment Dates'!$A:$B,2,FALSE)="monthly",4, MOD(MONTH(VLOOKUP(A85,'Payment Dates'!$A:$B,2,FALSE)),3)), "-") -> 0 | J85: =IFERROR(VLOOKUP(A85,'Detailed Dashboard'!$A:$AD,10,FALSE),"-") -> 0 | K85: =IFERROR(VLOOKUP(A26,'Detailed Dashboard'!$A:$AD,7,FALSE),"-") -> 0 | L85: =IFERROR(VLOOKUP(A26,'Detailed Dashboard'!$A:$AD,8,FALSE),"-") -> 0 | M85: =IFERROR(VLOOKUP(A26,'Detailed Dashboard'!$A:$AD,9,FALSE),"-") -> 0
C86: =IFERROR(VLOOKUP(A86,'Detailed Dashboard'!$A:$AD,19,FALSE),"-") -> 0 | D86: =IFERROR(F86/SUM($F$2:$F$51),"-") -> 0 | E86: =IFERROR(VLOOKUP(A86,'Detailed Dashboard'!$A:$AD,3,FALSE),"-") -> 0 | F86: =IFERROR(E86*B86,"-") -> 0 | G86: =IFERROR(VLOOKUP(A86,'Detailed Dashboard'!$A:$AD,6,FALSE),"-") -> 0 | H86: =IFERROR(E86*B86*G86,"-") -> 0 | I86: =IFERROR(IF(VLOOKUP(A86,'Payment Dates'!$A:$B,2,FALSE)="monthly",4, MOD(MONTH(VLOOKUP(A86,'Payment Dates'!$A:$B,2,FALSE)),3)), "-") -> 0 | J86: =IFERROR(VLOOKUP(A86,'Detailed Dashboard'!$A:$AD,10,FALSE),"-") -> 0 | K86: =IFERROR(VLOOKUP(A26,'Detailed Dashboard'!$A:$AD,7,FALSE),"-") -> 0 | L86: =IFERROR(VLOOKUP(A26,'Detailed Dashboard'!$A:$AD,8,FALSE),"-") -> 0 | M86: =IFERROR(VLOOKUP(A26,'Detailed Dashboard'!$A:$AD,9,FALSE),"-") -> 0
C87: =IFERROR(VLOOKUP(A87,'Detailed Dashboard'!$A:$AD,19,FALSE),"-") -> 0 | D87: =IFERROR(F87/SUM($F$2:$F$51),"-") -> 0 | E87: =IFERROR(VLOOKUP(A87,'Detailed Dashboard'!$A:$AD,3,FALSE),"-") -> 0 | F87: =IFERROR(E87*B87,"-") -> 0 | G87: =IFERROR(VLOOKUP(A87,'Detailed Dashboard'!$A:$AD,6,FALSE),"-") -> 0 | H87: =IFERROR(E87*B87*G87,"-") -> 0 | I87: =IFERROR(IF(VLOOKUP(A87,'Payment Dates'!$A:$B,2,FALSE)="monthly",4, MOD(MONTH(VLOOKUP(A87,'Payment Dates'!$A:$B,2,FALSE)),3)), "-") -> 0 | J87: =IFERROR(VLOOKUP(A87,'Detailed Dashboard'!$A:$AD,10,FALSE),"-") -> 0 | K87: =IFERROR(VLOOKUP(A26,'Detailed Dashboard'!$A:$AD,7,FALSE),"-") -> 0 | L87: =IFERROR(VLOOKUP(A26,'Detailed Dashboard'!$A:$AD,8,FALSE),"-") -> 0 | M87: =IFERROR(VLOOKUP(A26,'Detailed Dashboard'!$A:$AD,9,FALSE),"-") -> 0
C88: =IFERROR(VLOOKUP(A88,'Detailed Dashboard'!$A:$AD,19,FALSE),"-") -> 0 | D88: =IFERROR(F88/SUM($F$2:$F$51),"-") -> 0 | E88: =IFERROR(VLOOKUP(A88,'Detailed Dashboard'!$A:$AD,3,FALSE),"-") -> 0 | F88: =IFERROR(E88*B88,"-") -> 0 | G88: =IFERROR(VLOOKUP(A88,'Detailed Dashboard'!$A:$AD,6,FALSE),"-") -> 0 | H88: =IFERROR(E88*B88*G88,"-") -> 0 | I88: =IFERROR(IF(VLOOKUP(A88,'Payment Dates'!$A:$B,2,FALSE)="monthly",4, MOD(MONTH(VLOOKUP(A88,'Payment Dates'!$A:$B,2,FALSE)),3)), "-") -> 0 | J88: =IFERROR(VLOOKUP(A88,'Detailed Dashboard'!$A:$AD,10,FALSE),"-") -> 0 | K88: =IFERROR(VLOOKUP(A26,'Detailed Dashboard'!$A:$AD,7,FALSE),"-") -> 0 | L88: =IFERROR(VLOOKUP(A26,'Detailed Dashboard'!$A:$AD,8,FALSE),"-") -> 0 | M88: =IFERROR(VLOOKUP(A26,'Detailed Dashboard'!$A:$AD,9,FALSE),"-") -> 0
C89: =IFERROR(VLOOKUP(A89,'Detailed Dashboard'!$A:$AD,19,FALSE),"-") -> 0 | D89: =IFERROR(F89/SUM($F$2:$F$51),"-") -> 0 | E89: =IFERROR(VLOOKUP(A89,'Detailed Dashboard'!$A:$AD,3,FALSE),"-") -> 0 | F89: =IFERROR(E89*B89,"-") -> 0 | G89: =IFERROR(VLOOKUP(A89,'Detailed Dashboard'!$A:$AD,6,FALSE),"-") -> 0 | H89: =IFERROR(E89*B89*G89,"-") -> 0 | I89: =IFERROR(IF(VLOOKUP(A89,'Payment Dates'!$A:$B,2,FALSE)="monthly",4, MOD(MONTH(VLOOKUP(A89,'Payment Dates'!$A:$B,2,FALSE)),3)), "-") -> 0 | J89: =IFERROR(VLOOKUP(A89,'Detailed Dashboard'!$A:$AD,10,FALSE),"-") -> 0 | K89: =IFERROR(VLOOKUP(A26,'Detailed Dashboard'!$A:$AD,7,FALSE),"-") -> 0 | L89: =IFERROR(VLOOKUP(A26,'Detailed Dashboard'!$A:$AD,8,FALSE),"-") -> 0 | M89: =IFERROR(VLOOKUP(A26,'Detailed Dashboard'!$A:$AD,9,FALSE),"-") -> 0
C90: =IFERROR(VLOOKUP(A90,'Detailed Dashboard'!$A:$AD,19,FALSE),"-") -> 0 | D90: =IFERROR(F90/SUM($F$2:$F$51),"-") -> 0 | E90: =IFERROR(VLOOKUP(A90,'Detailed Dashboard'!$A:$AD,3,FALSE),"-") -> 0 | F90: =IFERROR(E90*B90,"-") -> 0 | G90: =IFERROR(VLOOKUP(A90,'Detailed Dashboard'!$A:$AD,6,FALSE),"-") -> 0 | H90: =IFERROR(E90*B90*G90,"-") -> 0 | I90: =IFERROR(IF(VLOOKUP(A90,'Payment Dates'!$A:$B,2,FALSE)="monthly",4, MOD(MONTH(VLOOKUP(A90,'Payment Dates'!$A:$B,2,FALSE)),3)), "-") -> 0 | J90: =IFERROR(VLOOKUP(A90,'Detailed Dashboard'!$A:$AD,10,FALSE),"-") -> 0 | K90: =IFERROR(VLOOKUP(A26,'Detailed Dashboard'!$A:$AD,7,FALSE),"-") -> 0 | L90: =IFERROR(VLOOKUP(A26,'Detailed Dashboard'!$A:$AD,8,FALSE),"-") -> 0 | M90: =IFERROR(VLOOKUP(A26,'Detailed Dashboard'!$A:$AD,9,FALSE),"-") -> 0
C91: =IFERROR(VLOOKUP(A91,'Detailed Dashboard'!$A:$AD,19,FALSE),"-") -> 0 | D91: =IFERROR(F91/SUM($F$2:$F$51),"-") -> 0 | E91: =IFERROR(VLOOKUP(A91,'Detailed Dashboard'!$A:$AD,3,FALSE),"-") -> 0 | F91: =IFERROR(E91*B91,"-") -> 0 | G91: =IFERROR(VLOOKUP(A91,'Detailed Dashboard'!$A:$AD,6,FALSE),"-") -> 0 | H91: =IFERROR(E91*B91*G91,"-") -> 0 | I91: =IFERROR(IF(VLOOKUP(A91,'Payment Dates'!$A:$B,2,FALSE)="monthly",4, MOD(MONTH(VLOOKUP(A91,'Payment Dates'!$A:$B,2,FALSE)),3)), "-") -> 0 | J91: =IFERROR(VLOOKUP(A91,'Detailed Dashboard'!$A:$AD,10,FALSE),"-") -> 0 | K91: =IFERROR(VLOOKUP(A26,'Detailed Dashboard'!$A:$AD,7,FALSE),"-") -> 0 | L91: =IFERROR(VLOOKUP(A26,'Detailed Dashboard'!$A:$AD,8,FALSE),"-") -> 0 | M91: =IFERROR(VLOOKUP(A26,'Detailed Dashboard'!$A:$AD,9,FALSE),"-") -> 0
C92: =IFERROR(VLOOKUP(A92,'Detailed Dashboard'!$A:$AD,19,FALSE),"-") -> 0 | D92: =IFERROR(F92/SUM($F$2:$F$51),"-") -> 0 | E92: =IFERROR(VLOOKUP(A92,'Detailed Dashboard'!$A:$AD,3,FALSE),"-") -> 0 | F92: =IFERROR(E92*B92,"-") -> 0 | G92: =IFERROR(VLOOKUP(A92,'Detailed Dashboard'!$A:$AD,6,FALSE),"-") -> 0 | H92: =IFERROR(E92*B92*G92,"-") -> 0 | I92: =IFERROR(IF(VLOOKUP(A92,'Payment Dates'!$A:$B,2,FALSE)="monthly",4, MOD(MONTH(VLOOKUP(A92,'Payment Dates'!$A:$B,2,FALSE)),3)), "-") -> 0 | J92: =IFERROR(VLOOKUP(A92,'Detailed Dashboard'!$A:$AD,10,FALSE),"-") -> 0 | K92: =IFERROR(VLOOKUP(A26,'Detailed Dashboard'!$A:$AD,7,FALSE),"-") -> 0 | L92: =IFERROR(VLOOKUP(A26,'Detailed Dashboard'!$A:$AD,8,FALSE),"-") -> 0 | M92: =IFERROR(VLOOKUP(A26,'Detailed Dashboard'!$A:$AD,9,FALSE),"-") -> 0
C93: =IFERROR(VLOOKUP(A93,'Detailed Dashboard'!$A:$AD,19,FALSE),"-") -> 0 | D93: =IFERROR(F93/SUM($F$2:$F$51),"-") -> 0 | E93: =IFERROR(VLOOKUP(A93,'Detailed Dashboard'!$A:$AD,3,FALSE),"-") -> 0 | F93: =IFERROR(E93*B93,"-") -> 0 | G93: =IFERROR(VLOOKUP(A93,'Detailed Dashboard'!$A:$AD,6,FALSE),"-") -> 0 | H93: =IFERROR(E93*B93*G93,"-") -> 0 | I93: =IFERROR(IF(VLOOKUP(A93,'Payment Dates'!$A:$B,2,FALSE)="monthly",4, MOD(MONTH(VLOOKUP(A93,'Payment Dates'!$A:$B,2,FALSE)),3)), "-") -> 0 | J93: =IFERROR(VLOOKUP(A93,'Detailed Dashboard'!$A:$AD,10,FALSE),"-") -> 0 | K93: =IFERROR(VLOOKUP(A26,'Detailed Dashboard'!$A:$AD,7,FALSE),"-") -> 0 | L93: =IFERROR(VLOOKUP(A26,'Detailed Dashboard'!$A:$AD,8,FALSE),"-") -> 0 | M93: =IFERROR(VLOOKUP(A26,'Detailed Dashboard'!$A:$AD,9,FALSE),"-") -> 0
C94: =IFERROR(VLOOKUP(A94,'Detailed Dashboard'!$A:$AD,19,FALSE),"-") -> 0 | D94: =IFERROR(F94/SUM($F$2:$F$51),"-") -> 0 | E94: =IFERROR(VLOOKUP(A94,'Detailed Dashboard'!$A:$AD,3,FALSE),"-") -> 0 | F94: =IFERROR(E94*B94,"-") -> 0 | G94: =IFERROR(VLOOKUP(A94,'Detailed Dashboard'!$A:$AD,6,FALSE),"-") -> 0 | H94: =IFERROR(E94*B94*G94,"-") -> 0 | I94: =IFERROR(IF(VLOOKUP(A94,'Payment Dates'!$A:$B,2,FALSE)="monthly",4, MOD(MONTH(VLOOKUP(A94,'Payment Dates'!$A:$B,2,FALSE)),3)), "-") -> 0 | J94: =IFERROR(VLOOKUP(A94,'Detailed Dashboard'!$A:$AD,10,FALSE),"-") -> 0 | K94: =IFERROR(VLOOKUP(A26,'Detailed Dashboard'!$A:$AD,7,FALSE),"-") -> 0 | L94: =IFERROR(VLOOKUP(A26,'Detailed Dashboard'!$A:$AD,8,FALSE),"-") -> 0 | M94: =IFERROR(VLOOKUP(A26,'Detailed Dashboard'!$A:$AD,9,FALSE),"-") -> 0
C95: =IFERROR(VLOOKUP(A95,'Detailed Dashboard'!$A:$AD,19,FALSE),"-") -> 0 | D95: =IFERROR(F95/SUM($F$2:$F$51),"-") -> 0 | E95: =IFERROR(VLOOKUP(A95,'Detailed Dashboard'!$A:$AD,3,FALSE),"-") -> 0 | F95: =IFERROR(E95*B95,"-") -> 0 | G95: =IFERROR(VLOOKUP(A95,'Detailed Dashboard'!$A:$AD,6,FALSE),"-") -> 0 | H95: =IFERROR(E95*B95*G95,"-") -> 0 | I95: =IFERROR(IF(VLOOKUP(A95,'Payment Dates'!$A:$B,2,FALSE)="monthly",4, MOD(MONTH(VLOOKUP(A95,'Payment Dates'!$A:$B,2,FALSE)),3)), "-") -> 0 | J95: =IFERROR(VLOOKUP(A95,'Detailed Dashboard'!$A:$AD,10,FALSE),"-") -> 0 | K95: =IFERROR(VLOOKUP(A26,'Detailed Dashboard'!$A:$AD,7,FALSE),"-") -> 0 | L95: =IFERROR(VLOOKUP(A26,'Detailed Dashboard'!$A:$AD,8,FALSE),"-") -> 0 | M95: =IFERROR(VLOOKUP(A26,'Detailed Dashboard'!$A:$AD,9,FALSE),"-") -> 0
C96: =IFERROR(VLOOKUP(A96,'Detailed Dashboard'!$A:$AD,19,FALSE),"-") -> 0 | D96: =IFERROR(F96/SUM($F$2:$F$51),"-") -> 0 | E96: =IFERROR(VLOOKUP(A96,'Detailed Dashboard'!$A:$AD,3,FALSE),"-") -> 0 | F96: =IFERROR(E96*B96,"-") -> 0 | G96: =IFERROR(VLOOKUP(A96,'Detailed Dashboard'!$A:$AD,6,FALSE),"-") -> 0 | H96: =IFERROR(E96*B96*G96,"-") -> 0 | I96: =IFERROR(IF(VLOOKUP(A96,'Payment Dates'!$A:$B,2,FALSE)="monthly",4, MOD(MONTH(VLOOKUP(A96,'Payment Dates'!$A:$B,2,FALSE)),3)), "-") -> 0 | J96: =IFERROR(VLOOKUP(A96,'Detailed Dashboard'!$A:$AD,10,FALSE),"-") -> 0 | K96: =IFERROR(VLOOKUP(A26,'Detailed Dashboard'!$A:$AD,7,FALSE),"-") -> 0 | L96: =IFERROR(VLOOKUP(A26,'Detailed Dashboard'!$A:$AD,8,FALSE),"-") -> 0 | M96: =IFERROR(VLOOKUP(A26,'Detailed Dashboard'!$A:$AD,9,FALSE),"-") -> 0
C97: =IFERROR(VLOOKUP(A97,'Detailed Dashboard'!$A:$AD,19,FALSE),"-") -> 0 | D97: =IFERROR(F97/SUM($F$2:$F$51),"-") -> 0 | E97: =IFERROR(VLOOKUP(A97,'Detailed Dashboard'!$A:$AD,3,FALSE),"-") -> 0 | F97: =IFERROR(E97*B97,"-") -> 0 | G97: =IFERROR(VLOOKUP(A97,'Detailed Dashboard'!$A:$AD,6,FALSE),"-") -> 0 | H97: =IFERROR(E97*B97*G97,"-") -> 0 | I97: =IFERROR(IF(VLOOKUP(A97,'Payment Dates'!$A:$B,2,FALSE)="monthly",4, MOD(MONTH(VLOOKUP(A97,'Payment Dates'!$A:$B,2,FALSE)),3)), "-") -> 0 | J97: =IFERROR(VLOOKUP(A97,'Detailed Dashboard'!$A:$AD,10,FALSE),"-") -> 0 | K97: =IFERROR(VLOOKUP(A26,'Detailed Dashboard'!$A:$AD,7,FALSE),"-") -> 0 | L97: =IFERROR(VLOOKUP(A26,'Detailed Dashboard'!$A:$AD,8,FALSE),"-") -> 0 | M97: =IFERROR(VLOOKUP(A26,'Detailed Dashboard'!$A:$AD,9,FALSE),"-") -> 0
C98: =IFERROR(VLOOKUP(A98,'Detailed Dashboard'!$A:$AD,19,FALSE),"-") -> 0 | D98: =IFERROR(F98/SUM($F$2:$F$51),"-") -> 0 | E98: =IFERROR(VLOOKUP(A98,'Detailed Dashboard'!$A:$AD,3,FALSE),"-") -> 0 | F98: =IFERROR(E98*B98,"-") -> 0 | G98: =IFERROR(VLOOKUP(A98,'Detailed Dashboard'!$A:$AD,6,FALSE),"-") -> 0 | H98: =IFERROR(E98*B98*G98,"-") -> 0 | I98: =IFERROR(IF(VLOOKUP(A98,'Payment Dates'!$A:$B,2,FALSE)="monthly",4, MOD(MONTH(VLOOKUP(A98,'Payment Dates'!$A:$B,2,FALSE)),3)), "-") -> 0 | J98: =IFERROR(VLOOKUP(A98,'Detailed Dashboard'!$A:$AD,10,FALSE),"-") -> 0 | K98: =IFERROR(VLOOKUP(A26,'Detailed Dashboard'!$A:$AD,7,FALSE),"-") -> 0 | L98: =IFERROR(VLOOKUP(A26,'Detailed Dashboard'!$A:$AD,8,FALSE),"-") -> 0 | M98: =IFERROR(VLOOKUP(A26,'Detailed Dashboard'!$A:$AD,9,FALSE),"-") -> 0
C99: =IFERROR(VLOOKUP(A99,'Detailed Dashboard'!$A:$AD,19,FALSE),"-") -> 0 | D99: =IFERROR(F99/SUM($F$2:$F$51),"-") -> 0 | E99: =IFERROR(VLOOKUP(A99,'Detailed Dashboard'!$A:$AD,3,FALSE),"-") -> 0 | F99: =IFERROR(E99*B99,"-") -> 0 | G99: =IFERROR(VLOOKUP(A99,'Detailed Dashboard'!$A:$AD,6,FALSE),"-") -> 0 | H99: =IFERROR(E99*B99*G99,"-") -> 0 | I99: =IFERROR(IF(VLOOKUP(A99,'Payment Dates'!$A:$B,2,FALSE)="monthly",4, MOD(MONTH(VLOOKUP(A99,'Payment Dates'!$A:$B,2,FALSE)),3)), "-") -> 0 | J99: =IFERROR(VLOOKUP(A99,'Detailed Dashboard'!$A:$AD,10,FALSE),"-") -> 0 | K99: =IFERROR(VLOOKUP(A26,'Detailed Dashboard'!$A:$AD,7,FALSE),"-") -> 0 | L99: =IFERROR(VLOOKUP(A26,'Detailed Dashboard'!$A:$AD,8,FALSE),"-") -> 0 | M99: =IFERROR(VLOOKUP(A26,'Detailed Dashboard'!$A:$AD,9,FALSE),"-") -> 0
C100: =IFERROR(VLOOKUP(A100,'Detailed Dashboard'!$A:$AD,19,FALSE),"-") -> 0 | D100: =IFERROR(F100/SUM($F$2:$F$51),"-") -> 0 | E100: =IFERROR(VLOOKUP(A100,'Detailed Dashboard'!$A:$AD,3,FALSE),"-") -> 0 | F100: =IFERROR(E100*B100,"-") -> 0 | G100: =IFERROR(VLOOKUP(A100,'Detailed Dashboard'!$A:$AD,6,FALSE),"-") -> 0 | H100: =IFERROR(E100*B100*G100,"-") -> 0 | I100: =IFERROR(IF(VLOOKUP(A100,'Payment Dates'!$A:$B,2,FALSE)="monthly",4, MOD(MONTH(VLOOKUP(A100,'Payment Dates'!$A:$B,2,FALSE)),3)), "-") -> 0 | J100: =IFERROR(VLOOKUP(A100,'Detailed Dashboard'!$A:$AD,10,FALSE),"-") -> 0 | K100: =IFERROR(VLOOKUP(A26,'Detailed Dashboard'!$A:$AD,7,FALSE),"-") -> 0 | L100: =IFERROR(VLOOKUP(A26,'Detailed Dashboard'!$A:$AD,8,FALSE),"-") -> 0 | M100: =IFERROR(VLOOKUP(A26,'Detailed Dashboard'!$A:$AD,9,FALSE),"-") -> 0
...

Sheet Payment Dates
A1: Stock Symbol | B1: Pay Date
A2: LUV | B2: 43838
A3: PTIZF | B3: N/A
A4: PMDKF | B4: N/A
A5: PBNNF | B5: N/A
A6: PTJSF | B6: N/A
A7: SSNLF | B7: N/A
A8: MSBHF | B8: N/A
A9: MZHOF | B9: N/A
A10: SMTUF | B10: N/A
A11: MBFJF | B11: N/A
A12: NTDMF | B12: N/A
A13: CMTDF | B13: N/A
A14: HACBF | B14: N/A
... A49: GPAEF | B49: N/A
A50: KCDMF | B50: 43804
A51: AFBOF | B51: N/A
A52: RCRRF | B52: N/A
A53: GGABF | B53: N/A
A54: MXCHF | B54: N/A
A55: SSDOF | B55: N/A
A56: SWDHF | B56: N/A
A57: YZCHF | B57: N/A
A58: CPKPF | B58: N/A
A59: BUGDF | B59: N/A
A60: SKLKF | B60: N/A
A61: CHBJF | B61: N/A
A62: HYSNF | B62: N/A
A63: COCSF | B63: N/A
A64: WHZT | B64: 43798
A65: LONKF | B65: N/A
A66: RBNTF | B66: N/A
A67: AYYLF | B67: N/A
A68: DIPGF | B68: N/A
A69: HLPPF | B69: N/A
A70: SGHIF | B70: N/A
A71: CRBJF | B71: N/A
A72: LEMB | B72: 43825
A73: SWRBF | B73: N/A
A74: KBDCF | B74: N/A
A75: HNLGF | B75: N/A
A76: RELFF | B76: 43487
A77: CJRCF | B77: N/A
A78: BDOUF | B78: N/A
A79: CTRYF | B79: N/A
A80: COGQF | B80: N/A
A81: TBLMF | B81: N/A
A82: SGPPF | B82: N/A
A83: APTPF | B83: N/A
A84: KIKOF | B84: 43440
A85: CTPCF | B85: N/A
A86: MNHVF | B86: 43787
A87: SCHYF | B87: N/A
A88: PCRBF | B88: N/A
A89: NWSZF | B89: N/A
A90: CHKDJ | B90: 43784
A91: AXFOF | B91: N/A
A92: WYNMF | B92: N/A
A93: BJCHF | B93: N/A
A94: LNGPF | B94: N/A
A95: SWPFF | B95: N/A
A96: LMPMF | B96: N/A
A97: SIOPF | B97: N/A
A98: CBL-PR-D | B98: 43738
A99: CBL-PR-E | B99: 43738
A100: LMLB | B100: 43822
A101: ISFFF | B101: N/A
A102: IDBHF | B102: N/A
A103: LMLP | B103: 43822
A104: SMLP | B104: 43783
A105: CHJHF | B105: N/A
A106: PER | B106: 43794
A107: FMXUF | B107: N/A
A108: XTPEF | B108: N/A
A109: MLYNF | B109: N/A
A110: FBZ | B110: 43830
A111: HJV | B111: 43709
A112: FPAFF | B112: N/A
A113: KTP | B113: 43709
A114: JBR | B114: 43711
A115: JBN | B115: 43709
A116: CHKDP | B116: 43784
A117: PFH | B117: 43709
A118: ADX | B118: 43825
A119: SSAAF | B119: N/A
A120: IG | B120: 43822
A121: CHKVP | B121: 43784
A122: SRRE | B122: 43493
A123: PCCYF | B123: N/A
A124: CHKR | B124: 43798
A125: HEWY | B125: 43808
A126: WPG | B126: 43815
A127: AMJL | B127: 43819
A128: LOIMF | B128: N/A
A129: CHKDG | B129: 43784
A130: CHPXF | B130: N/A
A131: FOSUF | B131: N/A
A132: CRGGF | B132: N/A
A133: DCYHF | B133: N/A
A134: GPOVF | B134: N/A
...

Sheet Notes
A1: Notes
A2: Data Provided by IEX Cloud
A3: Data updated on 2021-10-19
